Workbook
Name gold_price_range: '5-Site Interview | Extraction'!$C$22:$L$22,'5-Site Interview | Extraction'!#REF!,'5-Site Interview | Extraction'!#REF!
Name gold_price_range: '5-Site Interview | Extraction'!$C$22:$L$22,'5-Site Interview | Extraction'!#REF!,'5-Site Interview | Extraction'!#REF!
Name gold_price_range: '5-Site Interview | Processing'!$C$25:$L$25,'5-Site Interview | Processing'!#REF!,'5-Site Interview | Processing'!#REF!
Name gold_price_range: '5-Site Interview | Transport'!#REF!,'5-Site Interview | Transport'!#REF!,'5-Site Interview | Transport'!#REF!
Name gold_price_range: '5-Site Interview | Extraction'!$C$22:$L$22,'5-Site Interview | Extraction'!#REF!,'5-Site Interview | Extraction'!#REF!
Name Gold_Purity_Range: '5-Site Interview | Extraction'!$C$9:$L$9,'5-Site Interview | Extraction'!#REF!,'5-Site Interview | Extraction'!#REF!,'5-Site Interview | Extraction'!#REF!
Name Gold_Purity_Range: '3-Gold Trader'!#REF!,'3-Gold Trader'!#REF!,'3-Gold Trader'!#REF!,'3-Gold Trader'!#REF!
Name Gold_Purity_Range: '5-Site Interview | Extraction'!$C$9:$L$9,'5-Site Interview | Extraction'!#REF!,'5-Site Interview | Extraction'!#REF!,'5-Site Interview | Extraction'!#REF!
Name Gold_Purity_Range: '5-Site Interview | Processing'!$C$9:$L$9,'5-Site Interview | Processing'!#REF!,'5-Site Interview | Processing'!#REF!,'5-Site Interview | Processing'!#REF!
Name Gold_Purity_Range: '5-Site Interview | Transport'!$C$9:$L$9,'5-Site Interview | Transport'!#REF!,'5-Site Interview | Transport'!#REF!,'5-Site Interview | Transport'!#REF!
Name Gold_Purity_Range: '5-Site Interview | Extraction'!$C$9:$L$9,'5-Site Interview | Extraction'!#REF!,'5-Site Interview | Extraction'!#REF!,'5-Site Interview | Extraction'!#REF!
Name goldpricerange: '[1]3-ASGM Site Interviews'!$C$16:$G$16,'[1]3-ASGM Site Interviews'!$C$29:$G$29,'[1]3-ASGM Site Interviews'!$C$43:$G$43
Name goldpricerange_: '[1]3-ASGM Site Interviews'!$C$16:$G$16,'[1]3-ASGM Site Interviews'!$C$29:$G$29,'[1]3-ASGM Site Interviews'!$C$43:$G$43
Name goldpurityrange: '[1]3-ASGM Site Interviews'!$C$8:$G$8,'[1]3-ASGM Site Interviews'!$C$22:$G$22,'[1]3-ASGM Site Interviews'!$C$36:$G$36,'[1]3-ASGM Site Interviews'!$C$50:$G$50
Name graderange: '[1]3-ASGM Site Interviews'!$C$7:$G$7,'[1]3-ASGM Site Interviews'!$C$21:$G$21,'[1]3-ASGM Site Interviews'!$C$35:$G$35,'[1]3-ASGM Site Interviews'!$C$49:$G$49
Name interviewee: 'drop-downs (hidden)'!$A$129:$A$140
Name Ore_Grade_Range: '5-Site Interview | Extraction'!$C$8:$L$8,'5-Site Interview | Extraction'!#REF!,'5-Site Interview | Extraction'!#REF!,'5-Site Interview | Extraction'!#REF!
Name Ore_Grade_Range: '3-Gold Trader'!#REF!,'3-Gold Trader'!$C$8:$H$8,'3-Gold Trader'!#REF!,'3-Gold Trader'!#REF!
Name Ore_Grade_Range: '5-Site Interview | Extraction'!$C$8:$L$8,'5-Site Interview | Extraction'!#REF!,'5-Site Interview | Extraction'!#REF!,'5-Site Interview | Extraction'!#REF!
Name Ore_Grade_Range: '5-Site Interview | Processing'!$C$8:$L$8,'5-Site Interview | Processing'!#REF!,'5-Site Interview | Processing'!#REF!,'5-Site Interview | Processing'!#REF!
Name Ore_Grade_Range: '5-Site Interview | Transport'!$C$8:$L$8,'5-Site Interview | Transport'!#REF!,'5-Site Interview | Transport'!#REF!,'5-Site Interview | Transport'!#REF!
Name Ore_Grade_Range: '5-Site Interview | Extraction'!$C$8:$L$8,'5-Site Interview | Extraction'!#REF!,'5-Site Interview | Extraction'!#REF!,'5-Site Interview | Extraction'!#REF!
Name oregraderange: '[1]3-ASGM Site Interviews'!$C$7:$G$7,'[1]3-ASGM Site Interviews'!$C$21:$G$21,'[1]3-ASGM Site Interviews'!$C$35:$G$35,'[1]3-ASGM Site Interviews'!$C$49:$G$49
Name price_gold: '5-Site Interview | Extraction'!$C$22:$L$22,'5-Site Interview | Extraction'!#REF!,'5-Site Interview | Extraction'!#REF!
Name price_gold: '5-Site Interview | Extraction'!$C$22:$L$22,'5-Site Interview | Extraction'!#REF!,'5-Site Interview | Extraction'!#REF!
Name price_gold: '5-Site Interview | Processing'!$C$25:$L$25,'5-Site Interview | Processing'!#REF!,'5-Site Interview | Processing'!#REF!
Name price_gold: '5-Site Interview | Transport'!#REF!,'5-Site Interview | Transport'!#REF!,'5-Site Interview | Transport'!#REF!
Name price_gold: '5-Site Interview | Extraction'!$C$22:$L$22,'5-Site Interview | Extraction'!#REF!,'5-Site Interview | Extraction'!#REF!
Name purityrange: '[1]3-ASGM Site Interviews'!$C$8:$G$8,'[1]3-ASGM Site Interviews'!$C$22:$G$22,'[1]3-ASGM Site Interviews'!$C$36:$G$36,'[1]3-ASGM Site Interviews'!$C$50:$G$50
Name SiteType: 'drop-downs (hidden)'!$A$124:$A$126
Name stakeholder_list: 'drop-downs (hidden)'!$A$129:$A$142
Name stakeholderlist: 'drop-downs (hidden)'!$A$128:$A$142

Sheet 0-Unit Conversion Tool
A1: Conversion Tool: Informal Units to ISO Units
B3: * The ASGM baseline workbook operates in SI units. Ensure that your data is converted to SI units before entering it.
B4: For example, an ore grade unit of blades/sack must be converted to g/T before entering it in the following sheets.
C6: Quantity of Gold | H6: example
D7: informal unit for weight of gold | E7: blade | I7: blade
D8: grams per informal unit for weight of gold | E8: 1.3 | F8: =" g/"&E7 -> g/blade | I8: 1.3 | J8: g/blade
D10: ="weight of gold, in informal units ("&E7&")" -> weight of gold, in informal units (blade) | E10: 10 | F10: =" "&E7&"s" -> blades | I10: 10 | J10: blades
D11: weight of gold, in grams (g) | E11: =E8*E10 -> 13 | F11: g | I11: 13 | J11: g
C13: Purity of Gold
D14: gold purity in karats | E14: 18 | F14: K | I14: 18 | J14: K
D15: gold purity in % | E15: =IFERROR(IF(E14/24=0,"n/a",E14/24),"n/a") -> 0.75 | I15: =I14/24 -> 0.75
C17: Quantity of Ore | H17: example
D18: informal unit for weight of ore | E18: sack | I18: sack
D19: kg per informal unit for weight of ore | E19: 60 | F19: =" kg/"&E18 -> kg/sack | I19: 60 | J19: kg/sack
D20: tonnes informal unit for weight of ore | E20: =IFERROR(IF(E19/1000=0,"n/a",E19/1000),"n/a") -> 0.06 | F20: =" T/"&E18 -> T/sack | I20: =I19/1000 -> 0.06 | J20: T/sack
D22: ="weight of ore, in informal units ("&E18&")" -> weight of ore, in informal units (sack) | E22: 100 | F22: =" "&E18&"s" -> sacks | I22: 100 | J22: sacks
D23: weight of ore, in tonnes (T) | E23: =IFERROR(IF(E20*E22=0,"n/a",E20*E22),"n/a") -> 6 | F23: T | I23: 6 | J23: T
C25: Grade of Ore
D26: informal unit for ore grade | E26: g/sack | I26: g/sack
D27: unit for weight of gold | E27: g | I27: g
D28: ="grams per unit of gold weight ("&E27&")" -> grams per unit of gold weight (g) | E28: 1 | F28: =" g/"&E27 -> g/g | I28: 1 | J28: g/g
D29: unit for weight of ore | E29: sack | I29: sack
D30: ="tonnes per unit of ore weight ("&E29&")" -> tonnes per unit of ore weight (sack) | E30: 0.06 | F30: =" T/"&E29 -> T/sack | I30: 0.06 | J30: T/sack
D32: ="ore grade in informal units ("&E27&"/"&E29&")" -> ore grade in informal units (g/sack) | E32: 2 | F32: =" "&E26 -> g/sack | I32: 2 | J32: g/sack
D33: ore grade in ISO units (g/T) | E33: =IFERROR(E32*E28/E30,"n/a") -> 33.333333 | F33: g/T | I33: 16.666667 | J33: g/T

Sheet 1-Location Info
A1: ="ASGM Site: "&C3&" | Location Information" -> ASGM Site: Placerton | Location Information
B3: ASGM Site | C3: Placerton | D3: Associted Communities | E3: Korfalo Village
B4: Concession/Mining Title | C4: - | D4: County / District | E4: Malika District
B5: ASGM Mining Region | C5: Goldu | D5: Province / State / Depertment | E5: Goldu Province
B6: Lat | C6: 1.216667 | D6: Country | E6: Goldaguay
B7: Long | C7: 123.5
B8: GPS device & datum | C8: Trimble handheld GPS, NAD83
B10: Date(s) of data collection | C10: Oct 26-30, 2017 | D10: Name of field researcher(s) | E10: Marie Cooke
B12: Site contact(s): name | C12: Ana Fleur | D12: Eli Strong | E12: Jimmy Jones
B13: role | C13: Community Chief | D13: Mining Coordinator | E13: Cooperative Leader
B14: phone number | C14: 1(234)567-1234 | D14: 1(234)567-8910
B15: email | E15: jjones@email.com

Sheet 2-Community
A1: ="ASGM Site: "&'1-Location Info'!C3&" | Information from nearby Mining Communities" -> ASGM Site: Placerton | Information from nearby Mining Communities
A2: Data Collection Form "Community Interview"
B4: Location & Access
C6: Community 1 | F6: Community 2 | I6: Community 3
B7: community name | C7: Korfalo Village
B8: general description (location, size, proximity and direction to ASGM site(s), etc.) | C8: Small mining community bordered on the west by mountain in which hard rock extraction occurs. ~ 100 km south of two large open pit extraction sites.
B9: access (Describe route, river access/names, road type, condition) | C9: Access using 4x4 vehicle. North from Favar City. 300 km on paved road, followed by 200 km on rough dirt roads. Roads flood Sept through Jan.
B11: Community Demographics
C12: M | D12: W | E12: Y | F12: M | G12: W | H12: Y | I12: M | J12: W | K12: Y
B13: estimated community population (M|W|Y)
B14: gender of community leader(s) (M|W)
B16: typical occupation - Male | C16: miner
B17: average income - Male | C17: 5000USD
B18: typical occupation - Female | C18: shop owner, home maker
B19: average income - Female | C19: 10000USD
B20: education facilities | C20: school
B21: health facilities | C21: medical clinic
B22: other facilities (e.g., market, bank, insurance branch, temple, mosque, church) | C22: market, bank, temple
B23: occupation notes | C23: Women: teachers, health care workers, shop owners, farmers, pit/shaft owners, processing centre owners. Men: miners, health care workers, shop owners, farmers, gold traders, pit/shaft owners, processing centre owners, security workers, transport workers.
B24: community governance (police, mayor, council, other authority) | C24: Community chief (Ana Fluer), 6-person council (3 men, 3 women), security workers
B26: Other Information
B28: other information

Sheet 3-Gold Trader
A1: ="ASGM Site: "&'1-Location Info'!C3&" | Gold Trader Interviews" -> ASGM Site: Placerton | Gold Trader Interviews
A2: Data Collection Form: "Gold Trader Interview"
B4: Gold Trader Interviews | C4: Interview 1 | D4: Interview 2 | E4: Interview 3 | F4: Interview 4 | G4: Interview 5 | H4: Interview 6 | I4: Interview 7 | J4: Interview 8 | K4: Interview 9 | L4: Interview 10 | M4: Key Averages | N4: Range | O4: Comments
B5: Data Entry
B6: interviewee type | C6: GOLD TRADER | D6: GOLD TRADER
B7: interviewee Name | C7: Shamus | D7: Johnny
B8: Ore grade (g/T) | C8: 10 | D8: 2 | M8: =IFERROR(AVERAGEIF(C8:L8, "<>0"),"---") -> 6 | N8: =_xlfn.MINIFS(C8:H8, C8:H8, "<>0")&" – "&_xlfn.MAXIFS(C8:H8, C8:H8, "<>0") -> 2 – 10
B9: Gold purity (%) | C9: 0.7 | D9: 0.9 | M9: =IFERROR(AVERAGEIF(C9:L9, "<>0"),"---") -> 0.8 | N9: =100*_xlfn.MINIFS(C9:H9, C9:H9, "<>0")&" – "&100*_xlfn.MAXIFS(C9:H9, C9:H9, "<>0")&"%" -> 70 – 90%
B10: signs of mercury? (Y/N/na) | C10: Y | D10: Y
B11: proportion of Au showing Hg use (%) | C11: 1 | D11: 1 | M11: =IFERROR(AVERAGEIF(C11:L11, "<>0"),"---") -> 1 | N11: =(_xlfn.MINIFS(C11:H11, C11:H11, "<>0"))*100&"% – "&(_xlfn.MAXIFS(C11:H11, C11:H11, "<>0"))*100&"%" -> 100% – 100%
B12: average price charged for pure gold (local currency/g Au) | C12: 38 | D12: 38 | M12: =IFERROR(AVERAGEIF(C12:L12, "<>0"),"---") -> 38 | N12: =ROUND(_xlfn.MINIFS(C12:H12,C12:H12,"<>0"),2)&" – "&ROUND(_xlfn.MAXIFS(C12:H12,C12:H12,"<>0"),2) -> 38 – 38
B13: average price charged for pure gold (USD/g Au) | C13: 38 | D13: 38 | M13: =IFERROR(AVERAGEIF(C13:L13, "<>0"),"---") -> 38 | N13: ="$"&ROUND(_xlfn.MINIFS(C13:H13, C13:H13, "<>0"),2)&" – $"&ROUND(_xlfn.MAXIFS(C13:H13, C13:H13, "<>0"),2) -> $38 – $38
B14: amount of mercury bought per month (kg/mo) | M14: =IFERROR(AVERAGEIF(C14:L14, "<>0"),"---") -> --- | N14: =_xlfn.MINIFS(C14:H14, C14:H14, "<>0")&" – "&_xlfn.MAXIFS(C14:H14, C14:H14, "<>0") -> 0 – 0
B15: amount of mercury sold per month (kg/mo) | M15: =IFERROR(AVERAGEIF(C15:L15, "<>0"),"---") -> --- | N15: =_xlfn.MINIFS(C15:H15, C15:H15, "<>0")&" – "&_xlfn.MAXIFS(C15:H15, C15:H15, "<>0") -> 0 – 0
B16: price of mercury when buying (local currency/kg) | M16: =IFERROR(AVERAGEIF(C16:L16, "<>0"),"---") -> --- | N16: =_xlfn.MINIFS(C16:H16, C16:H16, "<>0")&" – "&_xlfn.MAXIFS(C16:H16, C16:H16, "<>0") -> 0 – 0
B17: price of mercury when selling (local currency/kg) | M17: =IFERROR(AVERAGEIF(C17:L17, "<>0"),"---") -> --- | N17: =_xlfn.MINIFS(C17:H17, C17:H17, "<>0")&" – "&_xlfn.MAXIFS(C17:H17, C17:H17, "<>0") -> 0 – 0
B18: number of gold buyers on site | C18: 6 | D18: 6 | M18: =IFERROR(AVERAGEIF(C18:L18, "<>0"),"---") -> 6 | N18: =_xlfn.MINIFS(C18:H18, C18:H18, "<>0")&" – "&_xlfn.MAXIFS(C18:H18, C18:H18, "<>0") -> 6 – 6
B19: number of mercury sellers for the site | C19: 6 | D19: 6 | M19: =IFERROR(AVERAGEIF(C19:L19, "<>0"),"---") -> 6 | N19: =_xlfn.MINIFS(C19:H19, C19:H19, "<>0")&" – "&_xlfn.MAXIFS(C19:H19, C19:H19, "<>0") -> 6 – 6
B21: Gold purchased - type, price, amount
B22: Sponge gold
B23: price (USD/g) | C23: 38 | D23: 38 | M23: =IFERROR(AVERAGEIF(C23:L23, "<>0"),"---") -> 38 | N23: ="$"&_xlfn.MINIFS(C23:H23, C23:H23, "<>0")&" – $"&_xlfn.MAXIFS(C23:H23, C23:H23, "<>0") -> $38 – $38
B24: typical purity (%) | C24: 0.7 | D24: 0.9 | M24: =IFERROR(AVERAGEIF(C24:L24, "<>0"),"---") -> 0.8 | N24: =(100*(_xlfn.MINIFS(C24:H24,C24:H24,"<>0"))&" – "&(100*(_xlfn.MAXIFS(C24:H24,C24:H24,"<>0"))))&"%" -> 70 – 90%
B25: purchased per month, impure gold (g Au/mo) | C25: 0.5 | D25: 0.4 | M25: =IFERROR(AVERAGEIF(C25:L25, "<>0"),"---") -> 0.45 | N25: =_xlfn.MINIFS(C25:H25, C25:H25, "<>0")&" – "&_xlfn.MAXIFS(C25:H25, C25:H25, "<>0") -> 0.4 – 0.5
B26: purchased per month, pure gold (g pure Au/mo) | C26: =IF(C25*C24=0,"---",C25*C24) -> 0.35 | D26: =IF(D25*D24=0,"---",D25*D24) -> 0.36 | E26: =IF(E25*E24=0,"---",E25*E24) -> --- | F26: =IF(F25*F24=0,"---",F25*F24) -> --- | G26: =IF(G25*G24=0,"---",G25*G24) -> --- | H26: =IF(H25*H24=0,"---",H25*H24) -> --- | I26: =IF(I25*I24=0,"---",I25*I24) -> --- | J26: =IF(J25*J24=0,"---",J25*J24) -> --- | ... L26: =IF(L25*L24=0,"---",L25*L24) -> --- | M26: =IFERROR(AVERAGEIF(C26:L26, "<>0"),"---") -> 0.355 | N26: =_xlfn.MINIFS(C26:H26, C26:H26, "<>0")&" – "&_xlfn.MAXIFS(C26:H26, C26:H26, "<>0") -> 0.35 – 0.36
B27: Flake Gold
B28: price (USD/g) | M28: =IFERROR(AVERAGEIF(C28:L28, "<>0"),"---") -> --- | N28: ="$"&_xlfn.MINIFS(C28:H28, C28:H28, "<>0")&" – $"&_xlfn.MAXIFS(C28:H28, C28:H28, "<>0") -> $0 – $0
B29: typical purity (%) | M29: =IFERROR(AVERAGEIF(C29:L29, "<>0"),"---") -> --- | N29: =(100*(_xlfn.MINIFS(C29:H29,C29:H29,"<>0"))&" – "&(100*(_xlfn.MAXIFS(C29:H29,C29:H29,"<>0"))))&"%" -> 0 – 0%
B30: purchased per month, impure gold (g Au/mo) | M30: =IFERROR(AVERAGEIF(C30:L30, "<>0"),"---") -> --- | N30: =_xlfn.MINIFS(C30:H30, C30:H30, "<>0")&" – "&_xlfn.MAXIFS(C30:H30, C30:H30, "<>0") -> 0 – 0
B31: purchased per month, pure gold (g pure Au/mo) | C31: =IF(C30*C29=0,"---",C30*C29) -> --- | D31: =IF(D30*D29=0,"---",D30*D29) -> --- | E31: =IF(E30*E29=0,"---",E30*E29) -> --- | F31: =IF(F30*F29=0,"---",F30*F29) -> --- | G31: =IF(G30*G29=0,"---",G30*G29) -> --- | H31: =IF(H30*H29=0,"---",H30*H29) -> --- | I31: =IF(I30*I29=0,"---",I30*I29) -> --- | J31: =IF(J30*J29=0,"---",J30*J29) -> --- | ... L31: =IF(L30*L29=0,"---",L30*L29) -> --- | M31: =IFERROR(AVERAGEIF(C31:L31, "<>0"),"---") -> --- | N31: =_xlfn.MINIFS(C31:H31, C31:H31, "<>0")&" – "&_xlfn.MAXIFS(C31:H31, C31:H31, "<>0") -> 0 – 0
B32: Doré Gold
B33: price (USD/g) | M33: =IFERROR(AVERAGEIF(C33:L33, "<>0"),"---") -> --- | N33: ="$"&_xlfn.MINIFS(C33:H33, C33:H33, "<>0")&" – $"&_xlfn.MAXIFS(C33:H33, C33:H33, "<>0") -> $0 – $0
B34: typical purity (%) | M34: =IFERROR(AVERAGEIF(C34:L34, "<>0"),"---") -> --- | N34: =(100*(_xlfn.MINIFS(C34:H34,C34:H34,"<>0"))&" – "&(100*(_xlfn.MAXIFS(C34:H34,C34:H34,"<>0"))))&"%" -> 0 – 0%
B35: purchased per month, impure gold (g Au/mo) | M35: =IFERROR(AVERAGEIF(C35:L35, "<>0"),"---") -> --- | N35: =_xlfn.MINIFS(C35:H35, C35:H35, "<>0")&" – "&_xlfn.MAXIFS(C35:H35, C35:H35, "<>0") -> 0 – 0
B36: purchased per month, pure gold (g pure Au/mo) | C36: =IF(C35*C34=0,"---",C35*C34) -> --- | D36: =IF(D35*D34=0,"---",D35*D34) -> --- | E36: =IF(E35*E34=0,"---",E35*E34) -> --- | F36: =IF(F35*F34=0,"---",F35*F34) -> --- | G36: =IF(G35*G34=0,"---",G35*G34) -> --- | H36: =IF(H35*H34=0,"---",H35*H34) -> --- | I36: =IF(I35*I34=0,"---",I35*I34) -> --- | J36: =IF(J35*J34=0,"---",J35*J34) -> --- | ... L36: =IF(L35*L34=0,"---",L35*L34) -> --- | M36: =IFERROR(AVERAGEIF(C36:L36, "<>0"),"---") -> --- | N36: =_xlfn.MINIFS(C36:H36, C36:H36, "<>0")&" – "&_xlfn.MAXIFS(C36:H36, C36:H36, "<>0") -> 0 – 0
B37: Sum of all gold types
B38: purchased per month, pure gold (g pure Au/mo) | C38: =IF(SUM(C36,C31,C26)=0,"---",SUM(C36,C31,C26)) -> 0.35 | D38: =IF(SUM(D36,D31,D26)=0,"---",SUM(D36,D31,D26)) -> 0.36 | E38: =IF(SUM(E36,E31,E26)=0,"---",SUM(E36,E31,E26)) -> --- | F38: =IF(SUM(F36,F31,F26)=0,"---",SUM(F36,F31,F26)) -> --- | G38: =IF(SUM(G36,G31,G26)=0,"---",SUM(G36,G31,G26)) -> --- | H38: =IF(SUM(H36,H31,H26)=0,"---",SUM(H36,H31,H26)) -> --- | I38: =IF(SUM(I36,I31,I26)=0,"---",SUM(I36,I31,I26)) -> --- | J38: =IF(SUM(J36,J31,J26)=0,"---",SUM(J36,J31,J26)) -> --- | ... L38: =IF(SUM(L36,L31,L26)=0,"---",SUM(L36,L31,L26)) -> --- | M38: =IFERROR(AVERAGEIF(C38:L38, "<>0"),"---") -> 0.355 | N38: =ROUND(_xlfn.MINIFS(C38:H38, C38:H38, "<>0"),0)&" – "&_xlfn.MAXIFS(C38:H38, C38:H38, "<>0") -> 0 – 0.36
B39: purchased per year, pure gold (g pure Au/yr) | C39: =IFERROR(C38*12, "---") -> 4.2 | D39: =IFERROR(D38*12, "---") -> 4.32 | E39: =IFERROR(E38*12, "---") -> --- | F39: =IFERROR(F38*12, "---") -> --- | G39: =IFERROR(G38*12, "---") -> --- | H39: =IFERROR(H38*12, "---") -> --- | I39: =IFERROR(I38*12, "---") -> --- | J39: =IFERROR(J38*12, "---") -> --- | ... L39: =IFERROR(L38*12, "---") -> --- | M39: =IFERROR(AVERAGEIF(C39:L39, "<>0"),"---") -> 4.26 | N39: =ROUND(_xlfn.MINIFS(C39:H39, C39:H39, "<>0"),0)&" – "&_xlfn.MAXIFS(C39:H39, C39:H39, "<>0") -> 4 – 4.32
B41: Calculations of site-level information | O41: Comments
B42: purchased per year, pure gold, entire site (g pure Au/y) | M42: =IFERROR(M18*M39, "---") -> 25.56 | N42: =ROUND((_xlfn.MINIFS(C18:L18, C18:L18, "<>0"))*(_xlfn.MINIFS(C39:L39, C39:L39, "<>0")),0)&" – "&ROUND((_xlfn.MAXIFS(C18:L18, C18:L18, "<>0"))*(_xlfn.MAXIFS(C39:L39, C39:L39, "<>0")),0) -> 25 – 26
B43: purchased per year, mercury, entire site (kg Hg/y) | M43: =IFERROR(M19*M15*12, "---") -> --- | N43: =ROUND((_xlfn.MINIFS(C19:L19, C19:L19, "<>0"))*(_xlfn.MINIFS(C15:L15, C15:L15, "<>0")),0)&" – "&ROUND((_xlfn.MAXIFS(C19:L19, C19:L19, "<>0"))*(_xlfn.MAXIFS(C15:L15, C15:L15, "<>0")),0) -> 0 – 0

Sheet 4-ASGM Site Observations
A1: ="ASGM Site: "&'1-Location Info'!C3&" | Observations" -> ASGM Site: Placerton | Observations
A2: Data Collection Form "ASGM Site: General Observations"
B4: site type | C4: EXTRACTION & PROCESSING
B6: Extraction Observations | C6: Extraction Type 1 | F6: Extraction Type 2 | G6: Extraction Type 3
B7: extraction unit type (e.g., open pit, shaft) | C7: shaft | F7: open pit
B8: type of deposit (hard, soft, both) | C8: hard | F8: soft
B9: number of units on site - total | C9: 20 | F9: 2
B10: number of units on site - active | C10: 10 | F10: 2
B11: average workers per unit | C11: 10 | F11: 50
B12: daily production per extraction unit (T ore/d)
B13: description of extraction method | C13: Hard rock mining from shafts on the mountain immediately to the east of the community. Packed in ~50kg bags. Transported on motorcycles to processing site in the community below. Extracting and processing are done by separate workers (extraction workers do not process and vice versa) | F13: Soft rock (alluvial) mining from two large open pits in the valley 100 km north of the community. Extraction with high pressure water spray and buckets. Processing occurs at the same location. Extracting and processing are done by separate workers (extraction workers do not process and vice versa)
B15: Ore Transport Observations | C15: Transport Type 1 | F15: Transport Type 2 | G15: Transport Type 3
B16: unit type (e.g., truck, bike, person) | C16: truck | F16: motorcycle
B17: unit capacity (T ore) | C17: 4 | F17: 0.1
B18: number of units active during a shift | C18: 4 | F18: 10
B19: number of shifts per day | C19: 2 | F19: 2
B20: typical number of trips in one shift | C20: 10 | F20: 16
B21: average workers per unit | C21: 2 | F21: 1
B22: days per week active | C22: 6 | F22: 6
B23: description of transport method | C23: A truck that can carry 40 bags of ore. Each bag is 50 kg. (2T capacity) | F23: A motorcycle that can carry 2 bags of ore. Each bag is 50 kg.
B25: Processing Observations | C25: Processing Type 1 | F25: Processing Type 2 | G25: Processing Type 3
B26: processing unit type | C26: crushing x2, milling, WOA, retort | F26: wash, sluice, conc amalgamation, no retort
B27: mercury used? | C27: yes | F27: yes
B28: amalgamation type | C28: whole ore | F28: concentrate
B29: number of units on site - total | C29: 15 | F29: 5
B30: number of units on site - active | C30: 10 | F30: 5
B31: average workers per unit | C31: 6 | F31: 1
B32: ore throughput per system (T/d)
B33: description of processing method | C33: Primary crushing is manual crushing with hammer. Secondary crushing is manual crushing with mortar and pestel. Ore is then milled in ball mills with mercury to undergo whole ore amalgamation. Recipe for one mill: One half bag (~25kg) of ore added to mill with one basin of water, ~200mL of mercury, and balls. Mill turned by hand for 1 hour. The amalgam is retrieved from the ore by squeezing (the liquid is saved for later use). Alalgam is heated to yield sponge gold. A retort is used. Extracting and processing are done by separate workers (extraction workers do not process and vice versa) | F33: The alliuvial material is concentrated by washing/sluicing. Ore concentrate is then amalgamated. The amalgam is retrieved from the ore by squeezing (the liquid is saved for later use). The amalgam is heated to yield sponge gold. No retort is used here. Extracting and processing are done by separate workers (extraction workers do not process and vice versa)
B35: Workforce Observations
C37: M | D37: W | E37: Y
B38: Number of ASGM workers on site | C38: 1000 | D38: 800 | E38: 700 | F38: Role of women on site | G38: Some women are processing workers, but none take part in extraction. Some are pit, shaft, or processing centre owners. Also teachers, healthcare workers, shop keeps, farmers, and homemakers.
B39: extraction workers | C39: 400 | D39: 100 | E39: 0
B40: processing workers | C40: 400 | D40: 100 | E40: 0
C41: L | D41: F
B42: % of workers that are local / foreign | C42: 75 | D42: 25
B43: origin of foreign workers | C43: Goldougou, Goldibique | F43: Role of youth and children following parents in the field
B45: Number of gold buyers on site | C45: 6
B47: Operations Observations
B49: Spatial information (size, location, distance between extraction & processing sites, mode of ore transport)
B50: What types of extraction happen on this site? Of processing? Describe in brief.
B51: Legal status of site. Do the miners have agreement of land owner for extraction? With local authority? Explain.
B52: Site governance and organization (individuals, groups, businesses, or cooperative? Extraction and processing owners and bosses? Are extraction workers also processors?
B53: What is the revenue distribution? Do workers get a daily wage or % of production?
B55: Environment and Health Observations
B57: Water use during extraction and processing
B58: Environmental risks observed
B59: Health risks observed
B60: Is there a record of risks & incidents?

Sheet 5-Site Interview | Extraction
A1: ="ASGM Site: "&'1-Location Info'!C3&" | Interviews with ASGM workers about Extraction" -> ASGM Site: Placerton | Interviews with ASGM workers about Extraction
A2: Data Collection Form "ASGM Site Interview: Extraction"
B4: Extraction Unit Interviews - Extraction Type 1 | C4: Interview 1 | D4: Interview 2 | E4: Interview 3 | F4: Interview 4 | G4: Interview 5 | H4: Interview 6 | I4: Interview 7 | J4: Interview 8 | K4: Interview 9 | L4: Interview 10 | M4: Average | N4: Range | O4: Comments | Q4: Description of Extraction Type 1
B5: Data entry | Q5: =IF('4-ASGM Site Observations'!C13=0,"n/a",'4-ASGM Site Observations'!C13) -> Hard rock mining from shafts on the mountain immediately to the east of the community. Packed in ~50kg bags. Transported on motorcycles to processing site in the community below. Extracting and processing are done by separate workers (extraction workers do not process and vice versa)
B6: interviewee type | C6: EXTRACTION WORKER | D6: EXTRACTION BOSS
B7: interviewee name | C7: Eli | D7: Jonas
B8: ore grade (g/T) | C8: 10 | D8: 10 | M8: =IFERROR(AVERAGEIF(C8:L8, "<>0"),"---") -> 10 | N8: =_xlfn.MINIFS(C8:L8, C8:L8, "<>0")&" – "&_xlfn.MAXIFS(C8:L8, C8:L8, "<>0") -> 10 – 10
B9: gold purity (%) | C9: 0.7 | D9: 0.7 | M9: =IFERROR(AVERAGEIF(C9:L9, "<>0"),"---") -> 0.7 | N9: =(100*(_xlfn.MINIFS(C9:L9,C9:L9,"<>0"))&"% – "&(100*(_xlfn.MAXIFS(C9:L9,C9:L9,"<>0"))))&"%" -> 70% – 70%
B10: daily extraction per miner (T ore/shift) | C10: 0.1 | D10: 0.1 | M10: =IFERROR(AVERAGEIF(C10:L10, "<>0"),"---") -> 0.1 | N10: =_xlfn.MINIFS(C10:L10, C10:L10, "<>0")&" – "&_xlfn.MAXIFS(C10:L10, C10:L10, "<>0") -> 0.1 – 0.1
B11: average active miners per unit | C11: 10 | D11: 10 | M11: =IFERROR(AVERAGEIF(C11:L11, "<>0"),"---") -> 10 | N11: =_xlfn.MINIFS(C11:L11, C11:L11, "<>0")&" – "&_xlfn.MAXIFS(C11:L11, C11:L11, "<>0") -> 10 – 10
B12: number of units on site - total | C12: 20 | D12: 20 | M12: =IFERROR(AVERAGEIF(C12:L12, "<>0"),"---") -> 20 | N12: =_xlfn.MINIFS(C12:L12, C12:L12, "<>0")&" – "&_xlfn.MAXIFS(C12:L12, C12:L12, "<>0") -> 20 – 20
B13: number of units on site - active | C13: 10 | D13: 11 | M13: =IFERROR(AVERAGEIF(C13:L13, "<>0"),"---") -> 10.5 | N13: =_xlfn.MINIFS(C13:L13, C13:L13, "<>0")&" – "&_xlfn.MAXIFS(C13:L13, C13:L13, "<>0") -> 10 – 11
B14: shift length (hr) | C14: 8 | D14: 8 | M14: =IFERROR(AVERAGEIF(C14:L14, "<>0"),"---") -> 8 | N14: =_xlfn.MINIFS(C14:L14, C14:L14, "<>0")&" – "&_xlfn.MAXIFS(C14:L14, C14:L14, "<>0") -> 8 – 8
B15: shifts per day | C15: 2 | D15: 2 | M15: =IFERROR(AVERAGEIF(C15:L15, "<>0"),"---") -> 2 | N15: =_xlfn.MINIFS(C15:L15, C15:L15, "<>0")&" – "&_xlfn.MAXIFS(C15:L15, C15:L15, "<>0") -> 2 – 2
B16: days active per week (d/w) | C16: 6 | D16: 6 | M16: =IFERROR(AVERAGEIF(C16:L16, "<>0"),"---") -> 6 | N16: =_xlfn.MINIFS(C16:L16, C16:L16, "<>0")&" – "&_xlfn.MAXIFS(C16:L16, C16:L16, "<>0") -> 6 – 6
B17: months active per year (m/y ) | C17: 10 | D17: 10 | M17: =IFERROR(AVERAGEIF(C17:L17, "<>0"),"---") -> 10 | N17: =_xlfn.MINIFS(C17:L17, C17:L17, "<>0")&" – "&_xlfn.MAXIFS(C17:L17, C17:L17, "<>0") -> 10 – 10
B18: days active per year (d/y) | C18: 200 | D18: 200 | M18: =IFERROR(AVERAGEIF(C18:L18, "<>0"),"---") -> 200 | N18: =_xlfn.MINIFS(C18:L18, C18:L18, "<>0")&" – "&_xlfn.MAXIFS(C18:L18, C18:L18, "<>0") -> 200 – 200
B19: daily earnings per miner (g 24K Au) | C19: 0.5 | D19: 0.5 | M19: =IFERROR(AVERAGEIF(C19:L19, "<>0"),"---") -> 0.5 | N19: =_xlfn.MINIFS(C19:L19, C19:L19, "<>0")&" – "&_xlfn.MAXIFS(C19:L19, C19:L19, "<>0") -> 0.5 – 0.5
B20: annual earning per miner (g 24K Au) | C20: 100 | D20: 120 | M20: =IFERROR(AVERAGEIF(C20:L20, "<>0"),"---") -> 110 | N20: =_xlfn.MINIFS(C20:L20, C20:L20, "<>0")&" – "&_xlfn.MAXIFS(C20:L20, C20:L20, "<>0") -> 100 – 120
B21: price per g of pure gold (local currency/g 24K Au) | C21: 38 | D21: 35 | M21: =IFERROR(AVERAGEIF(C21:L21, "<>0"),"---") -> 36.5 | N21: =_xlfn.MINIFS(C21:L21, C21:L21, "<>0")&" – "&_xlfn.MAXIFS(C21:L21, C21:L21, "<>0") -> 35 – 38
B22: price per g of pure gold ($USD/g 24K Au) | C22: 38 | D22: 35 | M22: =IFERROR(AVERAGEIF(C22:L22, "<>0"),"---") -> 36.5 | N22: ="$"&(ROUND(_xlfn.MINIFS(C22:L22, C22:L22, "<>0"),2))&" – $"&(ROUND(_xlfn.MAXIFS(C22:L22, C22:L22, "<>0"),2)) -> $35 – $38
B23: Calculations of site-level information
B24: total miners on site (assumed = miners active/d) | C24: =IFERROR(IF(C11*C13*C15=0, "---",C11*C13*C15),"---") -> 200 | D24: =IFERROR(IF(D11*D13*D15=0, "---",D11*D13*D15),"---") -> 220 | E24: =IFERROR(IF(E11*E13*E15=0, "---",E11*E13*E15),"---") -> --- | F24: =IFERROR(IF(F11*F13*F15=0, "---",F11*F13*F15),"---") -> --- | G24: =IFERROR(IF(G11*G13*G15=0, "---",G11*G13*G15),"---") -> --- | H24: =IFERROR(IF(H11*H13*H15=0, "---",H11*H13*H15),"---") -> --- | I24: =IFERROR(IF(I11*I13*I15=0, "---",I11*I13*I15),"---") -> --- | J24: =IFERROR(IF(J11*J13*J15=0, "---",J11*J13*J15),"---") -> --- | ... L24: =IFERROR(IF(L11*L13*L15=0, "---",L11*L13*L15),"---") -> --- | M24: =IFERROR(AVERAGEIF(C24:L24, "<>0"),"---") -> 210 | N24: =ROUND(_xlfn.MINIFS(C24:L24, C24:L24, "<>0"),1)&" – "&ROUND(_xlfn.MAXIFS(C24:L24, C24:L24, "<>0"),1) -> 200 – 220
B25: daily ore extraction per unit (T ore/d/unit) | C25: =IFERROR(IF(C10*C11*C15=0, "---",C10*C11*C15),"---") -> 2 | D25: =IFERROR(IF(D10*D11*D15=0, "---",D10*D11*D15),"---") -> 2 | E25: =IFERROR(IF(E10*E11*E15=0, "---",E10*E11*E15),"---") -> --- | F25: =IFERROR(IF(F10*F11*F15=0, "---",F10*F11*F15),"---") -> --- | G25: =IFERROR(IF(G10*G11*G15=0, "---",G10*G11*G15),"---") -> --- | H25: =IFERROR(IF(H10*H11*H15=0, "---",H10*H11*H15),"---") -> --- | I25: =IFERROR(IF(I10*I11*I15=0, "---",I10*I11*I15),"---") -> --- | J25: =IFERROR(IF(J10*J11*J15=0, "---",J10*J11*J15),"---") -> --- | ... L25: =IFERROR(IF(L10*L11*L15=0, "---",L10*L11*L15),"---") -> --- | M25: =IFERROR(AVERAGEIF(C25:L25, "<>0"),"---") -> 2 | N25: =ROUND(_xlfn.MINIFS(C25:L25, C25:L25, "<>0"),1)&" – "&ROUND(_xlfn.MAXIFS(C25:L25, C25:L25, "<>0"),1) -> 2 – 2
B26: daily ore extraction on site (T ore/d/site) | C26: =IFERROR(IF(C10*C11*C15*C13=0, "---",C10*C11*C15*C13),"---") -> 20 | D26: =IFERROR(IF(D10*D11*D15*D13=0, "---",D10*D11*D15*D13),"---") -> 22 | E26: =IFERROR(IF(E10*E11*E15*E13=0, "---",E10*E11*E15*E13),"---") -> --- | F26: =IFERROR(IF(F10*F11*F15*F13=0, "---",F10*F11*F15*F13),"---") -> --- | G26: =IFERROR(IF(G10*G11*G15*G13=0, "---",G10*G11*G15*G13),"---") -> --- | H26: =IFERROR(IF(H10*H11*H15*H13=0, "---",H10*H11*H15*H13),"---") -> --- | I26: =IFERROR(IF(I10*I11*I15*I13=0, "---",I10*I11*I15*I13),"---") -> --- | J26: =IFERROR(IF(J10*J11*J15*J13=0, "---",J10*J11*J15*J13),"---") -> --- | ... L26: =IFERROR(IF(L10*L11*L15*L13=0, "---",L10*L11*L15*L13),"---") -> --- | M26: =IFERROR(AVERAGEIF(C26:L26, "<>0"),"---") -> 21 | N26: =ROUND(_xlfn.MINIFS(C26:L26, C26:L26, "<>0"),1)&" – "&ROUND(_xlfn.MAXIFS(C26:L26, C26:L26, "<>0"),1) -> 20 – 22
B27: yearly ore extraction on site (T ore/y/site) | C27: =IFERROR(IF(C10*C11*C15*C13*C18=0, "---",C10*C11*C15*C13*C18),"---") -> 4000 | D27: =IFERROR(IF(D10*D11*D15*D13*D18=0, "---",D10*D11*D15*D13*D18),"---") -> 4400 | E27: =IFERROR(IF(E10*E11*E15*E13*E18=0, "---",E10*E11*E15*E13*E18),"---") -> --- | F27: =IFERROR(IF(F10*F11*F15*F13*F18=0, "---",F10*F11*F15*F13*F18),"---") -> --- | G27: =IFERROR(IF(G10*G11*G15*G13*G18=0, "---",G10*G11*G15*G13*G18),"---") -> --- | H27: =IFERROR(IF(H10*H11*H15*H13*H18=0, "---",H10*H11*H15*H13*H18),"---") -> --- | I27: =IFERROR(IF(I10*I11*I15*I13*I18=0, "---",I10*I11*I15*I13*I18),"---") -> --- | J27: =IFERROR(IF(J10*J11*J15*J13*J18=0, "---",J10*J11*J15*J13*J18),"---") -> --- | ... L27: =IFERROR(IF(L10*L11*L15*L13*L18=0, "---",L10*L11*L15*L13*L18),"---") -> --- | M27: =IFERROR(AVERAGEIF(C27:L27, "<>0"),"---") -> 4200 | N27: =ROUND(_xlfn.MINIFS(C27:L27, C27:L27, "<>0"),0)&" – "&ROUND(_xlfn.MAXIFS(C27:L27, C27:L27, "<>0"),0) -> 4000 – 4400
B28: yearly Au extracted on site - impure (kg Au/y/site) | C28: =IFERROR(IF(C10*C11*C15*C13*C18*C8/1000=0, "---",C10*C11*C15*C13*C18*C8/1000),"---") -> 40 | D28: =IFERROR(IF(D10*D11*D15*D13*D18*D8/1000=0, "---",D10*D11*D15*D13*D18*D8/1000),"---") -> 44 | E28: =IFERROR(IF(E10*E11*E15*E13*E18*E8/1000=0, "---",E10*E11*E15*E13*E18*E8/1000),"---") -> --- | F28: =IFERROR(IF(F10*F11*F15*F13*F18*F8/1000=0, "---",F10*F11*F15*F13*F18*F8/1000),"---") -> --- | G28: =IFERROR(IF(G10*G11*G15*G13*G18*G8/1000=0, "---",G10*G11*G15*G13*G18*G8/1000),"---") -> --- | H28: =IFERROR(IF(H10*H11*H15*H13*H18*H8/1000=0, "---",H10*H11*H15*H13*H18*H8/1000),"---") -> --- | I28: =IFERROR(IF(I10*I11*I15*I13*I18*I8/1000=0, "---",I10*I11*I15*I13*I18*I8/1000),"---") -> --- | J28: =IFERROR(IF(J10*J11*J15*J13*J18*J8/1000=0, "---",J10*J11*J15*J13*J18*J8/1000),"---") -> --- | ... L28: =IFERROR(IF(L10*L11*L15*L13*L18*L8/1000=0, "---",L10*L11*L15*L13*L18*L8/1000),"---") -> --- | M28: =IFERROR(AVERAGEIF(C28:L28, "<>0"),"---") -> 42 | N28: =ROUND(_xlfn.MINIFS(C28:L28, C28:L28, "<>0"),0)&" – "&ROUND(_xlfn.MAXIFS(C28:L28, C28:L28, "<>0"),0) -> 40 – 44
B29: yearly Au extracted on site - pure (kg Au/y/site) | C29: =IFERROR(IF(C10*C11*C15*C13*C18*C8*C9/1000=0, "---",C10*C11*C15*C13*C18*C8*C9/1000),"---") -> 28 | D29: =IFERROR(IF(D10*D11*D15*D13*D18*D8*D9/1000=0, "---",D10*D11*D15*D13*D18*D8*D9/1000),"---") -> 30.8 | E29: =IFERROR(IF(E10*E11*E15*E13*E18*E8*E9/1000=0, "---",E10*E11*E15*E13*E18*E8*E9/1000),"---") -> --- | F29: =IFERROR(IF(F10*F11*F15*F13*F18*F8*F9/1000=0, "---",F10*F11*F15*F13*F18*F8*F9/1000),"---") -> --- | G29: =IFERROR(IF(G10*G11*G15*G13*G18*G8*G9/1000=0, "---",G10*G11*G15*G13*G18*G8*G9/1000),"---") -> --- | H29: =IFERROR(IF(H10*H11*H15*H13*H18*H8*H9/1000=0, "---",H10*H11*H15*H13*H18*H8*H9/1000),"---") -> --- | I29: =IFERROR(IF(I10*I11*I15*I13*I18*I8*I9/1000=0, "---",I10*I11*I15*I13*I18*I8*I9/1000),"---") -> --- | J29: =IFERROR(IF(J10*J11*J15*J13*J18*J8*J9/1000=0, "---",J10*J11*J15*J13*J18*J8*J9/1000),"---") -> --- | ... L29: =IFERROR(IF(L10*L11*L15*L13*L18*L8*L9/1000=0, "---",L10*L11*L15*L13*L18*L8*L9/1000),"---") -> --- | M29: =IFERROR(AVERAGEIF(C29:L29, "<>0"),"---") -> 29.4 | N29: =ROUND(_xlfn.MINIFS(C29:L29, C29:L29, "<>0"),0)&" – "&ROUND(_xlfn.MAXIFS(C29:L29, C29:L29, "<>0"),0) -> 28 – 31
B30: value of yearly Au extracted on site (local currency/y/site) | C30: =IFERROR(IF(C29*1000*C21=0, "---", C29*1000*C21), "---") -> 1064000 | D30: =IFERROR(IF(D29*1000*D21=0, "---", D29*1000*D21), "---") -> 1078000 | E30: =IFERROR(IF(E29*1000*E21=0, "---", E29*1000*E21), "---") -> --- | F30: =IFERROR(IF(F29*1000*F21=0, "---", F29*1000*F21), "---") -> --- | G30: =IFERROR(IF(G29*1000*G21=0, "---", G29*1000*G21), "---") -> --- | H30: =IFERROR(IF(H29*1000*H21=0, "---", H29*1000*H21), "---") -> --- | I30: =IFERROR(IF(I29*1000*I21=0, "---", I29*1000*I21), "---") -> --- | J30: =IFERROR(IF(J29*1000*J21=0, "---", J29*1000*J21), "---") -> --- | ... L30: =IFERROR(IF(L29*1000*L21=0, "---", L29*1000*L21), "---") -> --- | M30: =IFERROR(AVERAGEIF(C30:L30, "<>0"),"---") -> 1071000 | N30: =ROUND(_xlfn.MINIFS(C30:L30, C30:L30, "<>0"),0)&" – "&ROUND(_xlfn.MAXIFS(C30:L30, C30:L30, "<>0"),0) -> 1064000 – 1078000
B31: value produced yearly per miner (local currency/y/miner) | C31: =IFERROR(IF(C30/C24=0,"---",C30/C24),"---") -> 5320 | D31: =IFERROR(IF(D30/D24=0,"---",D30/D24),"---") -> 4900 | E31: =IFERROR(IF(E30/E24=0,"---",E30/E24),"---") -> --- | F31: =IFERROR(IF(F30/F24=0,"---",F30/F24),"---") -> --- | G31: =IFERROR(IF(G30/G24=0,"---",G30/G24),"---") -> --- | H31: =IFERROR(IF(H30/H24=0,"---",H30/H24),"---") -> --- | I31: =IFERROR(IF(I30/I24=0,"---",I30/I24),"---") -> --- | J31: =IFERROR(IF(J30/J24=0,"---",J30/J24),"---") -> --- | ... L31: =IFERROR(IF(L30/L24=0,"---",L30/L24),"---") -> --- | M31: =IFERROR(AVERAGEIF(C31:L31, "<>0"),"---") -> 5110 | N31: =ROUND(_xlfn.MINIFS(C31:L31, C31:L31, "<>0"),0)&" – "&ROUND(_xlfn.MAXIFS(C31:L31, C31:L31, "<>0"),0) -> 4900 – 5320
B32: value produced yearly per miner ($USD/y/miner) | C32: =IFERROR(IF(C29*1000*C22/C24=0, "---", C29*1000*C22/C24), "---") -> 5320 | D32: =IFERROR(IF(D29*1000*D22/D24=0, "---", D29*1000*D22/D24), "---") -> 4900 | E32: =IFERROR(IF(E29*1000*E22/E24=0, "---", E29*1000*E22/E24), "---") -> --- | F32: =IFERROR(IF(F29*1000*F22/F24=0, "---", F29*1000*F22/F24), "---") -> --- | G32: =IFERROR(IF(G29*1000*G22/G24=0, "---", G29*1000*G22/G24), "---") -> --- | H32: =IFERROR(IF(H29*1000*H22/H24=0, "---", H29*1000*H22/H24), "---") -> --- | I32: =IFERROR(IF(I29*1000*I22/I24=0, "---", I29*1000*I22/I24), "---") -> --- | J32: =IFERROR(IF(J29*1000*J22/J24=0, "---", J29*1000*J22/J24), "---") -> --- | ... L32: =IFERROR(IF(L29*1000*L22/L24=0, "---", L29*1000*L22/L24), "---") -> --- | M32: =IFERROR(AVERAGEIF(C32:L32, "<>0"),"---") -> 5110 | N32: ="$"&(ROUND(_xlfn.MINIFS(C32:L32, C32:L32, "<>0"),0))&" – $"&(ROUND(_xlfn.MAXIFS(C32:L32, C32:L32, "<>0"),0)) -> $4900 – $5320
B34: Extraction Unit Interviews - Extraction Type 2 | C34: Interview 1 | D34: Interview 2 | E34: Interview 3 | F34: Interview 4 | G34: Interview 5 | H34: Interview 6 | I34: Interview 7 | J34: Interview 8 | K34: Interview 9 | L34: Interview 10 | M34: Average | N34: Range | O34: Comments | Q34: Description of Extraction Type 2
B35: Data entry | Q35: =IF('4-ASGM Site Observations'!F13=0,"n/a",'4-ASGM Site Observations'!F13) -> Soft rock (alluvial) mining from two large open pits in the valley 100 km north of the community. Extraction with high pressure water spray and buckets. Processing occurs at the same location. Extracting and processing are done by separate workers (extraction workers do not process and vice versa)
B36: interviewee type | C36: EXTRACTION BOSS | D36: EXTRACTION BOSS
B37: interviewee name | C37: Samuel | D37: Rose
B38: ore grade (g/T) | C38: 2 | D38: 2 | M38: =IFERROR(AVERAGEIF(C38:L38, "<>0"),"---") -> 2 | N38: =_xlfn.MINIFS(C38:L38, C38:L38, "<>0")&" – "&_xlfn.MAXIFS(C38:L38, C38:L38, "<>0") -> 2 – 2
B39: gold purity (%) | C39: 0.9 | D39: 0.9 | M39: =IFERROR(AVERAGEIF(C39:L39, "<>0"),"---") -> 0.9 | N39: =(100*(_xlfn.MINIFS(C39:L39,C39:L39,"<>0"))&"% – "&(100*(_xlfn.MAXIFS(C39:L39,C39:L39,"<>0"))))&"%" -> 90% – 90%
B40: daily extraction per miner (T ore/d) | C40: 0.35 | D40: 0.4 | M40: =IFERROR(AVERAGEIF(C40:L40, "<>0"),"---") -> 0.375 | N40: =_xlfn.MINIFS(C40:L40, C40:L40, "<>0")&" – "&_xlfn.MAXIFS(C40:L40, C40:L40, "<>0") -> 0.35 – 0.4
B41: average active miners per unit | C41: 50 | D41: 60 | M41: =IFERROR(AVERAGEIF(C41:L41, "<>0"),"---") -> 55 | N41: =_xlfn.MINIFS(C41:L41, C41:L41, "<>0")&" – "&_xlfn.MAXIFS(C41:L41, C41:L41, "<>0") -> 50 – 60
B42: number of units on site - total | C42: 2 | D42: 2 | M42: =IFERROR(AVERAGEIF(C42:L42, "<>0"),"---") -> 2 | N42: =_xlfn.MINIFS(C42:L42, C42:L42, "<>0")&" – "&_xlfn.MAXIFS(C42:L42, C42:L42, "<>0") -> 2 – 2
B43: number of units on site - active | C43: 2 | D43: 2 | M43: =IFERROR(AVERAGEIF(C43:L43, "<>0"),"---") -> 2 | N43: =_xlfn.MINIFS(C43:L43, C43:L43, "<>0")&" – "&_xlfn.MAXIFS(C43:L43, C43:L43, "<>0") -> 2 – 2
B44: shift length (hr) | C44: 8 | D44: 8 | M44: =IFERROR(AVERAGEIF(C44:L44, "<>0"),"---") -> 8 | N44: =_xlfn.MINIFS(C44:L44, C44:L44, "<>0")&" – "&_xlfn.MAXIFS(C44:L44, C44:L44, "<>0") -> 8 – 8
B45: shifts per day | C45: 2 | D45: 2 | M45: =IFERROR(AVERAGEIF(C45:L45, "<>0"),"---") -> 2 | N45: =_xlfn.MINIFS(C45:L45, C45:L45, "<>0")&" – "&_xlfn.MAXIFS(C45:L45, C45:L45, "<>0") -> 2 – 2
B46: days active per week (d/w) | C46: 6 | D46: 6 | M46: =IFERROR(AVERAGEIF(C46:L46, "<>0"),"---") -> 6 | N46: =_xlfn.MINIFS(C46:L46, C46:L46, "<>0")&" – "&_xlfn.MAXIFS(C46:L46, C46:L46, "<>0") -> 6 – 6
B47: months active per year (m/y ) | C47: 10 | D47: 10 | M47: =IFERROR(AVERAGEIF(C47:L47, "<>0"),"---") -> 10 | N47: =_xlfn.MINIFS(C47:L47, C47:L47, "<>0")&" – "&_xlfn.MAXIFS(C47:L47, C47:L47, "<>0") -> 10 – 10
B48: days active per year (d/y) | C48: 200 | D48: 200 | M48: =IFERROR(AVERAGEIF(C48:L48, "<>0"),"---") -> 200 | N48: =_xlfn.MINIFS(C48:L48, C48:L48, "<>0")&" – "&_xlfn.MAXIFS(C48:L48, C48:L48, "<>0") -> 200 – 200
B49: daily earnings per miner (g 24K Au) | C49: 0.5 | D49: 0.5 | M49: =IFERROR(AVERAGEIF(C49:L49, "<>0"),"---") -> 0.5 | N49: =_xlfn.MINIFS(C49:L49, C49:L49, "<>0")&" – "&_xlfn.MAXIFS(C49:L49, C49:L49, "<>0") -> 0.5 – 0.5
B50: annual earning per miner (g 24K Au) | C50: 100 | D50: 80 | M50: =IFERROR(AVERAGEIF(C50:L50, "<>0"),"---") -> 90 | N50: =_xlfn.MINIFS(C50:L50, C50:L50, "<>0")&" – "&_xlfn.MAXIFS(C50:L50, C50:L50, "<>0") -> 80 – 100
B51: price per g of pure gold (local currency/g 24K Au) | C51: 38 | D51: 35 | M51: =IFERROR(AVERAGEIF(C51:L51, "<>0"),"---") -> 36.5 | N51: =_xlfn.MINIFS(C51:L51, C51:L51, "<>0")&" – "&_xlfn.MAXIFS(C51:L51, C51:L51, "<>0") -> 35 – 38
B52: price per g of pure gold ($USD/g 24K Au) | C52: 38 | D52: 35 | M52: =IFERROR(AVERAGEIF(C52:L52, "<>0"),"---") -> 36.5 | N52: ="$"&(ROUND(_xlfn.MINIFS(C52:L52, C52:L52, "<>0"),2))&" – $"&(ROUND(_xlfn.MAXIFS(C52:L52, C52:L52, "<>0"),2)) -> $35 – $38
B53: Calculations of site-level information
B54: total miners on site (assumed = miners active/d) | C54: =IFERROR(IF(C41*C43*C45=0, "---",C41*C43*C45),"---") -> 200 | D54: =IFERROR(IF(D41*D43*D45=0, "---",D41*D43*D45),"---") -> 240 | E54: =IFERROR(IF(E41*E43*E45=0, "---",E41*E43*E45),"---") -> --- | F54: =IFERROR(IF(F41*F43*F45=0, "---",F41*F43*F45),"---") -> --- | G54: =IFERROR(IF(G41*G43*G45=0, "---",G41*G43*G45),"---") -> --- | H54: =IFERROR(IF(H41*H43*H45=0, "---",H41*H43*H45),"---") -> --- | I54: =IFERROR(IF(I41*I43*I45=0, "---",I41*I43*I45),"---") -> --- | J54: =IFERROR(IF(J41*J43*J45=0, "---",J41*J43*J45),"---") -> --- | ... L54: =IFERROR(IF(L41*L43*L45=0, "---",L41*L43*L45),"---") -> --- | M54: =IFERROR(AVERAGEIF(C54:L54, "<>0"),"---") -> 220 | N54: =ROUND(_xlfn.MINIFS(C54:L54, C54:L54, "<>0"),1)&" – "&ROUND(_xlfn.MAXIFS(C54:L54, C54:L54, "<>0"),1) -> 200 – 240
B55: daily ore extraction per unit (T ore/d/unit) | C55: =IFERROR(IF(C40*C41*C45=0, "---",C40*C41*C45),"---") -> 35 | D55: =IFERROR(IF(D40*D41*D45=0, "---",D40*D41*D45),"---") -> 48 | E55: =IFERROR(IF(E40*E41*E45=0, "---",E40*E41*E45),"---") -> --- | F55: =IFERROR(IF(F40*F41*F45=0, "---",F40*F41*F45),"---") -> --- | G55: =IFERROR(IF(G40*G41*G45=0, "---",G40*G41*G45),"---") -> --- | H55: =IFERROR(IF(H40*H41*H45=0, "---",H40*H41*H45),"---") -> --- | I55: =IFERROR(IF(I40*I41*I45=0, "---",I40*I41*I45),"---") -> --- | J55: =IFERROR(IF(J40*J41*J45=0, "---",J40*J41*J45),"---") -> --- | ... L55: =IFERROR(IF(L40*L41*L45=0, "---",L40*L41*L45),"---") -> --- | M55: =IFERROR(AVERAGEIF(C55:L55, "<>0"),"---") -> 41.5 | N55: =ROUND(_xlfn.MINIFS(C55:L55, C55:L55, "<>0"),1)&" – "&ROUND(_xlfn.MAXIFS(C55:L55, C55:L55, "<>0"),1) -> 35 – 48
B56: daily ore extraction on site (T ore/d/site) | C56: =IFERROR(IF(C40*C41*C45*C43=0, "---",C40*C41*C45*C43),"---") -> 70 | D56: =IFERROR(IF(D40*D41*D45*D43=0, "---",D40*D41*D45*D43),"---") -> 96 | E56: =IFERROR(IF(E40*E41*E45*E43=0, "---",E40*E41*E45*E43),"---") -> --- | F56: =IFERROR(IF(F40*F41*F45*F43=0, "---",F40*F41*F45*F43),"---") -> --- | G56: =IFERROR(IF(G40*G41*G45*G43=0, "---",G40*G41*G45*G43),"---") -> --- | H56: =IFERROR(IF(H40*H41*H45*H43=0, "---",H40*H41*H45*H43),"---") -> --- | I56: =IFERROR(IF(I40*I41*I45*I43=0, "---",I40*I41*I45*I43),"---") -> --- | J56: =IFERROR(IF(J40*J41*J45*J43=0, "---",J40*J41*J45*J43),"---") -> --- | ... L56: =IFERROR(IF(L40*L41*L45*L43=0, "---",L40*L41*L45*L43),"---") -> --- | M56: =IFERROR(AVERAGEIF(C56:L56, "<>0"),"---") -> 83 | N56: =ROUND(_xlfn.MINIFS(C56:L56, C56:L56, "<>0"),1)&" – "&ROUND(_xlfn.MAXIFS(C56:L56, C56:L56, "<>0"),1) -> 70 – 96
B57: yearly ore extraction on site (T ore/y/site) | C57: =IFERROR(IF(C40*C41*C45*C43*C48=0, "---",C40*C41*C45*C43*C48),"---") -> 14000 | D57: =IFERROR(IF(D40*D41*D45*D43*D48=0, "---",D40*D41*D45*D43*D48),"---") -> 19200 | E57: =IFERROR(IF(E40*E41*E45*E43*E48=0, "---",E40*E41*E45*E43*E48),"---") -> --- | F57: =IFERROR(IF(F40*F41*F45*F43*F48=0, "---",F40*F41*F45*F43*F48),"---") -> --- | G57: =IFERROR(IF(G40*G41*G45*G43*G48=0, "---",G40*G41*G45*G43*G48),"---") -> --- | H57: =IFERROR(IF(H40*H41*H45*H43*H48=0, "---",H40*H41*H45*H43*H48),"---") -> --- | I57: =IFERROR(IF(I40*I41*I45*I43*I48=0, "---",I40*I41*I45*I43*I48),"---") -> --- | J57: =IFERROR(IF(J40*J41*J45*J43*J48=0, "---",J40*J41*J45*J43*J48),"---") -> --- | ... L57: =IFERROR(IF(L40*L41*L45*L43*L48=0, "---",L40*L41*L45*L43*L48),"---") -> --- | M57: =IFERROR(AVERAGEIF(C57:L57, "<>0"),"---") -> 16600 | N57: =ROUND(_xlfn.MINIFS(C57:L57, C57:L57, "<>0"),0)&" – "&ROUND(_xlfn.MAXIFS(C57:L57, C57:L57, "<>0"),0) -> 14000 – 19200
B58: yearly Au extracted on site - impure (kg Au/y/site) | C58: =IFERROR(IF(C40*C41*C45*C43*C48*C38/1000=0, "---",C40*C41*C45*C43*C48*C38/1000),"---") -> 28 | D58: =IFERROR(IF(D40*D41*D45*D43*D48*D38/1000=0, "---",D40*D41*D45*D43*D48*D38/1000),"---") -> 38.4 | E58: =IFERROR(IF(E40*E41*E45*E43*E48*E38/1000=0, "---",E40*E41*E45*E43*E48*E38/1000),"---") -> --- | F58: =IFERROR(IF(F40*F41*F45*F43*F48*F38/1000=0, "---",F40*F41*F45*F43*F48*F38/1000),"---") -> --- | G58: =IFERROR(IF(G40*G41*G45*G43*G48*G38/1000=0, "---",G40*G41*G45*G43*G48*G38/1000),"---") -> --- | H58: =IFERROR(IF(H40*H41*H45*H43*H48*H38/1000=0, "---",H40*H41*H45*H43*H48*H38/1000),"---") -> --- | I58: =IFERROR(IF(I40*I41*I45*I43*I48*I38/1000=0, "---",I40*I41*I45*I43*I48*I38/1000),"---") -> --- | J58: =IFERROR(IF(J40*J41*J45*J43*J48*J38/1000=0, "---",J40*J41*J45*J43*J48*J38/1000),"---") -> --- | ... L58: =IFERROR(IF(L40*L41*L45*L43*L48*L38/1000=0, "---",L40*L41*L45*L43*L48*L38/1000),"---") -> --- | M58: =IFERROR(AVERAGEIF(C58:L58, "<>0"),"---") -> 33.2 | N58: =ROUND(_xlfn.MINIFS(C58:L58, C58:L58, "<>0"),0)&" – "&ROUND(_xlfn.MAXIFS(C58:L58, C58:L58, "<>0"),0) -> 28 – 38
B59: yearly Au extracted on site - pure (kg Au/y/site) | C59: =IFERROR(IF(C40*C41*C45*C43*C48*C38*C39/1000=0, "---",C40*C41*C45*C43*C48*C38*C39/1000),"---") -> 25.2 | D59: =IFERROR(IF(D40*D41*D45*D43*D48*D38*D39/1000=0, "---",D40*D41*D45*D43*D48*D38*D39/1000),"---") -> 34.56 | E59: =IFERROR(IF(E40*E41*E45*E43*E48*E38*E39/1000=0, "---",E40*E41*E45*E43*E48*E38*E39/1000),"---") -> --- | F59: =IFERROR(IF(F40*F41*F45*F43*F48*F38*F39/1000=0, "---",F40*F41*F45*F43*F48*F38*F39/1000),"---") -> --- | G59: =IFERROR(IF(G40*G41*G45*G43*G48*G38*G39/1000=0, "---",G40*G41*G45*G43*G48*G38*G39/1000),"---") -> --- | H59: =IFERROR(IF(H40*H41*H45*H43*H48*H38*H39/1000=0, "---",H40*H41*H45*H43*H48*H38*H39/1000),"---") -> --- | I59: =IFERROR(IF(I40*I41*I45*I43*I48*I38*I39/1000=0, "---",I40*I41*I45*I43*I48*I38*I39/1000),"---") -> --- | J59: =IFERROR(IF(J40*J41*J45*J43*J48*J38*J39/1000=0, "---",J40*J41*J45*J43*J48*J38*J39/1000),"---") -> --- | ... L59: =IFERROR(IF(L40*L41*L45*L43*L48*L38*L39/1000=0, "---",L40*L41*L45*L43*L48*L38*L39/1000),"---") -> --- | M59: =IFERROR(AVERAGEIF(C59:L59, "<>0"),"---") -> 29.88 | N59: =ROUND(_xlfn.MINIFS(C59:L59, C59:L59, "<>0"),0)&" – "&ROUND(_xlfn.MAXIFS(C59:L59, C59:L59, "<>0"),0) -> 25 – 35
B60: value of yearly Au extracted on site (local currency/y/site) | C60: =IFERROR(IF(C59*1000*C51=0, "---", C59*1000*C51), "---") -> 957600 | D60: =IFERROR(IF(D59*1000*D51=0, "---", D59*1000*D51), "---") -> 1209600 | E60: =IFERROR(IF(E59*1000*E51=0, "---", E59*1000*E51), "---") -> --- | F60: =IFERROR(IF(F59*1000*F51=0, "---", F59*1000*F51), "---") -> --- | G60: =IFERROR(IF(G59*1000*G51=0, "---", G59*1000*G51), "---") -> --- | H60: =IFERROR(IF(H59*1000*H51=0, "---", H59*1000*H51), "---") -> --- | I60: =IFERROR(IF(I59*1000*I51=0, "---", I59*1000*I51), "---") -> --- | J60: =IFERROR(IF(J59*1000*J51=0, "---", J59*1000*J51), "---") -> --- | ... L60: =IFERROR(IF(L59*1000*L51=0, "---", L59*1000*L51), "---") -> --- | M60: =IFERROR(AVERAGEIF(C60:L60, "<>0"),"---") -> 1083600 | N60: =ROUND(_xlfn.MINIFS(C60:L60, C60:L60, "<>0"),0)&" – "&ROUND(_xlfn.MAXIFS(C60:L60, C60:L60, "<>0"),0) -> 957600 – 1209600
B61: value produced yearly per miner (local currency/y/miner) | C61: =IFERROR(IF(C60/C54=0,"---",C60/C54),"---") -> 4788 | D61: =IFERROR(IF(D60/D54=0,"---",D60/D54),"---") -> 5040 | E61: =IFERROR(IF(E60/E54=0,"---",E60/E54),"---") -> --- | F61: =IFERROR(IF(F60/F54=0,"---",F60/F54),"---") -> --- | G61: =IFERROR(IF(G60/G54=0,"---",G60/G54),"---") -> --- | H61: =IFERROR(IF(H60/H54=0,"---",H60/H54),"---") -> --- | I61: =IFERROR(IF(I60/I54=0,"---",I60/I54),"---") -> --- | J61: =IFERROR(IF(J60/J54=0,"---",J60/J54),"---") -> --- | ... L61: =IFERROR(IF(L60/L54=0,"---",L60/L54),"---") -> --- | M61: =IFERROR(AVERAGEIF(C61:L61, "<>0"),"---") -> 4914 | N61: =ROUND(_xlfn.MINIFS(C61:L61, C61:L61, "<>0"),0)&" – "&ROUND(_xlfn.MAXIFS(C61:L61, C61:L61, "<>0"),0) -> 4788 – 5040
B62: value produced yearly per miner ($USD/y/miner) | C62: =IFERROR(IF(C59*1000*C52/C54=0, "---", C59*1000*C52/C54), "---") -> 4788 | D62: =IFERROR(IF(D59*1000*D52/D54=0, "---", D59*1000*D52/D54), "---") -> 5040 | E62: =IFERROR(IF(E59*1000*E52/E54=0, "---", E59*1000*E52/E54), "---") -> --- | F62: =IFERROR(IF(F59*1000*F52/F54=0, "---", F59*1000*F52/F54), "---") -> --- | G62: =IFERROR(IF(G59*1000*G52/G54=0, "---", G59*1000*G52/G54), "---") -> --- | H62: =IFERROR(IF(H59*1000*H52/H54=0, "---", H59*1000*H52/H54), "---") -> --- | I62: =IFERROR(IF(I59*1000*I52/I54=0, "---", I59*1000*I52/I54), "---") -> --- | J62: =IFERROR(IF(J59*1000*J52/J54=0, "---", J59*1000*J52/J54), "---") -> --- | ... L62: =IFERROR(IF(L59*1000*L52/L54=0, "---", L59*1000*L52/L54), "---") -> --- | M62: =IFERROR(AVERAGEIF(C62:L62, "<>0"),"---") -> 4914 | N62: ="$"&(ROUND(_xlfn.MINIFS(C62:L62, C62:L62, "<>0"),0))&" – $"&(ROUND(_xlfn.MAXIFS(C62:L62, C62:L62, "<>0"),0)) -> $4788 – $5040
B64: Extraction Unit Interviews - Extraction Type 3 | C64: Interview 1 | D64: Interview 2 | E64: Interview 3 | F64: Interview 4 | G64: Interview 5 | H64: Interview 6 | I64: Interview 7 | J64: Interview 8 | K64: Interview 9 | L64: Interview 10 | M64: Average | N64: Range | O64: Comments | Q64: Description of Extraction Type 3
B65: Data entry | Q65: =IF('4-ASGM Site Observations'!G13=0,"n/a",'4-ASGM Site Observations'!G13) -> n/a
B66: interviewee type
B67: interviewee name
B68: ore grade (g/T) | M68: =IFERROR(AVERAGEIF(C68:L68, "<>0"),"---") -> --- | N68: =_xlfn.MINIFS(C68:L68, C68:L68, "<>0")&" – "&_xlfn.MAXIFS(C68:L68, C68:L68, "<>0") -> 0 – 0
B69: gold purity (%) | M69: =IFERROR(AVERAGEIF(C69:L69, "<>0"),"---") -> --- | N69: =(100*(_xlfn.MINIFS(C69:L69,C69:L69,"<>0"))&"% – "&(100*(_xlfn.MAXIFS(C69:L69,C69:L69,"<>0"))))&"%" -> 0% – 0%
B70: daily extraction per miner (T ore/d) | M70: =IFERROR(AVERAGEIF(C70:L70, "<>0"),"---") -> --- | N70: =_xlfn.MINIFS(C70:L70, C70:L70, "<>0")&" – "&_xlfn.MAXIFS(C70:L70, C70:L70, "<>0") -> 0 – 0
B71: average active miners per unit | M71: =IFERROR(AVERAGEIF(C71:L71, "<>0"),"---") -> --- | N71: =_xlfn.MINIFS(C71:L71, C71:L71, "<>0")&" – "&_xlfn.MAXIFS(C71:L71, C71:L71, "<>0") -> 0 – 0
B72: number of units on site - total | M72: =IFERROR(AVERAGEIF(C72:L72, "<>0"),"---") -> --- | N72: =_xlfn.MINIFS(C72:L72, C72:L72, "<>0")&" – "&_xlfn.MAXIFS(C72:L72, C72:L72, "<>0") -> 0 – 0
B73: number of units on site - active | M73: =IFERROR(AVERAGEIF(C73:L73, "<>0"),"---") -> --- | N73: =_xlfn.MINIFS(C73:L73, C73:L73, "<>0")&" – "&_xlfn.MAXIFS(C73:L73, C73:L73, "<>0") -> 0 – 0
B74: shift length (hr) | M74: =IFERROR(AVERAGEIF(C74:L74, "<>0"),"---") -> --- | N74: =_xlfn.MINIFS(C74:L74, C74:L74, "<>0")&" – "&_xlfn.MAXIFS(C74:L74, C74:L74, "<>0") -> 0 – 0
B75: shifts per day | M75: =IFERROR(AVERAGEIF(C75:L75, "<>0"),"---") -> --- | N75: =_xlfn.MINIFS(C75:L75, C75:L75, "<>0")&" – "&_xlfn.MAXIFS(C75:L75, C75:L75, "<>0") -> 0 – 0
B76: days active per week (d/w) | M76: =IFERROR(AVERAGEIF(C76:L76, "<>0"),"---") -> --- | N76: =_xlfn.MINIFS(C76:L76, C76:L76, "<>0")&" – "&_xlfn.MAXIFS(C76:L76, C76:L76, "<>0") -> 0 – 0
B77: months active per year (m/y ) | M77: =IFERROR(AVERAGEIF(C77:L77, "<>0"),"---") -> --- | N77: =_xlfn.MINIFS(C77:L77, C77:L77, "<>0")&" – "&_xlfn.MAXIFS(C77:L77, C77:L77, "<>0") -> 0 – 0
B78: days active per year (d/y) | M78: =IFERROR(AVERAGEIF(C78:L78, "<>0"),"---") -> --- | N78: =_xlfn.MINIFS(C78:L78, C78:L78, "<>0")&" – "&_xlfn.MAXIFS(C78:L78, C78:L78, "<>0") -> 0 – 0
B79: daily earnings per miner (g 24K Au) | M79: =IFERROR(AVERAGEIF(C79:L79, "<>0"),"---") -> --- | N79: =_xlfn.MINIFS(C79:L79, C79:L79, "<>0")&" – "&_xlfn.MAXIFS(C79:L79, C79:L79, "<>0") -> 0 – 0
B80: annual earning per miner (g 24K Au) | M80: =IFERROR(AVERAGEIF(C80:L80, "<>0"),"---") -> --- | N80: =_xlfn.MINIFS(C80:L80, C80:L80, "<>0")&" – "&_xlfn.MAXIFS(C80:L80, C80:L80, "<>0") -> 0 – 0
B81: price per g of pure gold (local currency/g 24K Au) | M81: =IFERROR(AVERAGEIF(C81:L81, "<>0"),"---") -> --- | N81: =_xlfn.MINIFS(C81:L81, C81:L81, "<>0")&" – "&_xlfn.MAXIFS(C81:L81, C81:L81, "<>0") -> 0 – 0
B82: price per g of pure gold ($USD/g 24K Au) | M82: =IFERROR(AVERAGEIF(C82:L82, "<>0"),"---") -> --- | N82: ="$"&(ROUND(_xlfn.MINIFS(C82:L82, C82:L82, "<>0"),2))&" – $"&(ROUND(_xlfn.MAXIFS(C82:L82, C82:L82, "<>0"),2)) -> $0 – $0
B83: Calculations of site-level information
B84: total miners on site (assumed = miners active/d) | C84: =IFERROR(IF(C71*C73*C75=0, "---",C71*C73*C75),"---") -> --- | D84: =IFERROR(IF(D71*D73*D75=0, "---",D71*D73*D75),"---") -> --- | E84: =IFERROR(IF(E71*E73*E75=0, "---",E71*E73*E75),"---") -> --- | F84: =IFERROR(IF(F71*F73*F75=0, "---",F71*F73*F75),"---") -> --- | G84: =IFERROR(IF(G71*G73*G75=0, "---",G71*G73*G75),"---") -> --- | H84: =IFERROR(IF(H71*H73*H75=0, "---",H71*H73*H75),"---") -> --- | I84: =IFERROR(IF(I71*I73*I75=0, "---",I71*I73*I75),"---") -> --- | J84: =IFERROR(IF(J71*J73*J75=0, "---",J71*J73*J75),"---") -> --- | ... L84: =IFERROR(IF(L71*L73*L75=0, "---",L71*L73*L75),"---") -> --- | M84: =IFERROR(AVERAGEIF(C84:L84, "<>0"),"---") -> --- | N84: =ROUND(_xlfn.MINIFS(C84:L84, C84:L84, "<>0"),1)&" – "&ROUND(_xlfn.MAXIFS(C84:L84, C84:L84, "<>0"),1) -> 0 – 0
B85: daily ore extraction per unit (T ore/d/unit) | C85: =IFERROR(IF(C70*C71*C75=0, "---",C70*C71*C75),"---") -> --- | D85: =IFERROR(IF(D70*D71*D75=0, "---",D70*D71*D75),"---") -> --- | E85: =IFERROR(IF(E70*E71*E75=0, "---",E70*E71*E75),"---") -> --- | F85: =IFERROR(IF(F70*F71*F75=0, "---",F70*F71*F75),"---") -> --- | G85: =IFERROR(IF(G70*G71*G75=0, "---",G70*G71*G75),"---") -> --- | H85: =IFERROR(IF(H70*H71*H75=0, "---",H70*H71*H75),"---") -> --- | I85: =IFERROR(IF(I70*I71*I75=0, "---",I70*I71*I75),"---") -> --- | J85: =IFERROR(IF(J70*J71*J75=0, "---",J70*J71*J75),"---") -> --- | ... L85: =IFERROR(IF(L70*L71*L75=0, "---",L70*L71*L75),"---") -> --- | M85: =IFERROR(AVERAGEIF(C85:L85, "<>0"),"---") -> --- | N85: =ROUND(_xlfn.MINIFS(C85:L85, C85:L85, "<>0"),1)&" – "&ROUND(_xlfn.MAXIFS(C85:L85, C85:L85, "<>0"),1) -> 0 – 0
B86: daily ore extraction on site (T ore/d/site) | C86: =IFERROR(IF(C70*C71*C75*C73=0, "---",C70*C71*C75*C73),"---") -> --- | D86: =IFERROR(IF(D70*D71*D75*D73=0, "---",D70*D71*D75*D73),"---") -> --- | E86: =IFERROR(IF(E70*E71*E75*E73=0, "---",E70*E71*E75*E73),"---") -> --- | F86: =IFERROR(IF(F70*F71*F75*F73=0, "---",F70*F71*F75*F73),"---") -> --- | G86: =IFERROR(IF(G70*G71*G75*G73=0, "---",G70*G71*G75*G73),"---") -> --- | H86: =IFERROR(IF(H70*H71*H75*H73=0, "---",H70*H71*H75*H73),"---") -> --- | I86: =IFERROR(IF(I70*I71*I75*I73=0, "---",I70*I71*I75*I73),"---") -> --- | J86: =IFERROR(IF(J70*J71*J75*J73=0, "---",J70*J71*J75*J73),"---") -> --- | ... L86: =IFERROR(IF(L70*L71*L75*L73=0, "---",L70*L71*L75*L73),"---") -> --- | M86: =IFERROR(AVERAGEIF(C86:L86, "<>0"),"---") -> --- | N86: =ROUND(_xlfn.MINIFS(C86:L86, C86:L86, "<>0"),1)&" – "&ROUND(_xlfn.MAXIFS(C86:L86, C86:L86, "<>0"),1) -> 0 – 0
B87: yearly ore extraction on site (T ore/y/site) | C87: =IFERROR(IF(C70*C71*C75*C73*C78=0, "---",C70*C71*C75*C73*C78),"---") -> --- | D87: =IFERROR(IF(D70*D71*D75*D73*D78=0, "---",D70*D71*D75*D73*D78),"---") -> --- | E87: =IFERROR(IF(E70*E71*E75*E73*E78=0, "---",E70*E71*E75*E73*E78),"---") -> --- | F87: =IFERROR(IF(F70*F71*F75*F73*F78=0, "---",F70*F71*F75*F73*F78),"---") -> --- | G87: =IFERROR(IF(G70*G71*G75*G73*G78=0, "---",G70*G71*G75*G73*G78),"---") -> --- | H87: =IFERROR(IF(H70*H71*H75*H73*H78=0, "---",H70*H71*H75*H73*H78),"---") -> --- | I87: =IFERROR(IF(I70*I71*I75*I73*I78=0, "---",I70*I71*I75*I73*I78),"---") -> --- | J87: =IFERROR(IF(J70*J71*J75*J73*J78=0, "---",J70*J71*J75*J73*J78),"---") -> --- | ... L87: =IFERROR(IF(L70*L71*L75*L73*L78=0, "---",L70*L71*L75*L73*L78),"---") -> --- | M87: =IFERROR(AVERAGEIF(C87:L87, "<>0"),"---") -> --- | N87: =ROUND(_xlfn.MINIFS(C87:L87, C87:L87, "<>0"),0)&" – "&ROUND(_xlfn.MAXIFS(C87:L87, C87:L87, "<>0"),0) -> 0 – 0
B88: yearly Au extracted on site - impure (kg Au/y/site) | C88: =IFERROR(IF(C70*C71*C75*C73*C78*C68/1000=0, "---",C70*C71*C75*C73*C78*C68/1000),"---") -> --- | D88: =IFERROR(IF(D70*D71*D75*D73*D78*D68/1000=0, "---",D70*D71*D75*D73*D78*D68/1000),"---") -> --- | E88: =IFERROR(IF(E70*E71*E75*E73*E78*E68/1000=0, "---",E70*E71*E75*E73*E78*E68/1000),"---") -> --- | F88: =IFERROR(IF(F70*F71*F75*F73*F78*F68/1000=0, "---",F70*F71*F75*F73*F78*F68/1000),"---") -> --- | G88: =IFERROR(IF(G70*G71*G75*G73*G78*G68/1000=0, "---",G70*G71*G75*G73*G78*G68/1000),"---") -> --- | H88: =IFERROR(IF(H70*H71*H75*H73*H78*H68/1000=0, "---",H70*H71*H75*H73*H78*H68/1000),"---") -> --- | I88: =IFERROR(IF(I70*I71*I75*I73*I78*I68/1000=0, "---",I70*I71*I75*I73*I78*I68/1000),"---") -> --- | J88: =IFERROR(IF(J70*J71*J75*J73*J78*J68/1000=0, "---",J70*J71*J75*J73*J78*J68/1000),"---") -> --- | ... L88: =IFERROR(IF(L70*L71*L75*L73*L78*L68/1000=0, "---",L70*L71*L75*L73*L78*L68/1000),"---") -> --- | M88: =IFERROR(AVERAGEIF(C88:L88, "<>0"),"---") -> --- | N88: =ROUND(_xlfn.MINIFS(C88:L88, C88:L88, "<>0"),0)&" – "&ROUND(_xlfn.MAXIFS(C88:L88, C88:L88, "<>0"),0) -> 0 – 0
B89: yearly Au extracted on site - pure (kg Au/y/site) | C89: =IFERROR(IF(C70*C71*C75*C73*C78*C68*C69/1000=0, "---",C70*C71*C75*C73*C78*C68*C69/1000),"---") -> --- | D89: =IFERROR(IF(D70*D71*D75*D73*D78*D68*D69/1000=0, "---",D70*D71*D75*D73*D78*D68*D69/1000),"---") -> --- | E89: =IFERROR(IF(E70*E71*E75*E73*E78*E68*E69/1000=0, "---",E70*E71*E75*E73*E78*E68*E69/1000),"---") -> --- | F89: =IFERROR(IF(F70*F71*F75*F73*F78*F68*F69/1000=0, "---",F70*F71*F75*F73*F78*F68*F69/1000),"---") -> --- | G89: =IFERROR(IF(G70*G71*G75*G73*G78*G68*G69/1000=0, "---",G70*G71*G75*G73*G78*G68*G69/1000),"---") -> --- | H89: =IFERROR(IF(H70*H71*H75*H73*H78*H68*H69/1000=0, "---",H70*H71*H75*H73*H78*H68*H69/1000),"---") -> --- | I89: =IFERROR(IF(I70*I71*I75*I73*I78*I68*I69/1000=0, "---",I70*I71*I75*I73*I78*I68*I69/1000),"---") -> --- | J89: =IFERROR(IF(J70*J71*J75*J73*J78*J68*J69/1000=0, "---",J70*J71*J75*J73*J78*J68*J69/1000),"---") -> --- | ... L89: =IFERROR(IF(L70*L71*L75*L73*L78*L68*L69/1000=0, "---",L70*L71*L75*L73*L78*L68*L69/1000),"---") -> --- | M89: =IFERROR(AVERAGEIF(C89:L89, "<>0"),"---") -> --- | N89: =ROUND(_xlfn.MINIFS(C89:L89, C89:L89, "<>0"),0)&" – "&ROUND(_xlfn.MAXIFS(C89:L89, C89:L89, "<>0"),0) -> 0 – 0
B90: value of yearly Au extracted on site (local currency/y/site) | C90: =IFERROR(IF(C89*1000*C81=0, "---", C89*1000*C81), "---") -> --- | D90: =IFERROR(IF(D89*1000*D81=0, "---", D89*1000*D81), "---") -> --- | E90: =IFERROR(IF(E89*1000*E81=0, "---", E89*1000*E81), "---") -> --- | F90: =IFERROR(IF(F89*1000*F81=0, "---", F89*1000*F81), "---") -> --- | G90: =IFERROR(IF(G89*1000*G81=0, "---", G89*1000*G81), "---") -> --- | H90: =IFERROR(IF(H89*1000*H81=0, "---", H89*1000*H81), "---") -> --- | I90: =IFERROR(IF(I89*1000*I81=0, "---", I89*1000*I81), "---") -> --- | J90: =IFERROR(IF(J89*1000*J81=0, "---", J89*1000*J81), "---") -> --- | ... L90: =IFERROR(IF(L89*1000*L81=0, "---", L89*1000*L81), "---") -> --- | M90: =IFERROR(AVERAGEIF(C90:L90, "<>0"),"---") -> --- | N90: =ROUND(_xlfn.MINIFS(C90:L90, C90:L90, "<>0"),0)&" – "&ROUND(_xlfn.MAXIFS(C90:L90, C90:L90, "<>0"),0) -> 0 – 0
B91: value produced yearly per miner (local currency/y/miner) | C91: =IFERROR(IF(C90/C84=0,"---",C90/C84),"---") -> --- | D91: =IFERROR(IF(D90/D84=0,"---",D90/D84),"---") -> --- | E91: =IFERROR(IF(E90/E84=0,"---",E90/E84),"---") -> --- | F91: =IFERROR(IF(F90/F84=0,"---",F90/F84),"---") -> --- | G91: =IFERROR(IF(G90/G84=0,"---",G90/G84),"---") -> --- | H91: =IFERROR(IF(H90/H84=0,"---",H90/H84),"---") -> --- | I91: =IFERROR(IF(I90/I84=0,"---",I90/I84),"---") -> --- | J91: =IFERROR(IF(J90/J84=0,"---",J90/J84),"---") -> --- | ... L91: =IFERROR(IF(L90/L84=0,"---",L90/L84),"---") -> --- | M91: =IFERROR(AVERAGEIF(C91:L91, "<>0"),"---") -> --- | N91: =ROUND(_xlfn.MINIFS(C91:L91, C91:L91, "<>0"),0)&" – "&ROUND(_xlfn.MAXIFS(C91:L91, C91:L91, "<>0"),0) -> 0 – 0
B92: value produced yearly per miner ($USD/y/miner) | C92: =IFERROR(IF(C89*1000*C82/C84=0, "---", C89*1000*C82/C84), "---") -> --- | D92: =IFERROR(IF(D89*1000*D82/D84=0, "---", D89*1000*D82/D84), "---") -> --- | E92: =IFERROR(IF(E89*1000*E82/E84=0, "---", E89*1000*E82/E84), "---") -> --- | F92: =IFERROR(IF(F89*1000*F82/F84=0, "---", F89*1000*F82/F84), "---") -> --- | G92: =IFERROR(IF(G89*1000*G82/G84=0, "---", G89*1000*G82/G84), "---") -> --- | H92: =IFERROR(IF(H89*1000*H82/H84=0, "---", H89*1000*H82/H84), "---") -> --- | I92: =IFERROR(IF(I89*1000*I82/I84=0, "---", I89*1000*I82/I84), "---") -> --- | J92: =IFERROR(IF(J89*1000*J82/J84=0, "---", J89*1000*J82/J84), "---") -> --- | ... L92: =IFERROR(IF(L89*1000*L82/L84=0, "---", L89*1000*L82/L84), "---") -> --- | M92: =IFERROR(AVERAGEIF(C92:L92, "<>0"),"---") -> --- | N92: ="$"&(ROUND(_xlfn.MINIFS(C92:L92, C92:L92, "<>0"),0))&" – $"&(ROUND(_xlfn.MAXIFS(C92:L92, C92:L92, "<>0"),0)) -> $0 – $0
B94: * Add additional Processing table for each new type of extraction *
B96: SUM OF ALL TYPES | M96: Average | N96: Range | O96: Comments
B97: yearly earnings per extraction worker (local currency/y) | M97: =IFERROR(IF(AVERAGE(M50,M80,M20)=0,"---",AVERAGE(M50,M80,M20)),"---") -> 100 | N97: =ROUND(MIN(C80:L80,C50:L50,C20:L20),0)&" – "&ROUND(MAX(C80:L80,C50:L50,C20:L20),0) -> 80 – 120
B98: yearly ore extraction on site (T ore/y/site) | M98: =IFERROR(IF(SUM(M87,M57,M27)=0,"---",SUM(M87,M57,M27)),"---") -> 20800 | N98: =ROUND((_xlfn.MINIFS(C27:L27, C27:L27, "<>0"))+(_xlfn.MINIFS(C57:L57, C57:L57, "<>0"))+(_xlfn.MINIFS(C87:L87, C87:L87, "<>0")),0)&" – "&ROUND((_xlfn.MAXIFS(C27:L27, C27:L27, "<>0"))+(_xlfn.MAXIFS(C57:L57, C57:L57, "<>0"))+(_xlfn.MAXIFS(C87:L87, C87:L87, "<>0")),0) -> 18000 – 23600
B99: yearly Au extracted on site - pure (kg Au/y/site) | M99: =IFERROR(IF(SUM(M89,M59,M29)=0,"---",SUM(M89,M59,M29)),"---") -> 59.28 | N99: =ROUND((_xlfn.MINIFS(C29:L29, C29:L29, "<>0"))+(_xlfn.MINIFS(C59:L59, C59:L59, "<>0"))+(_xlfn.MINIFS(C89:L89, C89:L89, "<>0")),0)&" – "&ROUND((_xlfn.MAXIFS(C29:L29, C29:L29, "<>0"))+(_xlfn.MAXIFS(C59:L59, C59:L59, "<>0"))+(_xlfn.MAXIFS(C89:L89, C89:L89, "<>0")),0) -> 53 – 65
B100: total active extraction workers on site (workers active/d) | M100: =IFERROR(IF(SUM(M84,M54,M24)=0,"---",SUM(M84,M54,M24)),"---") -> 430 | N100: =ROUND((_xlfn.MINIFS(C24:L24, C24:L24, "<>0"))+(_xlfn.MINIFS(C54:L54, C54:L54, "<>0"))+(_xlfn.MINIFS(C84:L84, C84:L84, "<>0")),0)&" – "&ROUND((_xlfn.MAXIFS(C24:L24, C24:L24, "<>0"))+(_xlfn.MAXIFS(C54:L54, C54:L54, "<>0"))+(_xlfn.MAXIFS(C84:L84, C84:L84, "<>0")),0) -> 400 – 460

Sheet 5-Site Interview | Transport
A1: ="ASGM Site: "&'1-Location Info'!C3&" | Interviews with ASGM workers about Transport" -> ASGM Site: Placerton | Interviews with ASGM workers about Transport
A2: Data Collection Form "ASGM Site Interview: Transport"
B4: Transport Interviews - Transport Type 1 | C4: Interview 1 | D4: Interview 2 | E4: Interview 3 | F4: Interview 4 | G4: Interview 5 | H4: Interview 6 | I4: Interview 7 | J4: Interview 8 | K4: Interview 9 | L4: Interview 10 | M4: Average | N4: Range | O4: Comments | Q4: Description of Transport Type 1
B5: Data entry | Q5: =IF('4-ASGM Site Observations'!C23=0,"n/a",'4-ASGM Site Observations'!C23) -> A truck that can carry 40 bags of ore. Each bag is 50 kg. (2T capacity)
B6: interviewee type | C6: TRANSPORT WORKER | D6: TRANSPORT WORKER
B7: interviewee name | C7: Alassane | D7: Albert
B8: ore grade (g/T) | C8: 10 | D8: 10 | M8: =IFERROR(AVERAGEIF(C8:L8, "<>0"),"---") -> 10 | N8: =_xlfn.MINIFS(C8:L8, C8:L8, "<>0")&" – "&_xlfn.MAXIFS(C8:L8, C8:L8, "<>0") -> 10 – 10
B9: gold purity (%) | C9: 0.7 | D9: 0.7 | M9: =IFERROR(AVERAGEIF(C9:L9, "<>0"),"---") -> 0.7 | N9: =(100*(_xlfn.MINIFS(C9:L9,C9:L9,"<>0"))&"% – "&(100*(_xlfn.MAXIFS(C9:L9,C9:L9,"<>0"))))&"%" -> 70% – 70%
B10: unit type (e.g., truck, bike, person) | C10: truck | D10: truck | M10: =C10 -> truck | N10: =_xlfn.MINIFS(C10:L10, C10:L10, "<>0")&" – "&_xlfn.MAXIFS(C10:L10, C10:L10, "<>0") -> 0 – 0
B11: capacity of unit (T ore) | C11: 2 | D11: 1.5 | M11: =IFERROR(AVERAGEIF(C11:L11, "<>0"),"---") -> 1.75 | N11: =_xlfn.MINIFS(C11:L11, C11:L11, "<>0")&" – "&_xlfn.MAXIFS(C11:L11, C11:L11, "<>0") -> 1.5 – 2
B12: number of units on site - active during a shift | C12: 4 | D12: 4 | M12: =IFERROR(AVERAGEIF(C12:L12, "<>0"),"---") -> 4 | N12: =_xlfn.MINIFS(C12:L12, C12:L12, "<>0")&" – "&_xlfn.MAXIFS(C12:L12, C12:L12, "<>0") -> 4 – 4
B13: shifts per day | C13: 1 | D13: 1 | M13: =IFERROR(AVERAGEIF(C13:L13, "<>0"),"---") -> 1 | N13: =_xlfn.MINIFS(C13:L13, C13:L13, "<>0")&" – "&_xlfn.MAXIFS(C13:L13, C13:L13, "<>0") -> 1 – 1
B14: typical number of trips in one shift | C14: 2 | D14: 2 | M14: =IFERROR(AVERAGEIF(C14:L14, "<>0"),"---") -> 2 | N14: =_xlfn.MINIFS(C14:L14, C14:L14, "<>0")&" – "&_xlfn.MAXIFS(C14:L14, C14:L14, "<>0") -> 2 – 2
B15: average number workers per unit | C15: 2 | D15: 2 | M15: =IFERROR(AVERAGEIF(C15:L15, "<>0"),"---") -> 2 | N15: =_xlfn.MINIFS(C15:L15, C15:L15, "<>0")&" – "&_xlfn.MAXIFS(C15:L15, C15:L15, "<>0") -> 2 – 2
B16: days active per week (d/w) | C16: 6 | D16: 6 | M16: =IFERROR(AVERAGEIF(C16:L16, "<>0"),"---") -> 6 | N16: =_xlfn.MINIFS(C16:L16, C16:L16, "<>0")&" – "&_xlfn.MAXIFS(C16:L16, C16:L16, "<>0") -> 6 – 6
B17: months active per year (m/y ) | C17: 10 | D17: 10 | M17: =IFERROR(AVERAGEIF(C17:L17, "<>0"),"---") -> 10 | N17: =_xlfn.MINIFS(C17:L17, C17:L17, "<>0")&" – "&_xlfn.MAXIFS(C17:L17, C17:L17, "<>0") -> 10 – 10
B18: days active per year (d/y) | C18: 200 | D18: 200 | M18: =IFERROR(AVERAGEIF(C18:L18, "<>0"),"---") -> 200 | N18: =_xlfn.MINIFS(C18:L18, C18:L18, "<>0")&" – "&_xlfn.MAXIFS(C18:L18, C18:L18, "<>0") -> 200 – 200
B19: daily earning per worker (g 24K Au) | C19: 0.5 | D19: 0.5 | M19: =IFERROR(AVERAGEIF(C19:L19, "<>0"),"---") -> 0.5 | N19: =_xlfn.MINIFS(C19:L19, C19:L19, "<>0")&" – "&_xlfn.MAXIFS(C19:L19, C19:L19, "<>0") -> 0.5 – 0.5
B20: annual earning per worker (g 24K Au) | C20: 120 | D20: 110 | M20: =IFERROR(AVERAGEIF(C20:L20, "<>0"),"---") -> 115 | N20: =_xlfn.MINIFS(C20:L20, C20:L20, "<>0")&" – "&_xlfn.MAXIFS(C20:L20, C20:L20, "<>0") -> 110 – 120
B21: price per g of pure gold (local currency/g 24K Au) | C21: 38 | D21: 38 | M21: =IFERROR(AVERAGEIF(C21:L21, "<>0"),"---") -> 38 | N21: =_xlfn.MINIFS(C21:L21, C21:L21, "<>0")&" – "&_xlfn.MAXIFS(C21:L21, C21:L21, "<>0") -> 38 – 38
B22: price per g of pure gold ($USD/g 24K Au) | C22: 38 | D22: 38 | M22: =IFERROR(AVERAGEIF(C22:L22, "<>0"),"---") -> 38 | N22: ="$"&_xlfn.MINIFS(C22:L22, C22:L22, "<>0")&" – $"&_xlfn.MAXIFS(C22:L22, C22:L22, "<>0") -> $38 – $38
B23: Calculations of site-level information
B24: total active workers on site (assumed = workers active/d) | C24: =IFERROR(IF(C15*C12*C13=0, "---",C15*C12*C13),"---") -> 8 | D24: =IFERROR(IF(D15*D12*D13=0, "---",D15*D12*D13),"---") -> 8 | E24: =IFERROR(IF(E15*E12*E13=0, "---",E15*E12*E13),"---") -> --- | F24: =IFERROR(IF(F15*F12*F13=0, "---",F15*F12*F13),"---") -> --- | G24: =IFERROR(IF(G15*G12*G13=0, "---",G15*G12*G13),"---") -> --- | H24: =IFERROR(IF(H15*H12*H13=0, "---",H15*H12*H13),"---") -> --- | I24: =IFERROR(IF(I15*I12*I13=0, "---",I15*I12*I13),"---") -> --- | J24: =IFERROR(IF(J15*J12*J13=0, "---",J15*J12*J13),"---") -> --- | ... L24: =IFERROR(IF(L15*L12*L13=0, "---",L15*L12*L13),"---") -> --- | M24: =IFERROR(AVERAGEIF(C24:L24, "<>0"),"---") -> 8 | N24: =ROUND(_xlfn.MINIFS(C24:L24, C24:L24, "<>0"),1)&" – "&ROUND(_xlfn.MAXIFS(C24:L24, C24:L24, "<>0"),1) -> 8 – 8
B25: daily ore transported per unit (T ore/d/unit) | C25: =IFERROR(IF(C11*C14*C13=0, "---",C11*C14*C13),"---") -> 4 | D25: =IFERROR(IF(D11*D14*D13=0, "---",D11*D14*D13),"---") -> 3 | E25: =IFERROR(IF(E11*E14*E13=0, "---",E11*E14*E13),"---") -> --- | F25: =IFERROR(IF(F11*F14*F13=0, "---",F11*F14*F13),"---") -> --- | G25: =IFERROR(IF(G11*G14*G13=0, "---",G11*G14*G13),"---") -> --- | H25: =IFERROR(IF(H11*H14*H13=0, "---",H11*H14*H13),"---") -> --- | I25: =IFERROR(IF(I11*I14*I13=0, "---",I11*I14*I13),"---") -> --- | J25: =IFERROR(IF(J11*J14*J13=0, "---",J11*J14*J13),"---") -> --- | ... L25: =IFERROR(IF(L11*L14*L13=0, "---",L11*L14*L13),"---") -> --- | M25: =IFERROR(AVERAGEIF(C25:L25, "<>0"),"---") -> 3.5 | N25: =ROUND(_xlfn.MINIFS(C25:L25, C25:L25, "<>0"),1)&" – "&ROUND(_xlfn.MAXIFS(C25:L25, C25:L25, "<>0"),1) -> 3 – 4
B26: daily ore transported on site (T ore/d/site) | C26: =IFERROR(IF(C11*C14*C13*C12=0, "---",C11*C14*C13*C12),"---") -> 16 | D26: =IFERROR(IF(D11*D14*D13*D12=0, "---",D11*D14*D13*D12),"---") -> 12 | E26: =IFERROR(IF(E11*E14*E13*E12=0, "---",E11*E14*E13*E12),"---") -> --- | F26: =IFERROR(IF(F11*F14*F13*F12=0, "---",F11*F14*F13*F12),"---") -> --- | G26: =IFERROR(IF(G11*G14*G13*G12=0, "---",G11*G14*G13*G12),"---") -> --- | H26: =IFERROR(IF(H11*H14*H13*H12=0, "---",H11*H14*H13*H12),"---") -> --- | I26: =IFERROR(IF(I11*I14*I13*I12=0, "---",I11*I14*I13*I12),"---") -> --- | J26: =IFERROR(IF(J11*J14*J13*J12=0, "---",J11*J14*J13*J12),"---") -> --- | ... L26: =IFERROR(IF(L11*L14*L13*L12=0, "---",L11*L14*L13*L12),"---") -> --- | M26: =IFERROR(AVERAGEIF(C26:L26, "<>0"),"---") -> 14 | N26: =ROUND(_xlfn.MINIFS(C26:L26, C26:L26, "<>0"),1)&" – "&ROUND(_xlfn.MAXIFS(C26:L26, C26:L26, "<>0"),1) -> 12 – 16
B27: yearly ore transport on site (T ore/y/site) | C27: =IFERROR(IF(C26*C18=0, "---",C26*C18),"---") -> 3200 | D27: =IFERROR(IF(D26*D18=0, "---",D26*D18),"---") -> 2400 | E27: =IFERROR(IF(E26*E18=0, "---",E26*E18),"---") -> --- | F27: =IFERROR(IF(F26*F18=0, "---",F26*F18),"---") -> --- | G27: =IFERROR(IF(G26*G18=0, "---",G26*G18),"---") -> --- | H27: =IFERROR(IF(H26*H18=0, "---",H26*H18),"---") -> --- | I27: =IFERROR(IF(I26*I18=0, "---",I26*I18),"---") -> --- | J27: =IFERROR(IF(J26*J18=0, "---",J26*J18),"---") -> --- | ... L27: =IFERROR(IF(L26*L18=0, "---",L26*L18),"---") -> --- | M27: =IFERROR(AVERAGEIF(C27:L27, "<>0"),"---") -> 2800 | N27: =ROUND(_xlfn.MINIFS(C27:L27, C27:L27, "<>0"),0)&" – "&ROUND(_xlfn.MAXIFS(C27:L27, C27:L27, "<>0"),0) -> 2400 – 3200
B28: yearly Au produced on site - impure (kg Au/y/site) | C28: =IFERROR(IF(C27*C8/1000=0, "---",C27*C8/1000),"---") -> 32 | D28: =IFERROR(IF(D27*D8/1000=0, "---",D27*D8/1000),"---") -> 24 | E28: =IFERROR(IF(E27*E8/1000=0, "---",E27*E8/1000),"---") -> --- | F28: =IFERROR(IF(F27*F8/1000=0, "---",F27*F8/1000),"---") -> --- | G28: =IFERROR(IF(G27*G8/1000=0, "---",G27*G8/1000),"---") -> --- | H28: =IFERROR(IF(H27*H8/1000=0, "---",H27*H8/1000),"---") -> --- | I28: =IFERROR(IF(I27*I8/1000=0, "---",I27*I8/1000),"---") -> --- | J28: =IFERROR(IF(J27*J8/1000=0, "---",J27*J8/1000),"---") -> --- | ... L28: =IFERROR(IF(L27*L8/1000=0, "---",L27*L8/1000),"---") -> --- | M28: =IFERROR(AVERAGEIF(C28:L28, "<>0"),"---") -> 28 | N28: =ROUND(_xlfn.MINIFS(C28:L28, C28:L28, "<>0"),0)&" – "&ROUND(_xlfn.MAXIFS(C28:L28, C28:L28, "<>0"),0) -> 24 – 32
B29: yearly Au produced on site - pure (kg Au/y/site) | C29: =IFERROR(IF(C28*C9=0, "---",C28*C9),"---") -> 22.4 | D29: =IFERROR(IF(D28*D9=0, "---",D28*D9),"---") -> 16.8 | E29: =IFERROR(IF(E28*E9=0, "---",E28*E9),"---") -> --- | F29: =IFERROR(IF(F28*F9=0, "---",F28*F9),"---") -> --- | G29: =IFERROR(IF(G28*G9=0, "---",G28*G9),"---") -> --- | H29: =IFERROR(IF(H28*H9=0, "---",H28*H9),"---") -> --- | I29: =IFERROR(IF(I28*I9=0, "---",I28*I9),"---") -> --- | J29: =IFERROR(IF(J28*J9=0, "---",J28*J9),"---") -> --- | ... L29: =IFERROR(IF(L28*L9=0, "---",L28*L9),"---") -> --- | M29: =IFERROR(AVERAGEIF(C29:L29, "<>0"),"---") -> 19.6 | N29: =ROUND(_xlfn.MINIFS(C29:L29, C29:L29, "<>0"),0)&" – "&ROUND(_xlfn.MAXIFS(C29:L29, C29:L29, "<>0"),0) -> 17 – 22
B30: value of yearly Au produced on site (local currency/y/site) | C30: =IFERROR(IF(C29*1000*C21=0, "---", C29*1000*C21), "---") -> 851200 | D30: =IFERROR(IF(D29*1000*D21=0, "---", D29*1000*D21), "---") -> 638400 | E30: =IFERROR(IF(E29*1000*E21=0, "---", E29*1000*E21), "---") -> --- | F30: =IFERROR(IF(F29*1000*F21=0, "---", F29*1000*F21), "---") -> --- | G30: =IFERROR(IF(G29*1000*G21=0, "---", G29*1000*G21), "---") -> --- | H30: =IFERROR(IF(H29*1000*H21=0, "---", H29*1000*H21), "---") -> --- | I30: =IFERROR(IF(I29*1000*I21=0, "---", I29*1000*I21), "---") -> --- | J30: =IFERROR(IF(J29*1000*J21=0, "---", J29*1000*J21), "---") -> --- | ... L30: =IFERROR(IF(L29*1000*L21=0, "---", L29*1000*L21), "---") -> --- | M30: =IFERROR(AVERAGEIF(C30:L30, "<>0"),"---") -> 744800 | N30: =ROUND(_xlfn.MINIFS(C30:L30, C30:L30, "<>0"),0)&" – "&ROUND(_xlfn.MAXIFS(C30:L30, C30:L30, "<>0"),0) -> 638400 – 851200
B32: Transport Interviews - Transport Type 2 | C32: Interview 1 | D32: Interview 2 | E32: Interview 3 | F32: Interview 4 | G32: Interview 5 | H32: Interview 6 | I32: Interview 7 | J32: Interview 8 | K32: Interview 9 | L32: Interview 10 | M32: Average | N32: Range | O32: Comments | Q32: Description of Transport Type 2
B33: Data entry | Q33: =IF('4-ASGM Site Observations'!F23=0,"n/a",'4-ASGM Site Observations'!F23) -> A motorcycle that can carry 2 bags of ore. Each bag is 50 kg.
B34: interviewee type | C34: TRANSPORT WORKER | D34: TRANSPORT WORKER
B35: interviewee name | C35: Mamadou | D35: Jack
B36: ore grade (g/T) | C36: 10 | D36: 10 | M36: =IFERROR(AVERAGEIF(C36:L36, "<>0"),"---") -> 10 | N36: =_xlfn.MINIFS(C36:L36, C36:L36, "<>0")&" – "&_xlfn.MAXIFS(C36:L36, C36:L36, "<>0") -> 10 – 10
B37: gold purity (%) | C37: 0.7 | D37: 0.7 | M37: =IFERROR(AVERAGEIF(C37:L37, "<>0"),"---") -> 0.7 | N37: =(100*(_xlfn.MINIFS(C37:L37,C37:L37,"<>0"))&"% – "&(100*(_xlfn.MAXIFS(C37:L37,C37:L37,"<>0"))))&"%" -> 70% – 70%
B38: unit type (e.g., truck, bike, person) | C38: motorcycle | D38: motorcycle | M38: =C38 -> motorcycle | N38: =_xlfn.MINIFS(C38:L38, C38:L38, "<>0")&" – "&_xlfn.MAXIFS(C38:L38, C38:L38, "<>0") -> 0 – 0
B39: capacity of unit (T ore) | C39: 0.1 | D39: 0.1 | M39: =IFERROR(AVERAGEIF(C39:L39, "<>0"),"---") -> 0.1 | N39: =_xlfn.MINIFS(C39:L39, C39:L39, "<>0")&" – "&_xlfn.MAXIFS(C39:L39, C39:L39, "<>0") -> 0.1 – 0.1
B40: number of units on site - active during a shift | C40: 20 | D40: 24 | M40: =IFERROR(AVERAGEIF(C40:L40, "<>0"),"---") -> 22 | N40: =_xlfn.MINIFS(C40:L40, C40:L40, "<>0")&" – "&_xlfn.MAXIFS(C40:L40, C40:L40, "<>0") -> 20 – 24
B41: shifts per day | C41: 1 | D41: 1 | M41: =IFERROR(AVERAGEIF(C41:L41, "<>0"),"---") -> 1 | N41: =_xlfn.MINIFS(C41:L41, C41:L41, "<>0")&" – "&_xlfn.MAXIFS(C41:L41, C41:L41, "<>0") -> 1 – 1
B42: typical number of trips in one shift | C42: 4 | D42: 4 | M42: =IFERROR(AVERAGEIF(C42:L42, "<>0"),"---") -> 4 | N42: =_xlfn.MINIFS(C42:L42, C42:L42, "<>0")&" – "&_xlfn.MAXIFS(C42:L42, C42:L42, "<>0") -> 4 – 4
B43: average number workers per unit | C43: 1 | D43: 1 | M43: =IFERROR(AVERAGEIF(C43:L43, "<>0"),"---") -> 1 | N43: =_xlfn.MINIFS(C43:L43, C43:L43, "<>0")&" – "&_xlfn.MAXIFS(C43:L43, C43:L43, "<>0") -> 1 – 1
B44: days active per week (d/w) | C44: 6 | D44: 6 | M44: =IFERROR(AVERAGEIF(C44:L44, "<>0"),"---") -> 6 | N44: =_xlfn.MINIFS(C44:L44, C44:L44, "<>0")&" – "&_xlfn.MAXIFS(C44:L44, C44:L44, "<>0") -> 6 – 6
B45: months active per year (m/y ) | C45: 10 | D45: 10 | M45: =IFERROR(AVERAGEIF(C45:L45, "<>0"),"---") -> 10 | N45: =_xlfn.MINIFS(C45:L45, C45:L45, "<>0")&" – "&_xlfn.MAXIFS(C45:L45, C45:L45, "<>0") -> 10 – 10
B46: days active per year (d/y) | C46: 200 | D46: 200 | M46: =IFERROR(AVERAGEIF(C46:L46, "<>0"),"---") -> 200 | N46: =_xlfn.MINIFS(C46:L46, C46:L46, "<>0")&" – "&_xlfn.MAXIFS(C46:L46, C46:L46, "<>0") -> 200 – 200
B47: daily earning per worker (g 24K Au) | C47: 0.5 | D47: 0.5 | M47: =IFERROR(AVERAGEIF(C47:L47, "<>0"),"---") -> 0.5 | N47: =_xlfn.MINIFS(C47:L47, C47:L47, "<>0")&" – "&_xlfn.MAXIFS(C47:L47, C47:L47, "<>0") -> 0.5 – 0.5
B48: annual earning per worker (g 24K Au) | C48: 120 | D48: 110 | M48: =IFERROR(AVERAGEIF(C48:L48, "<>0"),"---") -> 115 | N48: =_xlfn.MINIFS(C48:L48, C48:L48, "<>0")&" – "&_xlfn.MAXIFS(C48:L48, C48:L48, "<>0") -> 110 – 120
B49: price per g of pure gold (local currency/g 24K Au) | C49: 38 | D49: 38 | M49: =IFERROR(AVERAGEIF(C49:L49, "<>0"),"---") -> 38 | N49: =_xlfn.MINIFS(C49:L49, C49:L49, "<>0")&" – "&_xlfn.MAXIFS(C49:L49, C49:L49, "<>0") -> 38 – 38
B50: price per g of pure gold ($USD/g 24K Au) | C50: 38 | D50: 38 | M50: =IFERROR(AVERAGEIF(C50:L50, "<>0"),"---") -> 38 | N50: ="$"&_xlfn.MINIFS(C50:L50, C50:L50, "<>0")&" – $"&_xlfn.MAXIFS(C50:L50, C50:L50, "<>0") -> $38 – $38
B51: Calculations of site-level information
B52: total active workers on site (assumed = workers active/d) | C52: =IFERROR(IF(C43*C40*C41=0, "---",C43*C40*C41),"---") -> 20 | D52: =IFERROR(IF(D43*D40*D41=0, "---",D43*D40*D41),"---") -> 24 | E52: =IFERROR(IF(E43*E40*E41=0, "---",E43*E40*E41),"---") -> --- | F52: =IFERROR(IF(F43*F40*F41=0, "---",F43*F40*F41),"---") -> --- | G52: =IFERROR(IF(G43*G40*G41=0, "---",G43*G40*G41),"---") -> --- | H52: =IFERROR(IF(H43*H40*H41=0, "---",H43*H40*H41),"---") -> --- | I52: =IFERROR(IF(I43*I40*I41=0, "---",I43*I40*I41),"---") -> --- | J52: =IFERROR(IF(J43*J40*J41=0, "---",J43*J40*J41),"---") -> --- | ... L52: =IFERROR(IF(L43*L40*L41=0, "---",L43*L40*L41),"---") -> --- | M52: =IFERROR(AVERAGEIF(C52:L52, "<>0"),"---") -> 22 | N52: =ROUND(_xlfn.MINIFS(C52:L52, C52:L52, "<>0"),1)&" – "&ROUND(_xlfn.MAXIFS(C52:L52, C52:L52, "<>0"),1) -> 20 – 24
B53: daily ore transported per unit (T ore/d/unit) | C53: =IFERROR(IF(C39*C42*C41=0, "---",C39*C42*C41),"---") -> 0.4 | D53: =IFERROR(IF(D39*D42*D41=0, "---",D39*D42*D41),"---") -> 0.4 | E53: =IFERROR(IF(E39*E42*E41=0, "---",E39*E42*E41),"---") -> --- | F53: =IFERROR(IF(F39*F42*F41=0, "---",F39*F42*F41),"---") -> --- | G53: =IFERROR(IF(G39*G42*G41=0, "---",G39*G42*G41),"---") -> --- | H53: =IFERROR(IF(H39*H42*H41=0, "---",H39*H42*H41),"---") -> --- | I53: =IFERROR(IF(I39*I42*I41=0, "---",I39*I42*I41),"---") -> --- | J53: =IFERROR(IF(J39*J42*J41=0, "---",J39*J42*J41),"---") -> --- | ... L53: =IFERROR(IF(L39*L42*L41=0, "---",L39*L42*L41),"---") -> --- | M53: =IFERROR(AVERAGEIF(C53:L53, "<>0"),"---") -> 0.4 | N53: =ROUND(_xlfn.MINIFS(C53:L53, C53:L53, "<>0"),1)&" – "&ROUND(_xlfn.MAXIFS(C53:L53, C53:L53, "<>0"),1) -> 0.4 – 0.4
B54: daily ore transported on site (T ore/d/site) | C54: =IFERROR(IF(C39*C42*C41*C40=0, "---",C39*C42*C41*C40),"---") -> 8 | D54: =IFERROR(IF(D39*D42*D41*D40=0, "---",D39*D42*D41*D40),"---") -> 9.6 | E54: =IFERROR(IF(E39*E42*E41*E40=0, "---",E39*E42*E41*E40),"---") -> --- | F54: =IFERROR(IF(F39*F42*F41*F40=0, "---",F39*F42*F41*F40),"---") -> --- | G54: =IFERROR(IF(G39*G42*G41*G40=0, "---",G39*G42*G41*G40),"---") -> --- | H54: =IFERROR(IF(H39*H42*H41*H40=0, "---",H39*H42*H41*H40),"---") -> --- | I54: =IFERROR(IF(I39*I42*I41*I40=0, "---",I39*I42*I41*I40),"---") -> --- | J54: =IFERROR(IF(J39*J42*J41*J40=0, "---",J39*J42*J41*J40),"---") -> --- | ... L54: =IFERROR(IF(L39*L42*L41*L40=0, "---",L39*L42*L41*L40),"---") -> --- | M54: =IFERROR(AVERAGEIF(C54:L54, "<>0"),"---") -> 8.8 | N54: =ROUND(_xlfn.MINIFS(C54:L54, C54:L54, "<>0"),1)&" – "&ROUND(_xlfn.MAXIFS(C54:L54, C54:L54, "<>0"),1) -> 8 – 9.6
B55: yearly ore transport on site (T ore/y/site) | C55: =IFERROR(IF(C54*C46=0, "---",C54*C46),"---") -> 1600 | D55: =IFERROR(IF(D54*D46=0, "---",D54*D46),"---") -> 1920 | E55: =IFERROR(IF(E54*E46=0, "---",E54*E46),"---") -> --- | F55: =IFERROR(IF(F54*F46=0, "---",F54*F46),"---") -> --- | G55: =IFERROR(IF(G54*G46=0, "---",G54*G46),"---") -> --- | H55: =IFERROR(IF(H54*H46=0, "---",H54*H46),"---") -> --- | I55: =IFERROR(IF(I54*I46=0, "---",I54*I46),"---") -> --- | J55: =IFERROR(IF(J54*J46=0, "---",J54*J46),"---") -> --- | ... L55: =IFERROR(IF(L54*L46=0, "---",L54*L46),"---") -> --- | M55: =IFERROR(AVERAGEIF(C55:L55, "<>0"),"---") -> 1760 | N55: =ROUND(_xlfn.MINIFS(C55:L55, C55:L55, "<>0"),0)&" – "&ROUND(_xlfn.MAXIFS(C55:L55, C55:L55, "<>0"),0) -> 1600 – 1920
B56: yearly Au produced on site - impure (kg Au/y/site) | C56: =IFERROR(IF(C55*C36/1000=0, "---",C55*C36/1000),"---") -> 16 | D56: =IFERROR(IF(D55*D36/1000=0, "---",D55*D36/1000),"---") -> 19.2 | E56: =IFERROR(IF(E55*E36/1000=0, "---",E55*E36/1000),"---") -> --- | F56: =IFERROR(IF(F55*F36/1000=0, "---",F55*F36/1000),"---") -> --- | G56: =IFERROR(IF(G55*G36/1000=0, "---",G55*G36/1000),"---") -> --- | H56: =IFERROR(IF(H55*H36/1000=0, "---",H55*H36/1000),"---") -> --- | I56: =IFERROR(IF(I55*I36/1000=0, "---",I55*I36/1000),"---") -> --- | J56: =IFERROR(IF(J55*J36/1000=0, "---",J55*J36/1000),"---") -> --- | ... L56: =IFERROR(IF(L55*L36/1000=0, "---",L55*L36/1000),"---") -> --- | M56: =IFERROR(AVERAGEIF(C56:L56, "<>0"),"---") -> 17.6 | N56: =ROUND(_xlfn.MINIFS(C56:L56, C56:L56, "<>0"),0)&" – "&ROUND(_xlfn.MAXIFS(C56:L56, C56:L56, "<>0"),0) -> 16 – 19
B57: yearly Au produced on site - pure (kg Au/y/site) | C57: =IFERROR(IF(C56*C37=0, "---",C56*C37),"---") -> 11.2 | D57: =IFERROR(IF(D56*D37=0, "---",D56*D37),"---") -> 13.44 | E57: =IFERROR(IF(E56*E37=0, "---",E56*E37),"---") -> --- | F57: =IFERROR(IF(F56*F37=0, "---",F56*F37),"---") -> --- | G57: =IFERROR(IF(G56*G37=0, "---",G56*G37),"---") -> --- | H57: =IFERROR(IF(H56*H37=0, "---",H56*H37),"---") -> --- | I57: =IFERROR(IF(I56*I37=0, "---",I56*I37),"---") -> --- | J57: =IFERROR(IF(J56*J37=0, "---",J56*J37),"---") -> --- | ... L57: =IFERROR(IF(L56*L37=0, "---",L56*L37),"---") -> --- | M57: =IFERROR(AVERAGEIF(C57:L57, "<>0"),"---") -> 12.32 | N57: =ROUND(_xlfn.MINIFS(C57:L57, C57:L57, "<>0"),0)&" – "&ROUND(_xlfn.MAXIFS(C57:L57, C57:L57, "<>0"),0) -> 11 – 13
B58: value of yearly Au produced on site (local currency/y/site) | C58: =IFERROR(IF(C57*1000*C49=0, "---", C57*1000*C49), "---") -> 425600 | D58: =IFERROR(IF(D57*1000*D49=0, "---", D57*1000*D49), "---") -> 510720 | E58: =IFERROR(IF(E57*1000*E49=0, "---", E57*1000*E49), "---") -> --- | F58: =IFERROR(IF(F57*1000*F49=0, "---", F57*1000*F49), "---") -> --- | G58: =IFERROR(IF(G57*1000*G49=0, "---", G57*1000*G49), "---") -> --- | H58: =IFERROR(IF(H57*1000*H49=0, "---", H57*1000*H49), "---") -> --- | I58: =IFERROR(IF(I57*1000*I49=0, "---", I57*1000*I49), "---") -> --- | J58: =IFERROR(IF(J57*1000*J49=0, "---", J57*1000*J49), "---") -> --- | ... L58: =IFERROR(IF(L57*1000*L49=0, "---", L57*1000*L49), "---") -> --- | M58: =IFERROR(AVERAGEIF(C58:L58, "<>0"),"---") -> 468160 | N58: =ROUND(_xlfn.MINIFS(C58:L58, C58:L58, "<>0"),0)&" – "&ROUND(_xlfn.MAXIFS(C58:L58, C58:L58, "<>0"),0) -> 425600 – 510720
B60: Transport Interviews - Transport Type 2 | C60: Interview 1 | D60: Interview 2 | E60: Interview 3 | F60: Interview 4 | G60: Interview 5 | H60: Interview 6 | I60: Interview 7 | J60: Interview 8 | K60: Interview 9 | L60: Interview 10 | M60: Average | N60: Range | O60: Comments | Q60: Description of Transport Type 3
B61: Data entry | Q61: =IF('4-ASGM Site Observations'!G23=0,"n/a",'4-ASGM Site Observations'!G23) -> n/a
B62: interviewee type
B63: interviewee name
B64: ore grade (g/T) | M64: =IFERROR(AVERAGEIF(C64:L64, "<>0"),"---") -> --- | N64: =_xlfn.MINIFS(C64:L64, C64:L64, "<>0")&" – "&_xlfn.MAXIFS(C64:L64, C64:L64, "<>0") -> 0 – 0
B65: gold purity (%) | M65: =IFERROR(AVERAGEIF(C65:L65, "<>0"),"---") -> --- | N65: =(100*(_xlfn.MINIFS(C65:L65,C65:L65,"<>0"))&"% – "&(100*(_xlfn.MAXIFS(C65:L65,C65:L65,"<>0"))))&"%" -> 0% – 0%
B66: unit type (e.g., truck, bike, person) | M66: =C66 -> 0 | N66: =_xlfn.MINIFS(C66:L66, C66:L66, "<>0")&" – "&_xlfn.MAXIFS(C66:L66, C66:L66, "<>0") -> 0 – 0
B67: capacity of unit (T ore) | M67: =IFERROR(AVERAGEIF(C67:L67, "<>0"),"---") -> --- | N67: =_xlfn.MINIFS(C67:L67, C67:L67, "<>0")&" – "&_xlfn.MAXIFS(C67:L67, C67:L67, "<>0") -> 0 – 0
B68: number of units on site - active during a shift | M68: =IFERROR(AVERAGEIF(C68:L68, "<>0"),"---") -> --- | N68: =_xlfn.MINIFS(C68:L68, C68:L68, "<>0")&" – "&_xlfn.MAXIFS(C68:L68, C68:L68, "<>0") -> 0 – 0
B69: shifts per day | M69: =IFERROR(AVERAGEIF(C69:L69, "<>0"),"---") -> --- | N69: =_xlfn.MINIFS(C69:L69, C69:L69, "<>0")&" – "&_xlfn.MAXIFS(C69:L69, C69:L69, "<>0") -> 0 – 0
B70: typical number of trips in one shift | M70: =IFERROR(AVERAGEIF(C70:L70, "<>0"),"---") -> --- | N70: =_xlfn.MINIFS(C70:L70, C70:L70, "<>0")&" – "&_xlfn.MAXIFS(C70:L70, C70:L70, "<>0") -> 0 – 0
B71: average number workers per unit | M71: =IFERROR(AVERAGEIF(C71:L71, "<>0"),"---") -> --- | N71: =_xlfn.MINIFS(C71:L71, C71:L71, "<>0")&" – "&_xlfn.MAXIFS(C71:L71, C71:L71, "<>0") -> 0 – 0
B72: days active per week (d/w) | M72: =IFERROR(AVERAGEIF(C72:L72, "<>0"),"---") -> --- | N72: =_xlfn.MINIFS(C72:L72, C72:L72, "<>0")&" – "&_xlfn.MAXIFS(C72:L72, C72:L72, "<>0") -> 0 – 0
B73: months active per year (m/y ) | M73: =IFERROR(AVERAGEIF(C73:L73, "<>0"),"---") -> --- | N73: =_xlfn.MINIFS(C73:L73, C73:L73, "<>0")&" – "&_xlfn.MAXIFS(C73:L73, C73:L73, "<>0") -> 0 – 0
B74: days active per year (d/y) | M74: =IFERROR(AVERAGEIF(C74:L74, "<>0"),"---") -> --- | N74: =_xlfn.MINIFS(C74:L74, C74:L74, "<>0")&" – "&_xlfn.MAXIFS(C74:L74, C74:L74, "<>0") -> 0 – 0
B75: daily earning per worker (g 24K Au) | M75: =IFERROR(AVERAGEIF(C75:L75, "<>0"),"---") -> --- | N75: =_xlfn.MINIFS(C75:L75, C75:L75, "<>0")&" – "&_xlfn.MAXIFS(C75:L75, C75:L75, "<>0") -> 0 – 0
B76: annual earning per worker (g 24K Au) | M76: =IFERROR(AVERAGEIF(C76:L76, "<>0"),"---") -> --- | N76: =_xlfn.MINIFS(C76:L76, C76:L76, "<>0")&" – "&_xlfn.MAXIFS(C76:L76, C76:L76, "<>0") -> 0 – 0
B77: price per g of pure gold (local currency/g 24K Au) | M77: =IFERROR(AVERAGEIF(C77:L77, "<>0"),"---") -> --- | N77: =_xlfn.MINIFS(C77:L77, C77:L77, "<>0")&" – "&_xlfn.MAXIFS(C77:L77, C77:L77, "<>0") -> 0 – 0
B78: price per g of pure gold ($USD/g 24K Au) | M78: =IFERROR(AVERAGEIF(C78:L78, "<>0"),"---") -> --- | N78: ="$"&_xlfn.MINIFS(C78:L78, C78:L78, "<>0")&" – $"&_xlfn.MAXIFS(C78:L78, C78:L78, "<>0") -> $0 – $0
B79: Calculations of site-level information
B80: total active workers on site (assumed = workers active/d) | C80: =IFERROR(IF(C71*C68*C69=0, "---",C71*C68*C69),"---") -> --- | D80: =IFERROR(IF(D71*D68*D69=0, "---",D71*D68*D69),"---") -> --- | E80: =IFERROR(IF(E71*E68*E69=0, "---",E71*E68*E69),"---") -> --- | F80: =IFERROR(IF(F71*F68*F69=0, "---",F71*F68*F69),"---") -> --- | G80: =IFERROR(IF(G71*G68*G69=0, "---",G71*G68*G69),"---") -> --- | H80: =IFERROR(IF(H71*H68*H69=0, "---",H71*H68*H69),"---") -> --- | I80: =IFERROR(IF(I71*I68*I69=0, "---",I71*I68*I69),"---") -> --- | J80: =IFERROR(IF(J71*J68*J69=0, "---",J71*J68*J69),"---") -> --- | ... L80: =IFERROR(IF(L71*L68*L69=0, "---",L71*L68*L69),"---") -> --- | M80: =IFERROR(AVERAGEIF(C80:L80, "<>0"),"---") -> --- | N80: =ROUND(_xlfn.MINIFS(C80:L80, C80:L80, "<>0"),1)&" – "&ROUND(_xlfn.MAXIFS(C80:L80, C80:L80, "<>0"),1) -> 0 – 0
B81: daily ore transported per unit (T ore/d/unit) | C81: =IFERROR(IF(C67*C70*C69=0, "---",C67*C70*C69),"---") -> --- | D81: =IFERROR(IF(D67*D70*D69=0, "---",D67*D70*D69),"---") -> --- | E81: =IFERROR(IF(E67*E70*E69=0, "---",E67*E70*E69),"---") -> --- | F81: =IFERROR(IF(F67*F70*F69=0, "---",F67*F70*F69),"---") -> --- | G81: =IFERROR(IF(G67*G70*G69=0, "---",G67*G70*G69),"---") -> --- | H81: =IFERROR(IF(H67*H70*H69=0, "---",H67*H70*H69),"---") -> --- | I81: =IFERROR(IF(I67*I70*I69=0, "---",I67*I70*I69),"---") -> --- | J81: =IFERROR(IF(J67*J70*J69=0, "---",J67*J70*J69),"---") -> --- | ... L81: =IFERROR(IF(L67*L70*L69=0, "---",L67*L70*L69),"---") -> --- | M81: =IFERROR(AVERAGEIF(C81:L81, "<>0"),"---") -> --- | N81: =ROUND(_xlfn.MINIFS(C81:L81, C81:L81, "<>0"),1)&" – "&ROUND(_xlfn.MAXIFS(C81:L81, C81:L81, "<>0"),1) -> 0 – 0
B82: daily ore transported on site (T ore/d/site) | C82: =IFERROR(IF(C67*C70*C69*C68=0, "---",C67*C70*C69*C68),"---") -> --- | D82: =IFERROR(IF(D67*D70*D69*D68=0, "---",D67*D70*D69*D68),"---") -> --- | E82: =IFERROR(IF(E67*E70*E69*E68=0, "---",E67*E70*E69*E68),"---") -> --- | F82: =IFERROR(IF(F67*F70*F69*F68=0, "---",F67*F70*F69*F68),"---") -> --- | G82: =IFERROR(IF(G67*G70*G69*G68=0, "---",G67*G70*G69*G68),"---") -> --- | H82: =IFERROR(IF(H67*H70*H69*H68=0, "---",H67*H70*H69*H68),"---") -> --- | I82: =IFERROR(IF(I67*I70*I69*I68=0, "---",I67*I70*I69*I68),"---") -> --- | J82: =IFERROR(IF(J67*J70*J69*J68=0, "---",J67*J70*J69*J68),"---") -> --- | ... L82: =IFERROR(IF(L67*L70*L69*L68=0, "---",L67*L70*L69*L68),"---") -> --- | M82: =IFERROR(AVERAGEIF(C82:L82, "<>0"),"---") -> --- | N82: =ROUND(_xlfn.MINIFS(C82:L82, C82:L82, "<>0"),1)&" – "&ROUND(_xlfn.MAXIFS(C82:L82, C82:L82, "<>0"),1) -> 0 – 0
B83: yearly ore transport on site (T ore/y/site) | C83: =IFERROR(IF(C82*C74=0, "---",C82*C74),"---") -> --- | D83: =IFERROR(IF(D82*D74=0, "---",D82*D74),"---") -> --- | E83: =IFERROR(IF(E82*E74=0, "---",E82*E74),"---") -> --- | F83: =IFERROR(IF(F82*F74=0, "---",F82*F74),"---") -> --- | G83: =IFERROR(IF(G82*G74=0, "---",G82*G74),"---") -> --- | H83: =IFERROR(IF(H82*H74=0, "---",H82*H74),"---") -> --- | I83: =IFERROR(IF(I82*I74=0, "---",I82*I74),"---") -> --- | J83: =IFERROR(IF(J82*J74=0, "---",J82*J74),"---") -> --- | ... L83: =IFERROR(IF(L82*L74=0, "---",L82*L74),"---") -> --- | M83: =IFERROR(AVERAGEIF(C83:L83, "<>0"),"---") -> --- | N83: =ROUND(_xlfn.MINIFS(C83:L83, C83:L83, "<>0"),0)&" – "&ROUND(_xlfn.MAXIFS(C83:L83, C83:L83, "<>0"),0) -> 0 – 0
B84: yearly Au produced on site - impure (kg Au/y/site) | C84: =IFERROR(IF(C83*C64/1000=0, "---",C83*C64/1000),"---") -> --- | D84: =IFERROR(IF(D83*D64/1000=0, "---",D83*D64/1000),"---") -> --- | E84: =IFERROR(IF(E83*E64/1000=0, "---",E83*E64/1000),"---") -> --- | F84: =IFERROR(IF(F83*F64/1000=0, "---",F83*F64/1000),"---") -> --- | G84: =IFERROR(IF(G83*G64/1000=0, "---",G83*G64/1000),"---") -> --- | H84: =IFERROR(IF(H83*H64/1000=0, "---",H83*H64/1000),"---") -> --- | I84: =IFERROR(IF(I83*I64/1000=0, "---",I83*I64/1000),"---") -> --- | J84: =IFERROR(IF(J83*J64/1000=0, "---",J83*J64/1000),"---") -> --- | ... L84: =IFERROR(IF(L83*L64/1000=0, "---",L83*L64/1000),"---") -> --- | M84: =IFERROR(AVERAGEIF(C84:L84, "<>0"),"---") -> --- | N84: =ROUND(_xlfn.MINIFS(C84:L84, C84:L84, "<>0"),0)&" – "&ROUND(_xlfn.MAXIFS(C84:L84, C84:L84, "<>0"),0) -> 0 – 0
B85: yearly Au produced on site - pure (kg Au/y/site) | C85: =IFERROR(IF(C84*C65=0, "---",C84*C65),"---") -> --- | D85: =IFERROR(IF(D84*D65=0, "---",D84*D65),"---") -> --- | E85: =IFERROR(IF(E84*E65=0, "---",E84*E65),"---") -> --- | F85: =IFERROR(IF(F84*F65=0, "---",F84*F65),"---") -> --- | G85: =IFERROR(IF(G84*G65=0, "---",G84*G65),"---") -> --- | H85: =IFERROR(IF(H84*H65=0, "---",H84*H65),"---") -> --- | I85: =IFERROR(IF(I84*I65=0, "---",I84*I65),"---") -> --- | J85: =IFERROR(IF(J84*J65=0, "---",J84*J65),"---") -> --- | ... L85: =IFERROR(IF(L84*L65=0, "---",L84*L65),"---") -> --- | M85: =IFERROR(AVERAGEIF(C85:L85, "<>0"),"---") -> --- | N85: =ROUND(_xlfn.MINIFS(C85:L85, C85:L85, "<>0"),0)&" – "&ROUND(_xlfn.MAXIFS(C85:L85, C85:L85, "<>0"),0) -> 0 – 0
B86: value of yearly Au produced on site (local currency/y/site) | C86: =IFERROR(IF(C85*1000*C77=0, "---", C85*1000*C77), "---") -> --- | D86: =IFERROR(IF(D85*1000*D77=0, "---", D85*1000*D77), "---") -> --- | E86: =IFERROR(IF(E85*1000*E77=0, "---", E85*1000*E77), "---") -> --- | F86: =IFERROR(IF(F85*1000*F77=0, "---", F85*1000*F77), "---") -> --- | G86: =IFERROR(IF(G85*1000*G77=0, "---", G85*1000*G77), "---") -> --- | H86: =IFERROR(IF(H85*1000*H77=0, "---", H85*1000*H77), "---") -> --- | I86: =IFERROR(IF(I85*1000*I77=0, "---", I85*1000*I77), "---") -> --- | J86: =IFERROR(IF(J85*1000*J77=0, "---", J85*1000*J77), "---") -> --- | ... L86: =IFERROR(IF(L85*1000*L77=0, "---", L85*1000*L77), "---") -> --- | M86: =IFERROR(AVERAGEIF(C86:L86, "<>0"),"---") -> --- | N86: =ROUND(_xlfn.MINIFS(C86:L86, C86:L86, "<>0"),0)&" – "&ROUND(_xlfn.MAXIFS(C86:L86, C86:L86, "<>0"),0) -> 0 – 0
B88: * Add additional table for each new type of transport *
B90: SUM OF ALL TYPES | M90: Average | N90: Range | O90: Comments
B91: yearly earnings per transport worker (local currency/y) | M91: =IFERROR(IF(AVERAGE(M48,M76,M20)=0,"---",AVERAGE(M48,M76,M20)),"---") -> 115 | N91: =ROUND(MIN(C76:L76,C48:L48,C20:L20),0)&" – "&ROUND(MAX(C76:L76,C48:L48,C20:L20),0) -> 110 – 120
B92: daily ore transported on site (T/y) | M92: =IFERROR(IF(SUM(M26,M54,M82)=0,"---",SUM(M26,M54,M82)),"---") -> 22.8 | N92: =ROUND((_xlfn.MINIFS(C26:L26, C26:L26, "<>0"))+(_xlfn.MINIFS(C54:L54, C54:L54, "<>0"))+(_xlfn.MINIFS(C82:L82, C82:L82, "<>0")),0)&" – "&ROUND((_xlfn.MAXIFS(C26:L26, C26:L26, "<>0"))+(_xlfn.MAXIFS(C54:L54, C54:L54, "<>0"))+(_xlfn.MAXIFS(C82:L82, C82:L82, "<>0")),0) -> 20 – 26
B93: yearly ore transported on site (T/y) | M93: =IFERROR(IF(SUM(M27,M55,M83)=0,"---",SUM(M27,M55,M83)),"---") -> 4560 | N93: =ROUND((_xlfn.MINIFS(C27:L27, C27:L27, "<>0"))+(_xlfn.MINIFS(C55:L55, C55:L55, "<>0"))+(_xlfn.MINIFS(C83:L83, C83:L83, "<>0")),0)&" – "&ROUND((_xlfn.MAXIFS(C27:L27, C27:L27, "<>0"))+(_xlfn.MAXIFS(C55:L55, C55:L55, "<>0"))+(_xlfn.MAXIFS(C83:L83, C83:L83, "<>0")),0) -> 4000 – 5120
B94: yearly Au produced on site - pure (kg Au/y/site) | M94: =IFERROR(IF(SUM(M29,M57,M85)=0,"---",SUM(M29,M57,M85)),"---") -> 31.92 | N94: =ROUND((_xlfn.MINIFS(C29:L29, C29:L29, "<>0"))+(_xlfn.MINIFS(C57:L57, C57:L57, "<>0"))+(_xlfn.MINIFS(C85:L85, C85:L85, "<>0")),0)&" – "&ROUND((_xlfn.MAXIFS(C29:L29, C29:L29, "<>0"))+(_xlfn.MAXIFS(C57:L57, C57:L57, "<>0"))+(_xlfn.MAXIFS(C85:L85, C85:L85, "<>0")),0) -> 28 – 36 | O94: This is for hard rock only, as the alluvial site does not use transport.
B95: total active transport workers on site (workers active/d) | M95: =IFERROR(IF(SUM(M24,M52,M80)=0,"---",SUM(M24,M52,M80)),"---") -> 30 | N95: =ROUND((_xlfn.MINIFS(C24:L24, C24:L24, "<>0"))+(_xlfn.MINIFS(C52:L52, C52:L52, "<>0"))+(_xlfn.MINIFS(C80:L80, C80:L80, "<>0")),0)&" – "&ROUND((_xlfn.MAXIFS(C24:L24, C24:L24, "<>0"))+(_xlfn.MAXIFS(C52:L52, C52:L52, "<>0"))+(_xlfn.MAXIFS(C80:L80, C80:L80, "<>0")),0) -> 28 – 32

Sheet 5-Site Interview | Processing
A1: ="ASGM Site: "&'1-Location Info'!C3&" | Interviews with ASGM workers about Processing" -> ASGM Site: Placerton | Interviews with ASGM workers about Processing
A2: Data Collection Form "ASGM Site Interview: Processing"
B4: Processing Unit Interviews - Processing Type 1 | C4: Interview 1 | D4: Interview 2 | E4: Interview 3 | F4: Interview 4 | G4: Interview 5 | H4: Interview 6 | I4: Interview 7 | J4: Interview 8 | K4: Interview 9 | L4: Interview 10 | M4: Average | N4: Range | O4: Comments | Q4: Description of Processing Type 1
B5: Data entry | Q5: =IF('4-ASGM Site Observations'!C33=0,"n/a",'4-ASGM Site Observations'!C33) -> Primary crushing is manual crushing with hammer. Secondary crushing is manual crushing with mortar and pestel. Ore is then milled in ball mills with mercury to undergo whole ore amalgamation. Recipe for one mill: One half bag (~25kg) of ore added to mill with one basin of water, ~200mL of mercury, and balls. Mill turned by hand for 1 hour. The amalgam is retrieved from the ore by squeezing (the liquid is saved for later use). Alalgam is heated to yield sponge gold. A retort is used. Extracting and processing are done by separate workers (extraction workers do not process and vice versa)
B6: interviewee type | C6: PROCESSING WORKER | D6: PROCESSING BOSS
B7: interviewee name | C7: Fatima | D7: Waly
B8: ore grade (g/T) | C8: 10 | D8: 10 | M8: =IFERROR(AVERAGEIF(C8:L8, "<>0"),"---") -> 10 | N8: =_xlfn.MINIFS(C8:L8, C8:L8, "<>0")&" – "&_xlfn.MAXIFS(C8:L8, C8:L8, "<>0") -> 10 – 10
B9: gold purity (%) | C9: 0.7 | D9: 0.7 | M9: =IFERROR(AVERAGEIF(C9:L9, "<>0"),"---") -> 0.7 | N9: =(100*(_xlfn.MINIFS(C9:L9,C9:L9,"<>0"))&"% – "&(100*(_xlfn.MAXIFS(C9:L9,C9:L9,"<>0"))))&"%" -> 70% – 70%
B10: ore throughput per unit per shift (T ore/shift/unit) | C10: 0.4 | D10: 0.4 | M10: =IFERROR(AVERAGEIF(C10:L10, "<>0"),"---") -> 0.4 | N10: =_xlfn.MINIFS(C10:L10, C10:L10, "<>0")&" – "&_xlfn.MAXIFS(C10:L10, C10:L10, "<>0") -> 0.4 – 0.4
B11: average active workers per unit | C11: 4 | D11: 4 | M11: =IFERROR(AVERAGEIF(C11:L11, "<>0"),"---") -> 4 | N11: =_xlfn.MINIFS(C11:L11, C11:L11, "<>0")&" – "&_xlfn.MAXIFS(C11:L11, C11:L11, "<>0") -> 4 – 4
B12: number of units on site - total | C12: 30 | D12: 30 | M12: =IFERROR(AVERAGEIF(C12:L12, "<>0"),"---") -> 30 | N12: =_xlfn.MINIFS(C12:L12, C12:L12, "<>0")&" – "&_xlfn.MAXIFS(C12:L12, C12:L12, "<>0") -> 30 – 30
B13: number of units on site - active | C13: 26 | D13: 25 | M13: =IFERROR(AVERAGEIF(C13:L13, "<>0"),"---") -> 25.5 | N13: =_xlfn.MINIFS(C13:L13, C13:L13, "<>0")&" – "&_xlfn.MAXIFS(C13:L13, C13:L13, "<>0") -> 25 – 26
B14: shift length (hr) | C14: 8 | D14: 8 | M14: =IFERROR(AVERAGEIF(C14:L14, "<>0"),"---") -> 8 | N14: =_xlfn.MINIFS(C14:L14, C14:L14, "<>0")&" – "&_xlfn.MAXIFS(C14:L14, C14:L14, "<>0") -> 8 – 8
B15: shifts per day | C15: 2 | D15: 2 | M15: =IFERROR(AVERAGEIF(C15:L15, "<>0"),"---") -> 2 | N15: =_xlfn.MINIFS(C15:L15, C15:L15, "<>0")&" – "&_xlfn.MAXIFS(C15:L15, C15:L15, "<>0") -> 2 – 2
B16: days active per week (d/w) | C16: 6 | D16: 6 | M16: =IFERROR(AVERAGEIF(C16:L16, "<>0"),"---") -> 6 | N16: =_xlfn.MINIFS(C16:L16, C16:L16, "<>0")&" – "&_xlfn.MAXIFS(C16:L16, C16:L16, "<>0") -> 6 – 6
B17: months active per year (m/y ) | C17: 10 | D17: 10 | M17: =IFERROR(AVERAGEIF(C17:L17, "<>0"),"---") -> 10 | N17: =_xlfn.MINIFS(C17:L17, C17:L17, "<>0")&" – "&_xlfn.MAXIFS(C17:L17, C17:L17, "<>0") -> 10 – 10
B18: days active per year (d/y) | C18: 200 | D18: 200 | M18: =IFERROR(AVERAGEIF(C18:L18, "<>0"),"---") -> 200 | N18: =_xlfn.MINIFS(C18:L18, C18:L18, "<>0")&" – "&_xlfn.MAXIFS(C18:L18, C18:L18, "<>0") -> 200 – 200
B19: daily earning per worker (g 24K Au) | C19: 0.5 | D19: 0.5 | M19: =IFERROR(AVERAGEIF(C19:L19, "<>0"),"---") -> 0.5 | N19: =_xlfn.MINIFS(C19:L19, C19:L19, "<>0")&" – "&_xlfn.MAXIFS(C19:L19, C19:L19, "<>0") -> 0.5 – 0.5
B20: annual earning per worker (g 24K Au) | C20: 100 | D20: 80 | M20: =IFERROR(AVERAGEIF(C20:L20, "<>0"),"---") -> 90 | N20: =_xlfn.MINIFS(C20:L20, C20:L20, "<>0")&" – "&_xlfn.MAXIFS(C20:L20, C20:L20, "<>0") -> 80 – 100
B21: pure gold sold from unit per month (g 24K Au/mo) | M21: =IFERROR(AVERAGEIF(C21:L21, "<>0"),"---") -> --- | N21: =_xlfn.MINIFS(C21:L21, C21:L21, "<>0")&" – "&_xlfn.MAXIFS(C21:L21, C21:L21, "<>0") -> 0 – 0
B22: mercury bought for system per month (kg Hg/mo) | M22: =IFERROR(AVERAGEIF(C22:L22, "<>0"),"---") -> --- | N22: =_xlfn.MINIFS(C22:L22, C22:L22, "<>0")&" – "&_xlfn.MAXIFS(C22:L22, C22:L22, "<>0") -> 0 – 0
B23: price per g of pure gold (local currency/g 24K Au) | C23: 35 | D23: 38 | M23: =IFERROR(AVERAGEIF(C23:L23, "<>0"),"---") -> 36.5 | N23: =_xlfn.MINIFS(C23:L23, C23:L23, "<>0")&" – "&_xlfn.MAXIFS(C23:L23, C23:L23, "<>0") -> 35 – 38
B24: price per kg of mercury (local currency/kg Hg) | C24: 40 | D24: 30 | M24: =IFERROR(AVERAGEIF(C24:L24, "<>0"),"---") -> 35 | N24: =_xlfn.MINIFS(C24:L24, C24:L24, "<>0")&" – "&_xlfn.MAXIFS(C24:L24, C24:L24, "<>0") -> 30 – 40
B25: estimated Hg:Au ratio for unit (as per interview) | C25: 5 | D25: 10 | M25: =IFERROR(AVERAGEIF(C25:L25, "<>0"),"---") -> 7.5 | N25: =(ROUND(_xlfn.MINIFS(C25:L25, C25:L25, "<>0"),2))&" – "&(ROUND(_xlfn.MAXIFS(C25:L25, C25:L25, "<>0"),2)) -> 5 – 10
B26: Calculations of site-level information
B27: total active workers on site (assumed = workers active/d) | C27: =IFERROR(IF(C11*C13*C15=0, "---",C11*C13*C15),"---") -> 208 | D27: =IFERROR(IF(D11*D13*D15=0, "---",D11*D13*D15),"---") -> 200 | E27: =IFERROR(IF(E11*E13*E15=0, "---",E11*E13*E15),"---") -> --- | F27: =IFERROR(IF(F11*F13*F15=0, "---",F11*F13*F15),"---") -> --- | G27: =IFERROR(IF(G11*G13*G15=0, "---",G11*G13*G15),"---") -> --- | H27: =IFERROR(IF(H11*H13*H15=0, "---",H11*H13*H15),"---") -> --- | I27: =IFERROR(IF(I11*I13*I15=0, "---",I11*I13*I15),"---") -> --- | J27: =IFERROR(IF(J11*J13*J15=0, "---",J11*J13*J15),"---") -> --- | ... L27: =IFERROR(IF(L11*L13*L15=0, "---",L11*L13*L15),"---") -> --- | M27: =IFERROR(AVERAGEIF(C27:L27, "<>0"),"0") -> 204 | N27: =ROUND(_xlfn.MINIFS(C27:L27, C27:L27, "<>0"),1)&" – "&ROUND(_xlfn.MAXIFS(C27:L27, C27:L27, "<>0"),1) -> 200 – 208
B28: daily ore throughput per unit (T ore/d/unit) | C28: =IFERROR(IF(C10*C15=0, "---",C10*C15),"---") -> 0.8 | D28: =IFERROR(IF(D10*D15=0, "---",D10*D15),"---") -> 0.8 | E28: =IFERROR(IF(E10*E15=0, "---",E10*E15),"---") -> --- | F28: =IFERROR(IF(F10*F15=0, "---",F10*F15),"---") -> --- | G28: =IFERROR(IF(G10*G15=0, "---",G10*G15),"---") -> --- | H28: =IFERROR(IF(H10*H15=0, "---",H10*H15),"---") -> --- | I28: =IFERROR(IF(I10*I15=0, "---",I10*I15),"---") -> --- | J28: =IFERROR(IF(J10*J15=0, "---",J10*J15),"---") -> --- | ... L28: =IFERROR(IF(L10*L15=0, "---",L10*L15),"---") -> --- | M28: =IFERROR(AVERAGEIF(C28:L28, "<>0"),"0") -> 0.8 | N28: =ROUND(_xlfn.MINIFS(C28:L28, C28:L28, "<>0"),1)&" – "&ROUND(_xlfn.MAXIFS(C28:L28, C28:L28, "<>0"),1) -> 0.8 – 0.8
B29: daily ore throughput on site (T ore/d/site) | C29: =IFERROR(IF(C10*C15*C13=0, "---",C10*C15*C13),"---") -> 20.8 | D29: =IFERROR(IF(D10*D15*D13=0, "---",D10*D15*D13),"---") -> 20 | E29: =IFERROR(IF(E10*E15*E13=0, "---",E10*E15*E13),"---") -> --- | F29: =IFERROR(IF(F10*F15*F13=0, "---",F10*F15*F13),"---") -> --- | G29: =IFERROR(IF(G10*G15*G13=0, "---",G10*G15*G13),"---") -> --- | H29: =IFERROR(IF(H10*H15*H13=0, "---",H10*H15*H13),"---") -> --- | I29: =IFERROR(IF(I10*I15*I13=0, "---",I10*I15*I13),"---") -> --- | J29: =IFERROR(IF(J10*J15*J13=0, "---",J10*J15*J13),"---") -> --- | ... L29: =IFERROR(IF(L10*L15*L13=0, "---",L10*L15*L13),"---") -> --- | M29: =IFERROR(AVERAGEIF(C29:L29, "<>0"),"0") -> 20.4 | N29: =ROUND(_xlfn.MINIFS(C29:L29, C29:L29, "<>0"),1)&" – "&ROUND(_xlfn.MAXIFS(C29:L29, C29:L29, "<>0"),1) -> 20 – 20.8
B30: yearly ore throughput on site (T ore/y/site) | C30: =IFERROR(IF(C10*C15*C13*C18=0, "---",C10*C15*C13*C18),"---") -> 4160 | D30: =IFERROR(IF(D10*D15*D13*D18=0, "---",D10*D15*D13*D18),"---") -> 4000 | E30: =IFERROR(IF(E10*E15*E13*E18=0, "---",E10*E15*E13*E18),"---") -> --- | F30: =IFERROR(IF(F10*F15*F13*F18=0, "---",F10*F15*F13*F18),"---") -> --- | G30: =IFERROR(IF(G10*G15*G13*G18=0, "---",G10*G15*G13*G18),"---") -> --- | H30: =IFERROR(IF(H10*H15*H13*H18=0, "---",H10*H15*H13*H18),"---") -> --- | I30: =IFERROR(IF(I10*I15*I13*I18=0, "---",I10*I15*I13*I18),"---") -> --- | J30: =IFERROR(IF(J10*J15*J13*J18=0, "---",J10*J15*J13*J18),"---") -> --- | ... L30: =IFERROR(IF(L10*L15*L13*L18=0, "---",L10*L15*L13*L18),"---") -> --- | M30: =IFERROR(AVERAGEIF(C30:L30, "<>0"),"0") -> 4080 | N30: =ROUND(_xlfn.MINIFS(C30:L30, C30:L30, "<>0"),0)&" – "&ROUND(_xlfn.MAXIFS(C30:L30, C30:L30, "<>0"),0) -> 4000 – 4160
B31: yearly Au produced on site - impure (kg Au/y/site) | C31: =IFERROR(IF(C30*C8/1000=0, "---",C30*C8/1000),"---") -> 41.6 | D31: =IFERROR(IF(D30*D8/1000=0, "---",D30*D8/1000),"---") -> 40 | E31: =IFERROR(IF(E30*E8/1000=0, "---",E30*E8/1000),"---") -> --- | F31: =IFERROR(IF(F30*F8/1000=0, "---",F30*F8/1000),"---") -> --- | G31: =IFERROR(IF(G30*G8/1000=0, "---",G30*G8/1000),"---") -> --- | H31: =IFERROR(IF(H30*H8/1000=0, "---",H30*H8/1000),"---") -> --- | I31: =IFERROR(IF(I30*I8/1000=0, "---",I30*I8/1000),"---") -> --- | J31: =IFERROR(IF(J30*J8/1000=0, "---",J30*J8/1000),"---") -> --- | ... L31: =IFERROR(IF(L30*L8/1000=0, "---",L30*L8/1000),"---") -> --- | M31: =IFERROR(AVERAGEIF(C31:L31, "<>0"),"0") -> 40.8 | N31: =ROUND(_xlfn.MINIFS(C31:L31, C31:L31, "<>0"),0)&" – "&ROUND(_xlfn.MAXIFS(C31:L31, C31:L31, "<>0"),0) -> 40 – 42
B32: yearly Au produced on site - pure (kg Au/y/site) | C32: =IFERROR(IF(C30*C8/1000*C9=0, "---",C30*C8/1000*C9),"---") -> 29.12 | D32: =IFERROR(IF(D30*D8/1000*D9=0, "---",D30*D8/1000*D9),"---") -> 28 | E32: =IFERROR(IF(E30*E8/1000*E9=0, "---",E30*E8/1000*E9),"---") -> --- | F32: =IFERROR(IF(F30*F8/1000*F9=0, "---",F30*F8/1000*F9),"---") -> --- | G32: =IFERROR(IF(G30*G8/1000*G9=0, "---",G30*G8/1000*G9),"---") -> --- | H32: =IFERROR(IF(H30*H8/1000*H9=0, "---",H30*H8/1000*H9),"---") -> --- | I32: =IFERROR(IF(I30*I8/1000*I9=0, "---",I30*I8/1000*I9),"---") -> --- | J32: =IFERROR(IF(J30*J8/1000*J9=0, "---",J30*J8/1000*J9),"---") -> --- | ... L32: =IFERROR(IF(L30*L8/1000*L9=0, "---",L30*L8/1000*L9),"---") -> --- | M32: =IFERROR(AVERAGEIF(C32:L32, "<>0"),"0") -> 28.56 | N32: =ROUND(_xlfn.MINIFS(C32:L32, C32:L32, "<>0"),0)&" – "&ROUND(_xlfn.MAXIFS(C32:L32, C32:L32, "<>0"),0) -> 28 – 29
B33: value of yearly Au produced on site (local currency/y/site) | C33: =IFERROR(IF(C32*1000*C23=0, "---", C32*1000*C23), "---") -> 1019200 | D33: =IFERROR(IF(D32*1000*D23=0, "---", D32*1000*D23), "---") -> 1064000 | E33: =IFERROR(IF(E32*1000*E23=0, "---", E32*1000*E23), "---") -> --- | F33: =IFERROR(IF(F32*1000*F23=0, "---", F32*1000*F23), "---") -> --- | G33: =IFERROR(IF(G32*1000*G23=0, "---", G32*1000*G23), "---") -> --- | H33: =IFERROR(IF(H32*1000*H23=0, "---", H32*1000*H23), "---") -> --- | I33: =IFERROR(IF(I32*1000*I23=0, "---", I32*1000*I23), "---") -> --- | J33: =IFERROR(IF(J32*1000*J23=0, "---", J32*1000*J23), "---") -> --- | ... L33: =IFERROR(IF(L32*1000*L23=0, "---", L32*1000*L23), "---") -> --- | M33: =IFERROR(AVERAGEIF(C33:L33, "<>0"),"0") -> 1041600 | N33: =ROUND(_xlfn.MINIFS(C33:L33, C33:L33, "<>0"),0)&" – "&ROUND(_xlfn.MAXIFS(C33:L33, C33:L33, "<>0"),0) -> 1019200 – 1064000
B34: value produced yearly per worker (local currency/y/miner) | C34: =IFERROR(IF(C33/C27=0, "---", C33/C27), "---") -> 4900 | D34: =IFERROR(IF(D33/D27=0, "---", D33/D27), "---") -> 5320 | E34: =IFERROR(IF(E33/E27=0, "---", E33/E27), "---") -> --- | F34: =IFERROR(IF(F33/F27=0, "---", F33/F27), "---") -> --- | G34: =IFERROR(IF(G33/G27=0, "---", G33/G27), "---") -> --- | H34: =IFERROR(IF(H33/H27=0, "---", H33/H27), "---") -> --- | I34: =IFERROR(IF(I33/I27=0, "---", I33/I27), "---") -> --- | J34: =IFERROR(IF(J33/J27=0, "---", J33/J27), "---") -> --- | ... L34: =IFERROR(IF(L33/L27=0, "---", L33/L27), "---") -> --- | M34: =IFERROR(AVERAGEIF(C34:L34, "<>0"),"0") -> 5110 | N34: =ROUND(_xlfn.MINIFS(C34:L34, C34:L34, "<>0"),0)&" – "&ROUND(_xlfn.MAXIFS(C34:L34, C34:L34, "<>0"),0) -> 4900 – 5320
B36: Processing Unit Interviews - Processing Type 2 | C36: Interview 1 | D36: Interview 2 | E36: Interview 3 | F36: Interview 4 | G36: Interview 5 | H36: Interview 6 | I36: Interview 7 | J36: Interview 8 | K36: Interview 9 | L36: Interview 10 | M36: Average | N36: Range | O36: Comments | Q36: Description of Processing Type 2
B37: Data entry | Q37: =IF('4-ASGM Site Observations'!F33=0,"n/a",'4-ASGM Site Observations'!F33) -> The alliuvial material is concentrated by washing/sluicing. Ore concentrate is then amalgamated. The amalgam is retrieved from the ore by squeezing (the liquid is saved for later use). The amalgam is heated to yield sponge gold. No retort is used here. Extracting and processing are done by separate workers (extraction workers do not process and vice versa)
B38: interviewee type | C38: PROCESSING WORKER | D38: PROCESSING BOSS
B39: interviewee name | C39: Fatima | D39: Wally
B40: ore grade (g/T) | C40: 2 | D40: 2 | M40: =IFERROR(AVERAGEIF(C40:L40, "<>0"),"---") -> 2 | N40: =_xlfn.MINIFS(C40:L40, C40:L40, "<>0")&" – "&_xlfn.MAXIFS(C40:L40, C40:L40, "<>0") -> 2 – 2
B41: gold purity (%) | C41: 0.9 | D41: 0.9 | M41: =IFERROR(AVERAGEIF(C41:L41, "<>0"),"---") -> 0.9 | N41: =(100*(_xlfn.MINIFS(C41:L41,C41:L41,"<>0"))&"% – "&(100*(_xlfn.MAXIFS(C41:L41,C41:L41,"<>0"))))&"%" -> 90% – 90%
B42: ore throughput per unit per shift (T ore/shift/unit) | C42: 1.8 | D42: 1.5 | M42: =IFERROR(AVERAGEIF(C42:L42, "<>0"),"---") -> 1.65 | N42: =_xlfn.MINIFS(C42:L42, C42:L42, "<>0")&" – "&_xlfn.MAXIFS(C42:L42, C42:L42, "<>0") -> 1.5 – 1.8
B43: average active workers per unit | C43: 4 | D43: 4 | M43: =IFERROR(AVERAGEIF(C43:L43, "<>0"),"---") -> 4 | N43: =_xlfn.MINIFS(C43:L43, C43:L43, "<>0")&" – "&_xlfn.MAXIFS(C43:L43, C43:L43, "<>0") -> 4 – 4
B44: number of units on site - total | C44: 30 | D44: 30 | M44: =IFERROR(AVERAGEIF(C44:L44, "<>0"),"---") -> 30 | N44: =_xlfn.MINIFS(C44:L44, C44:L44, "<>0")&" – "&_xlfn.MAXIFS(C44:L44, C44:L44, "<>0") -> 30 – 30
B45: number of units on site - active | C45: 26 | D45: 25 | M45: =IFERROR(AVERAGEIF(C45:L45, "<>0"),"---") -> 25.5 | N45: =_xlfn.MINIFS(C45:L45, C45:L45, "<>0")&" – "&_xlfn.MAXIFS(C45:L45, C45:L45, "<>0") -> 25 – 26
B46: shift length (hr) | C46: 8 | D46: 8 | M46: =IFERROR(AVERAGEIF(C46:L46, "<>0"),"---") -> 8 | N46: =_xlfn.MINIFS(C46:L46, C46:L46, "<>0")&" – "&_xlfn.MAXIFS(C46:L46, C46:L46, "<>0") -> 8 – 8
B47: shifts per day | C47: 2 | D47: 2 | M47: =IFERROR(AVERAGEIF(C47:L47, "<>0"),"---") -> 2 | N47: =_xlfn.MINIFS(C47:L47, C47:L47, "<>0")&" – "&_xlfn.MAXIFS(C47:L47, C47:L47, "<>0") -> 2 – 2
B48: days active per week (d/w) | C48: 6 | D48: 6 | M48: =IFERROR(AVERAGEIF(C48:L48, "<>0"),"---") -> 6 | N48: =_xlfn.MINIFS(C48:L48, C48:L48, "<>0")&" – "&_xlfn.MAXIFS(C48:L48, C48:L48, "<>0") -> 6 – 6
B49: months active per year (m/y ) | C49: 10 | D49: 10 | M49: =IFERROR(AVERAGEIF(C49:L49, "<>0"),"---") -> 10 | N49: =_xlfn.MINIFS(C49:L49, C49:L49, "<>0")&" – "&_xlfn.MAXIFS(C49:L49, C49:L49, "<>0") -> 10 – 10
B50: days active per year (d/y) | C50: 200 | D50: 200 | M50: =IFERROR(AVERAGEIF(C50:L50, "<>0"),"---") -> 200 | N50: =_xlfn.MINIFS(C50:L50, C50:L50, "<>0")&" – "&_xlfn.MAXIFS(C50:L50, C50:L50, "<>0") -> 200 – 200
B51: daily earning per worker (g 24K Au) | C51: 0.5 | D51: 0.5 | M51: =IFERROR(AVERAGEIF(C51:L51, "<>0"),"---") -> 0.5 | N51: =_xlfn.MINIFS(C51:L51, C51:L51, "<>0")&" – "&_xlfn.MAXIFS(C51:L51, C51:L51, "<>0") -> 0.5 – 0.5
B52: annual earning per worker (g 24K Au) | C52: 100 | D52: 80 | M52: =IFERROR(AVERAGEIF(C52:L52, "<>0"),"---") -> 90 | N52: =_xlfn.MINIFS(C52:L52, C52:L52, "<>0")&" – "&_xlfn.MAXIFS(C52:L52, C52:L52, "<>0") -> 80 – 100
B53: pure gold sold from unit per month (g 24K Au/mo) | M53: =IFERROR(AVERAGEIF(C53:L53, "<>0"),"---") -> --- | N53: =_xlfn.MINIFS(C53:L53, C53:L53, "<>0")&" – "&_xlfn.MAXIFS(C53:L53, C53:L53, "<>0") -> 0 – 0
B54: mercury bought for system per month (kg Hg/mo) | M54: =IFERROR(AVERAGEIF(C54:L54, "<>0"),"---") -> --- | N54: =_xlfn.MINIFS(C54:L54, C54:L54, "<>0")&" – "&_xlfn.MAXIFS(C54:L54, C54:L54, "<>0") -> 0 – 0
B55: price per g of pure gold (local currency/g 24K Au) | C55: 35 | D55: 38 | M55: =IFERROR(AVERAGEIF(C55:L55, "<>0"),"---") -> 36.5 | N55: =_xlfn.MINIFS(C55:L55, C55:L55, "<>0")&" – "&_xlfn.MAXIFS(C55:L55, C55:L55, "<>0") -> 35 – 38
B56: price per kg of mercury (local currency/kg Hg) | C56: 40 | D56: 30 | M56: =IFERROR(AVERAGEIF(C56:L56, "<>0"),"---") -> 35 | N56: =_xlfn.MINIFS(C56:L56, C56:L56, "<>0")&" – "&_xlfn.MAXIFS(C56:L56, C56:L56, "<>0") -> 30 – 40
B57: estimated Hg:Au ratio for unit (as per interview) | C57: 5 | D57: 10 | M57: =IFERROR(AVERAGEIF(C57:L57, "<>0"),"---") -> 7.5 | N57: =(ROUND(_xlfn.MINIFS(C57:L57, C57:L57, "<>0"),2))&" – "&(ROUND(_xlfn.MAXIFS(C57:L57, C57:L57, "<>0"),2)) -> 5 – 10
B58: Calculations of site-level information
B59: total active workers on site (assumed = workers active/d) | C59: =IFERROR(IF(C43*C45*C47=0, "---",C43*C45*C47),"---") -> 208 | D59: =IFERROR(IF(D43*D45*D47=0, "---",D43*D45*D47),"---") -> 200 | E59: =IFERROR(IF(E43*E45*E47=0, "---",E43*E45*E47),"---") -> --- | F59: =IFERROR(IF(F43*F45*F47=0, "---",F43*F45*F47),"---") -> --- | G59: =IFERROR(IF(G43*G45*G47=0, "---",G43*G45*G47),"---") -> --- | H59: =IFERROR(IF(H43*H45*H47=0, "---",H43*H45*H47),"---") -> --- | I59: =IFERROR(IF(I43*I45*I47=0, "---",I43*I45*I47),"---") -> --- | J59: =IFERROR(IF(J43*J45*J47=0, "---",J43*J45*J47),"---") -> --- | ... L59: =IFERROR(IF(L43*L45*L47=0, "---",L43*L45*L47),"---") -> --- | M59: =IFERROR(AVERAGEIF(C59:L59, "<>0"),"0") -> 204 | N59: =ROUND(_xlfn.MINIFS(C59:L59, C59:L59, "<>0"),1)&" – "&ROUND(_xlfn.MAXIFS(C59:L59, C59:L59, "<>0"),1) -> 200 – 208
B60: daily ore throughput per unit (T ore/d/unit) | C60: =IFERROR(IF(C42*C47=0, "---",C42*C47),"---") -> 3.6 | D60: =IFERROR(IF(D42*D47=0, "---",D42*D47),"---") -> 3 | E60: =IFERROR(IF(E42*E47=0, "---",E42*E47),"---") -> --- | F60: =IFERROR(IF(F42*F47=0, "---",F42*F47),"---") -> --- | G60: =IFERROR(IF(G42*G47=0, "---",G42*G47),"---") -> --- | H60: =IFERROR(IF(H42*H47=0, "---",H42*H47),"---") -> --- | I60: =IFERROR(IF(I42*I47=0, "---",I42*I47),"---") -> --- | J60: =IFERROR(IF(J42*J47=0, "---",J42*J47),"---") -> --- | ... L60: =IFERROR(IF(L42*L47=0, "---",L42*L47),"---") -> --- | M60: =IFERROR(AVERAGEIF(C60:L60, "<>0"),"0") -> 3.3 | N60: =ROUND(_xlfn.MINIFS(C60:L60, C60:L60, "<>0"),1)&" – "&ROUND(_xlfn.MAXIFS(C60:L60, C60:L60, "<>0"),1) -> 3 – 3.6
B61: daily ore throughput on site (T ore/d/site) | C61: =IFERROR(IF(C42*C47*C45=0, "---",C42*C47*C45),"---") -> 93.6 | D61: =IFERROR(IF(D42*D47*D45=0, "---",D42*D47*D45),"---") -> 75 | E61: =IFERROR(IF(E42*E47*E45=0, "---",E42*E47*E45),"---") -> --- | F61: =IFERROR(IF(F42*F47*F45=0, "---",F42*F47*F45),"---") -> --- | G61: =IFERROR(IF(G42*G47*G45=0, "---",G42*G47*G45),"---") -> --- | H61: =IFERROR(IF(H42*H47*H45=0, "---",H42*H47*H45),"---") -> --- | I61: =IFERROR(IF(I42*I47*I45=0, "---",I42*I47*I45),"---") -> --- | J61: =IFERROR(IF(J42*J47*J45=0, "---",J42*J47*J45),"---") -> --- | ... L61: =IFERROR(IF(L42*L47*L45=0, "---",L42*L47*L45),"---") -> --- | M61: =IFERROR(AVERAGEIF(C61:L61, "<>0"),"0") -> 84.3 | N61: =ROUND(_xlfn.MINIFS(C61:L61, C61:L61, "<>0"),1)&" – "&ROUND(_xlfn.MAXIFS(C61:L61, C61:L61, "<>0"),1) -> 75 – 93.6
B62: yearly ore throughput on site (T ore/y/site) | C62: =IFERROR(IF(C42*C47*C45*C50=0, "---",C42*C47*C45*C50),"---") -> 18720 | D62: =IFERROR(IF(D42*D47*D45*D50=0, "---",D42*D47*D45*D50),"---") -> 15000 | E62: =IFERROR(IF(E42*E47*E45*E50=0, "---",E42*E47*E45*E50),"---") -> --- | F62: =IFERROR(IF(F42*F47*F45*F50=0, "---",F42*F47*F45*F50),"---") -> --- | G62: =IFERROR(IF(G42*G47*G45*G50=0, "---",G42*G47*G45*G50),"---") -> --- | H62: =IFERROR(IF(H42*H47*H45*H50=0, "---",H42*H47*H45*H50),"---") -> --- | I62: =IFERROR(IF(I42*I47*I45*I50=0, "---",I42*I47*I45*I50),"---") -> --- | J62: =IFERROR(IF(J42*J47*J45*J50=0, "---",J42*J47*J45*J50),"---") -> --- | ... L62: =IFERROR(IF(L42*L47*L45*L50=0, "---",L42*L47*L45*L50),"---") -> --- | M62: =IFERROR(AVERAGEIF(C62:L62, "<>0"),"0") -> 16860 | N62: =ROUND(_xlfn.MINIFS(C62:L62, C62:L62, "<>0"),0)&" – "&ROUND(_xlfn.MAXIFS(C62:L62, C62:L62, "<>0"),0) -> 15000 – 18720
B63: yearly Au produced on site - impure (kg Au/y/site) | C63: =IFERROR(IF(C62*C40/1000=0, "---",C62*C40/1000),"---") -> 37.44 | D63: =IFERROR(IF(D62*D40/1000=0, "---",D62*D40/1000),"---") -> 30 | E63: =IFERROR(IF(E62*E40/1000=0, "---",E62*E40/1000),"---") -> --- | F63: =IFERROR(IF(F62*F40/1000=0, "---",F62*F40/1000),"---") -> --- | G63: =IFERROR(IF(G62*G40/1000=0, "---",G62*G40/1000),"---") -> --- | H63: =IFERROR(IF(H62*H40/1000=0, "---",H62*H40/1000),"---") -> --- | I63: =IFERROR(IF(I62*I40/1000=0, "---",I62*I40/1000),"---") -> --- | J63: =IFERROR(IF(J62*J40/1000=0, "---",J62*J40/1000),"---") -> --- | ... L63: =IFERROR(IF(L62*L40/1000=0, "---",L62*L40/1000),"---") -> --- | M63: =IFERROR(AVERAGEIF(C63:L63, "<>0"),"0") -> 33.72 | N63: =ROUND(_xlfn.MINIFS(C63:L63, C63:L63, "<>0"),0)&" – "&ROUND(_xlfn.MAXIFS(C63:L63, C63:L63, "<>0"),0) -> 30 – 37
B64: yearly Au produced on site - pure (kg Au/y/site) | C64: =IFERROR(IF(C62*C40/1000*C41=0, "---",C62*C40/1000*C41),"---") -> 33.696 | D64: =IFERROR(IF(D62*D40/1000*D41=0, "---",D62*D40/1000*D41),"---") -> 27 | E64: =IFERROR(IF(E62*E40/1000*E41=0, "---",E62*E40/1000*E41),"---") -> --- | F64: =IFERROR(IF(F62*F40/1000*F41=0, "---",F62*F40/1000*F41),"---") -> --- | G64: =IFERROR(IF(G62*G40/1000*G41=0, "---",G62*G40/1000*G41),"---") -> --- | H64: =IFERROR(IF(H62*H40/1000*H41=0, "---",H62*H40/1000*H41),"---") -> --- | I64: =IFERROR(IF(I62*I40/1000*I41=0, "---",I62*I40/1000*I41),"---") -> --- | J64: =IFERROR(IF(J62*J40/1000*J41=0, "---",J62*J40/1000*J41),"---") -> --- | ... L64: =IFERROR(IF(L62*L40/1000*L41=0, "---",L62*L40/1000*L41),"---") -> --- | M64: =IFERROR(AVERAGEIF(C64:L64, "<>0"),"0") -> 30.348 | N64: =ROUND(_xlfn.MINIFS(C64:L64, C64:L64, "<>0"),0)&" – "&ROUND(_xlfn.MAXIFS(C64:L64, C64:L64, "<>0"),0) -> 27 – 34
B65: value of yearly Au produced on site (local currency/y/site) | C65: =IFERROR(IF(C64*1000*C55=0, "---", C64*1000*C55), "---") -> 1179360 | D65: =IFERROR(IF(D64*1000*D55=0, "---", D64*1000*D55), "---") -> 1026000 | E65: =IFERROR(IF(E64*1000*E55=0, "---", E64*1000*E55), "---") -> --- | F65: =IFERROR(IF(F64*1000*F55=0, "---", F64*1000*F55), "---") -> --- | G65: =IFERROR(IF(G64*1000*G55=0, "---", G64*1000*G55), "---") -> --- | H65: =IFERROR(IF(H64*1000*H55=0, "---", H64*1000*H55), "---") -> --- | I65: =IFERROR(IF(I64*1000*I55=0, "---", I64*1000*I55), "---") -> --- | J65: =IFERROR(IF(J64*1000*J55=0, "---", J64*1000*J55), "---") -> --- | ... L65: =IFERROR(IF(L64*1000*L55=0, "---", L64*1000*L55), "---") -> --- | M65: =IFERROR(AVERAGEIF(C65:L65, "<>0"),"0") -> 1102680 | N65: =ROUND(_xlfn.MINIFS(C65:L65, C65:L65, "<>0"),0)&" – "&ROUND(_xlfn.MAXIFS(C65:L65, C65:L65, "<>0"),0) -> 1026000 – 1179360
B66: value produced yearly per worker (local currency/y/miner) | C66: =IFERROR(IF(C65/C59=0, "---", C65/C59), "---") -> 5670 | D66: =IFERROR(IF(D65/D59=0, "---", D65/D59), "---") -> 5130 | E66: =IFERROR(IF(E65/E59=0, "---", E65/E59), "---") -> --- | F66: =IFERROR(IF(F65/F59=0, "---", F65/F59), "---") -> --- | G66: =IFERROR(IF(G65/G59=0, "---", G65/G59), "---") -> --- | H66: =IFERROR(IF(H65/H59=0, "---", H65/H59), "---") -> --- | I66: =IFERROR(IF(I65/I59=0, "---", I65/I59), "---") -> --- | J66: =IFERROR(IF(J65/J59=0, "---", J65/J59), "---") -> --- | ... L66: =IFERROR(IF(L65/L59=0, "---", L65/L59), "---") -> --- | M66: =IFERROR(AVERAGEIF(C66:L66, "<>0"),"0") -> 5400 | N66: =ROUND(_xlfn.MINIFS(C66:L66, C66:L66, "<>0"),0)&" – "&ROUND(_xlfn.MAXIFS(C66:L66, C66:L66, "<>0"),0) -> 5130 – 5670
B68: Processing Unit Interviews - Processing Type 3 | C68: Interview 1 | D68: Interview 2 | E68: Interview 3 | F68: Interview 4 | G68: Interview 5 | H68: Interview 6 | I68: Interview 7 | J68: Interview 8 | K68: Interview 9 | L68: Interview 10 | M68: Average | N68: Range | O68: Comments | Q68: Description of Processing Type 3
B69: Data entry | Q69: =IF('4-ASGM Site Observations'!G33=0,"n/a",'4-ASGM Site Observations'!G33) -> n/a
B70: interviewee type
B71: interviewee name
B72: ore grade (g/T) | M72: =IFERROR(AVERAGEIF(C72:L72, "<>0"),"---") -> --- | N72: =_xlfn.MINIFS(C72:L72, C72:L72, "<>0")&" – "&_xlfn.MAXIFS(C72:L72, C72:L72, "<>0") -> 0 – 0
B73: gold purity (%) | M73: =IFERROR(AVERAGEIF(C73:L73, "<>0"),"---") -> --- | N73: =(100*(_xlfn.MINIFS(C73:L73,C73:L73,"<>0"))&"% – "&(100*(_xlfn.MAXIFS(C73:L73,C73:L73,"<>0"))))&"%" -> 0% – 0%
B74: ore throughput per unit per shift (T ore/shift/unit) | M74: =IFERROR(AVERAGEIF(C74:L74, "<>0"),"---") -> --- | N74: =_xlfn.MINIFS(C74:L74, C74:L74, "<>0")&" – "&_xlfn.MAXIFS(C74:L74, C74:L74, "<>0") -> 0 – 0
B75: average active workers per unit | M75: =IFERROR(AVERAGEIF(C75:L75, "<>0"),"---") -> --- | N75: =_xlfn.MINIFS(C75:L75, C75:L75, "<>0")&" – "&_xlfn.MAXIFS(C75:L75, C75:L75, "<>0") -> 0 – 0
B76: number of units on site - total | M76: =IFERROR(AVERAGEIF(C76:L76, "<>0"),"---") -> --- | N76: =_xlfn.MINIFS(C76:L76, C76:L76, "<>0")&" – "&_xlfn.MAXIFS(C76:L76, C76:L76, "<>0") -> 0 – 0
B77: number of units on site - active | M77: =IFERROR(AVERAGEIF(C77:L77, "<>0"),"---") -> --- | N77: =_xlfn.MINIFS(C77:L77, C77:L77, "<>0")&" – "&_xlfn.MAXIFS(C77:L77, C77:L77, "<>0") -> 0 – 0
B78: shift length (hr) | M78: =IFERROR(AVERAGEIF(C78:L78, "<>0"),"---") -> --- | N78: =_xlfn.MINIFS(C78:L78, C78:L78, "<>0")&" – "&_xlfn.MAXIFS(C78:L78, C78:L78, "<>0") -> 0 – 0
B79: shifts per day | M79: =IFERROR(AVERAGEIF(C79:L79, "<>0"),"---") -> --- | N79: =_xlfn.MINIFS(C79:L79, C79:L79, "<>0")&" – "&_xlfn.MAXIFS(C79:L79, C79:L79, "<>0") -> 0 – 0
B80: days active per week (d/w) | M80: =IFERROR(AVERAGEIF(C80:L80, "<>0"),"---") -> --- | N80: =_xlfn.MINIFS(C80:L80, C80:L80, "<>0")&" – "&_xlfn.MAXIFS(C80:L80, C80:L80, "<>0") -> 0 – 0
B81: months active per year (m/y ) | M81: =IFERROR(AVERAGEIF(C81:L81, "<>0"),"---") -> --- | N81: =_xlfn.MINIFS(C81:L81, C81:L81, "<>0")&" – "&_xlfn.MAXIFS(C81:L81, C81:L81, "<>0") -> 0 – 0
B82: days active per year (d/y) | M82: =IFERROR(AVERAGEIF(C82:L82, "<>0"),"---") -> --- | N82: =_xlfn.MINIFS(C82:L82, C82:L82, "<>0")&" – "&_xlfn.MAXIFS(C82:L82, C82:L82, "<>0") -> 0 – 0
B83: daily earning per worker (g 24K Au) | M83: =IFERROR(AVERAGEIF(C83:L83, "<>0"),"---") -> --- | N83: =_xlfn.MINIFS(C83:L83, C83:L83, "<>0")&" – "&_xlfn.MAXIFS(C83:L83, C83:L83, "<>0") -> 0 – 0
B84: annual earning per worker (g 24K Au) | M84: =IFERROR(AVERAGEIF(C84:L84, "<>0"),"---") -> --- | N84: =_xlfn.MINIFS(C84:L84, C84:L84, "<>0")&" – "&_xlfn.MAXIFS(C84:L84, C84:L84, "<>0") -> 0 – 0
B85: pure gold sold from unit per month (g 24K Au/mo) | M85: =IFERROR(AVERAGEIF(C85:L85, "<>0"),"---") -> --- | N85: =_xlfn.MINIFS(C85:L85, C85:L85, "<>0")&" – "&_xlfn.MAXIFS(C85:L85, C85:L85, "<>0") -> 0 – 0
... B88: price per kg of mercury (local currency/kg Hg) | M88: =IFERROR(AVERAGEIF(C88:L88, "<>0"),"---") -> --- | N88: =_xlfn.MINIFS(C88:L88, C88:L88, "<>0")&" – "&_xlfn.MAXIFS(C88:L88, C88:L88, "<>0") -> 0 – 0
B89: estimated Hg:Au ratio for unit (as per interview) | M89: =IFERROR(AVERAGEIF(C89:L89, "<>0"),"---") -> --- | N89: =(ROUND(_xlfn.MINIFS(C89:L89, C89:L89, "<>0"),2))&" – "&(ROUND(_xlfn.MAXIFS(C89:L89, C89:L89, "<>0"),2)) -> 0 – 0
B90: Calculations of site-level information
B91: total active workers on site (assumed = workers active/d) | C91: =IFERROR(IF(C75*C77*C79=0, "---",C75*C77*C79),"---") -> --- | D91: =IFERROR(IF(D75*D77*D79=0, "---",D75*D77*D79),"---") -> --- | E91: =IFERROR(IF(E75*E77*E79=0, "---",E75*E77*E79),"---") -> --- | F91: =IFERROR(IF(F75*F77*F79=0, "---",F75*F77*F79),"---") -> --- | G91: =IFERROR(IF(G75*G77*G79=0, "---",G75*G77*G79),"---") -> --- | H91: =IFERROR(IF(H75*H77*H79=0, "---",H75*H77*H79),"---") -> --- | I91: =IFERROR(IF(I75*I77*I79=0, "---",I75*I77*I79),"---") -> --- | J91: =IFERROR(IF(J75*J77*J79=0, "---",J75*J77*J79),"---") -> --- | ... L91: =IFERROR(IF(L75*L77*L79=0, "---",L75*L77*L79),"---") -> --- | M91: =IFERROR(AVERAGEIF(C91:L91, "<>0"),"0") -> 0 | N91: =ROUND(_xlfn.MINIFS(C91:L91, C91:L91, "<>0"),1)&" – "&ROUND(_xlfn.MAXIFS(C91:L91, C91:L91, "<>0"),1) -> 0 – 0
B92: daily ore throughput per unit (T ore/d/unit) | C92: =IFERROR(IF(C74*C79=0, "---",C74*C79),"---") -> --- | D92: =IFERROR(IF(D74*D79=0, "---",D74*D79),"---") -> --- | E92: =IFERROR(IF(E74*E79=0, "---",E74*E79),"---") -> --- | F92: =IFERROR(IF(F74*F79=0, "---",F74*F79),"---") -> --- | G92: =IFERROR(IF(G74*G79=0, "---",G74*G79),"---") -> --- | H92: =IFERROR(IF(H74*H79=0, "---",H74*H79),"---") -> --- | I92: =IFERROR(IF(I74*I79=0, "---",I74*I79),"---") -> --- | J92: =IFERROR(IF(J74*J79=0, "---",J74*J79),"---") -> --- | ... L92: =IFERROR(IF(L74*L79=0, "---",L74*L79),"---") -> --- | M92: =IFERROR(AVERAGEIF(C92:L92, "<>0"),"0") -> 0 | N92: =ROUND(_xlfn.MINIFS(C92:L92, C92:L92, "<>0"),1)&" – "&ROUND(_xlfn.MAXIFS(C92:L92, C92:L92, "<>0"),1) -> 0 – 0
B93: daily ore throughput on site (T ore/d/site) | C93: =IFERROR(IF(C74*C79*C77=0, "---",C74*C79*C77),"---") -> --- | D93: =IFERROR(IF(D74*D79*D77=0, "---",D74*D79*D77),"---") -> --- | E93: =IFERROR(IF(E74*E79*E77=0, "---",E74*E79*E77),"---") -> --- | F93: =IFERROR(IF(F74*F79*F77=0, "---",F74*F79*F77),"---") -> --- | G93: =IFERROR(IF(G74*G79*G77=0, "---",G74*G79*G77),"---") -> --- | H93: =IFERROR(IF(H74*H79*H77=0, "---",H74*H79*H77),"---") -> --- | I93: =IFERROR(IF(I74*I79*I77=0, "---",I74*I79*I77),"---") -> --- | J93: =IFERROR(IF(J74*J79*J77=0, "---",J74*J79*J77),"---") -> --- | ... L93: =IFERROR(IF(L74*L79*L77=0, "---",L74*L79*L77),"---") -> --- | M93: =IFERROR(AVERAGEIF(C93:L93, "<>0"),"0") -> 0 | N93: =ROUND(_xlfn.MINIFS(C93:L93, C93:L93, "<>0"),1)&" – "&ROUND(_xlfn.MAXIFS(C93:L93, C93:L93, "<>0"),1) -> 0 – 0
B94: yearly ore throughput on site (T ore/y/site) | C94: =IFERROR(IF(C74*C79*C77*C82=0, "---",C74*C79*C77*C82),"---") -> --- | D94: =IFERROR(IF(D74*D79*D77*D82=0, "---",D74*D79*D77*D82),"---") -> --- | E94: =IFERROR(IF(E74*E79*E77*E82=0, "---",E74*E79*E77*E82),"---") -> --- | F94: =IFERROR(IF(F74*F79*F77*F82=0, "---",F74*F79*F77*F82),"---") -> --- | G94: =IFERROR(IF(G74*G79*G77*G82=0, "---",G74*G79*G77*G82),"---") -> --- | H94: =IFERROR(IF(H74*H79*H77*H82=0, "---",H74*H79*H77*H82),"---") -> --- | I94: =IFERROR(IF(I74*I79*I77*I82=0, "---",I74*I79*I77*I82),"---") -> --- | J94: =IFERROR(IF(J74*J79*J77*J82=0, "---",J74*J79*J77*J82),"---") -> --- | ... L94: =IFERROR(IF(L74*L79*L77*L82=0, "---",L74*L79*L77*L82),"---") -> --- | M94: =IFERROR(AVERAGEIF(C94:L94, "<>0"),"0") -> 0 | N94: =ROUND(_xlfn.MINIFS(C94:L94, C94:L94, "<>0"),0)&" – "&ROUND(_xlfn.MAXIFS(C94:L94, C94:L94, "<>0"),0) -> 0 – 0
B95: yearly Au produced on site - impure (kg Au/y/site) | C95: =IFERROR(IF(C94*C72/1000=0, "---",C94*C72/1000),"---") -> --- | D95: =IFERROR(IF(D94*D72/1000=0, "---",D94*D72/1000),"---") -> --- | E95: =IFERROR(IF(E94*E72/1000=0, "---",E94*E72/1000),"---") -> --- | F95: =IFERROR(IF(F94*F72/1000=0, "---",F94*F72/1000),"---") -> --- | G95: =IFERROR(IF(G94*G72/1000=0, "---",G94*G72/1000),"---") -> --- | H95: =IFERROR(IF(H94*H72/1000=0, "---",H94*H72/1000),"---") -> --- | I95: =IFERROR(IF(I94*I72/1000=0, "---",I94*I72/1000),"---") -> --- | J95: =IFERROR(IF(J94*J72/1000=0, "---",J94*J72/1000),"---") -> --- | ... L95: =IFERROR(IF(L94*L72/1000=0, "---",L94*L72/1000),"---") -> --- | M95: =IFERROR(AVERAGEIF(C95:L95, "<>0"),"0") -> 0 | N95: =ROUND(_xlfn.MINIFS(C95:L95, C95:L95, "<>0"),0)&" – "&ROUND(_xlfn.MAXIFS(C95:L95, C95:L95, "<>0"),0) -> 0 – 0
B96: yearly Au produced on site - pure (kg Au/y/site) | C96: =IFERROR(IF(C94*C72/1000*C73=0, "---",C94*C72/1000*C73),"---") -> --- | D96: =IFERROR(IF(D94*D72/1000*D73=0, "---",D94*D72/1000*D73),"---") -> --- | E96: =IFERROR(IF(E94*E72/1000*E73=0, "---",E94*E72/1000*E73),"---") -> --- | F96: =IFERROR(IF(F94*F72/1000*F73=0, "---",F94*F72/1000*F73),"---") -> --- | G96: =IFERROR(IF(G94*G72/1000*G73=0, "---",G94*G72/1000*G73),"---") -> --- | H96: =IFERROR(IF(H94*H72/1000*H73=0, "---",H94*H72/1000*H73),"---") -> --- | I96: =IFERROR(IF(I94*I72/1000*I73=0, "---",I94*I72/1000*I73),"---") -> --- | J96: =IFERROR(IF(J94*J72/1000*J73=0, "---",J94*J72/1000*J73),"---") -> --- | ... L96: =IFERROR(IF(L94*L72/1000*L73=0, "---",L94*L72/1000*L73),"---") -> --- | M96: =IFERROR(AVERAGEIF(C96:L96, "<>0"),"0") -> 0 | N96: =ROUND(_xlfn.MINIFS(C96:L96, C96:L96, "<>0"),0)&" – "&ROUND(_xlfn.MAXIFS(C96:L96, C96:L96, "<>0"),0) -> 0 – 0
B97: value of yearly Au produced on site (local currency/y/site) | C97: =IFERROR(IF(C96*1000*C87=0, "---", C96*1000*C87), "---") -> --- | D97: =IFERROR(IF(D96*1000*D87=0, "---", D96*1000*D87), "---") -> --- | E97: =IFERROR(IF(E96*1000*E87=0, "---", E96*1000*E87), "---") -> --- | F97: =IFERROR(IF(F96*1000*F87=0, "---", F96*1000*F87), "---") -> --- | G97: =IFERROR(IF(G96*1000*G87=0, "---", G96*1000*G87), "---") -> --- | H97: =IFERROR(IF(H96*1000*H87=0, "---", H96*1000*H87), "---") -> --- | I97: =IFERROR(IF(I96*1000*I87=0, "---", I96*1000*I87), "---") -> --- | J97: =IFERROR(IF(J96*1000*J87=0, "---", J96*1000*J87), "---") -> --- | ... L97: =IFERROR(IF(L96*1000*L87=0, "---", L96*1000*L87), "---") -> --- | M97: =IFERROR(AVERAGEIF(C97:L97, "<>0"),"0") -> 0 | N97: =ROUND(_xlfn.MINIFS(C97:L97, C97:L97, "<>0"),0)&" – "&ROUND(_xlfn.MAXIFS(C97:L97, C97:L97, "<>0"),0) -> 0 – 0
B98: value produced yearly per worker (local currency/y/miner) | C98: =IFERROR(IF(C97/C91=0, "---", C97/C91), "---") -> --- | D98: =IFERROR(IF(D97/D91=0, "---", D97/D91), "---") -> --- | E98: =IFERROR(IF(E97/E91=0, "---", E97/E91), "---") -> --- | F98: =IFERROR(IF(F97/F91=0, "---", F97/F91), "---") -> --- | G98: =IFERROR(IF(G97/G91=0, "---", G97/G91), "---") -> --- | H98: =IFERROR(IF(H97/H91=0, "---", H97/H91), "---") -> --- | I98: =IFERROR(IF(I97/I91=0, "---", I97/I91), "---") -> --- | J98: =IFERROR(IF(J97/J91=0, "---", J97/J91), "---") -> --- | ... L98: =IFERROR(IF(L97/L91=0, "---", L97/L91), "---") -> --- | M98: =IFERROR(AVERAGEIF(C98:L98, "<>0"),"0") -> 0 | N98: =ROUND(_xlfn.MINIFS(C98:L98, C98:L98, "<>0"),0)&" – "&ROUND(_xlfn.MAXIFS(C98:L98, C98:L98, "<>0"),0) -> 0 – 0
B100: * Add additional Processing table for each new type of extraction *
B102: SUM OF ALL TYPES | M102: Average | N102: Range | O102: Comments
B103: yearly earnings per processing worker (local currency/y) | M103: =IFERROR(IF(AVERAGE(M52,M84,M20)=0,"---",AVERAGE(M52,M84,M20)),"---") -> 90 | N103: =ROUND(MIN(C84:L84,C52:L52,C20:L20),0)&" – "&ROUND(MAX(C84:L84,C52:L52,C20:L20),0) -> 80 – 100
B104: price per g of pure gold (local currency/g 24K Au) | M104: =IFERROR(IF(AVERAGE(M23,M55,M87)=0,"---",AVERAGE(M23,M55,M87)),"---") -> 36.5 | N104: =ROUND(MIN(C23:L23,C55:L55,C87:L87),0)&" – "&ROUND(MAX(C23:L23,C55:L55,C87:L87),0) -> 35 – 38
B105: price per kg of mercury (local currency/kg Hg) | M105: =IFERROR(IF(AVERAGE(M24,M56,M88)=0,"---",AVERAGE(M24,M56,M88)),"---") -> 35 | N105: =ROUND(MIN(C24:L24,C56:L56,C88:L88),0)&" – "&ROUND(MAX(C24:L24,C56:L56,C88:L88),0) -> 30 – 40
B106: yearly ore throughput on site (T ore/y/site) | M106: =IFERROR(IF(SUM(M30,M62,M94)=0,"---",SUM(M30,M62,M94)),"---") -> 20940 | N106: =ROUND((_xlfn.MINIFS(C30:L30, C30:L30, "<>0"))+(_xlfn.MINIFS(C62:L62, C62:L62, "<>0"))+(_xlfn.MINIFS(C94:L94, C94:L94, "<>0")),0)&" – "&ROUND((_xlfn.MAXIFS(C30:L30, C30:L30, "<>0"))+(_xlfn.MAXIFS(C62:L62, C62:L62, "<>0"))+(_xlfn.MAXIFS(C94:L94, C94:L94, "<>0")),0) -> 19000 – 22880
B107: yearly Au produced on site - pure (kg Au/y/site) - TOTAL | M107: =IFERROR(IF(SUM(M32,M64,M96)=0,"---",SUM(M32,M64,M96)),"---") -> 58.908 | N107: =ROUND((_xlfn.MINIFS(C32:L32, C32:L32, "<>0"))+(_xlfn.MINIFS(C64:L64, C64:L64, "<>0"))+(_xlfn.MINIFS(C96:L96, C96:L96, "<>0")),0)&" – "&ROUND((_xlfn.MAXIFS(C32:L32, C32:L32, "<>0"))+(_xlfn.MAXIFS(C64:L64, C64:L64, "<>0"))+(_xlfn.MAXIFS(C96:L96, C96:L96, "<>0")),0) -> 55 – 63
...

Sheet 5-Site Interview | Earnings
A1: ="ASGM Site: "&'1-Location Info'!C3&" | Interviews with ASGM workers about Earnings" -> ASGM Site: Placerton | Interviews with ASGM workers about Earnings
A2: Data Collection Form "ASGM Site Interview: Earnings"
B4: Earnings Information (revenue distribution) | C4: Interview 1 | D4: Interview 2 | E4: Interview 3 | F4: Interview 4 | G4: Interview 5 | H4: Interview 6 | I4: Interview 7 | J4: Interview 8 | K4: Interview 9 | L4: Interview 10 | M4: Average | N4: Range | O4: Comments
B5: Interviewee Type | C5: EXTRACTION WORKER | D5: EXTRACTION BOSS
B6: Interviewee Name | C6: Jonas | D6: Rose
B8: stakeholder:
B9: business owner | C9: 0.55 | D9: 0.5 | M9: =IFERROR(AVERAGEIF(C9:L9, "<>0"),"n/a") -> 0.525 | N9: =(100*(_xlfn.MINIFS(C9:L9,C9:L9,"<>0"))&"% – "&(100*(_xlfn.MAXIFS(C9:L9,C9:L9,"<>0"))))&"%" -> 50% – 55%
B10: mining bosses | C10: 0.15 | D10: 0.15 | M10: =IFERROR(AVERAGEIF(C10:L10, "<>0"),"n/a") -> 0.15 | N10: =(100*(_xlfn.MINIFS(C10:L10,C10:L10,"<>0"))&"% – "&(100*(_xlfn.MAXIFS(C10:L10,C10:L10,"<>0"))))&"%" -> 15% – 15%
B11: extraction workers | C11: 0.3 | D11: 0.35 | M11: =IFERROR(AVERAGEIF(C11:L11, "<>0"),"n/a") -> 0.325 | N11: =(100*(_xlfn.MINIFS(C11:L11,C11:L11,"<>0"))&"% – "&(100*(_xlfn.MAXIFS(C11:L11,C11:L11,"<>0"))))&"%" -> 30% – 35%
B12: processing workers | M12: =IFERROR(AVERAGEIF(C12:L12, "<>0"),"n/a") -> n/a | N12: =(100*(_xlfn.MINIFS(C12:L12,C12:L12,"<>0"))&"% – "&(100*(_xlfn.MAXIFS(C12:L12,C12:L12,"<>0"))))&"%" -> 0% – 0% | O12: Processing workers are paid out of pocket by business owner
B13: transport workers | M13: =IFERROR(AVERAGEIF(C13:L13, "<>0"),"n/a") -> n/a | N13: =(100*(_xlfn.MINIFS(C13:L13,C13:L13,"<>0"))&"% – "&(100*(_xlfn.MAXIFS(C13:L13,C13:L13,"<>0"))))&"%" -> 0% – 0% | O13: Transport workers are paid out of pocket by business owner
M14: =IFERROR(AVERAGEIF(C14:L14, "<>0"),"n/a") -> n/a | N14: =(100*(_xlfn.MINIFS(C14:L14,C14:L14,"<>0"))&"% – "&(100*(_xlfn.MAXIFS(C14:L14,C14:L14,"<>0"))))&"%" -> 0% – 0%
M15: =IFERROR(AVERAGEIF(C15:L15, "<>0"),"n/a") -> n/a | N15: =(100*(_xlfn.MINIFS(C15:L15,C15:L15,"<>0"))&"% – "&(100*(_xlfn.MAXIFS(C15:L15,C15:L15,"<>0"))))&"%" -> 0% – 0%
B16: Total (should be 100%) | C16: =IF(SUM(C9:C15)=0,"---",SUM(C9:C15)) -> 1 | D16: =IF(SUM(D9:D15)=0,"---",SUM(D9:D15)) -> 1 | E16: =IF(SUM(E9:E15)=0,"---",SUM(E9:E15)) -> --- | F16: =IF(SUM(F9:F15)=0,"---",SUM(F9:F15)) -> --- | G16: =IF(SUM(G9:G15)=0,"---",SUM(G9:G15)) -> --- | H16: =IF(SUM(H9:H15)=0,"---",SUM(H9:H15)) -> --- | I16: =IF(SUM(I9:I15)=0,"---",SUM(I9:I15)) -> --- | J16: =IF(SUM(J9:J15)=0,"---",SUM(J9:J15)) -> --- | ... L16: =IF(SUM(L9:L15)=0,"---",SUM(L9:L15)) -> --- | M16: =SUM(M9:M15) -> 1

Sheet 6-HgAu Ratio measures
B1: ="ASGM Site: "&'1-Location Info'!C3&" | Mercury-to-Gold Ratio" -> ASGM Site: Placerton | Mercury-to-Gold Ratio
B2: Data Collection Form "Mercury-to-Gold Ratio (Hg:Au)"
C5: Hg & Au Measurments - Processing Type 1 | D5: Trial No. | J5: Average | K5: Range
D6: 1 | E6: 2 | F6: 3 | G6: 4 | H6: 5 | I6: 6
C7: Mix Phase
C8: C. mass Hg added to mix (g) | D8: 2712.4 | E8: 2834.3 | F8: 2700.3
C9: F. mass liquid Hg & amalgam out of mix (g) | D9: 2700.8 | E9: 2818.2 | F9: 2691
C10: I. mass liquid Hg recovered from squeeze (g) | D10: 2692.4 | E10: 2809.3 | F10: 2683.9
C12: Heating Phase
C13: L. mass amalgam (g) | D13: 8.21 | E13: 8.63 | F13: 6.91
C14: O. mass sponge gold (g) | D14: 3.91 | E14: 4.21 | F14: 3.22
C15: P. mass sponge gold in 100% purity (g) (= O x %purity) | D15: =D14*0.7 -> 2.737 | E15: =E14*0.7 -> 2.947 | F15: =F14*0.7 -> 2.254
C16: Q. Hg evaporated (=L-O) | D16: =IFERROR(IF(D13-D14=0,"---",D13-D14),"---") -> 4.3 | E16: =IFERROR(IF(E13-E14=0,"---",E13-E14),"---") -> 4.42 | F16: =IFERROR(IF(F13-F14=0,"---",F13-F14),"---") -> 3.69 | G16: =IFERROR(IF(G13-G14=0,"---",G13-G14),"---") -> --- | H16: =IFERROR(IF(H13-H14=0,"---",H13-H14),"---") -> --- | I16: =IFERROR(IF(I13-I14=0,"---",I13-I14),"---") -> ---
C18: Measurement Cross-check
C19: liquid Hg from squeeze (I) + amalgam (L) should = (F) | D19: =IFERROR(IF(D10+D13=0,"---",D10+D13),"---") -> 2700.61 | E19: =IFERROR(IF(E10+E13=0,"---",E10+E13),"---") -> 2817.93 | F19: =IFERROR(IF(F10+F13=0,"---",F10+F13),"---") -> 2690.81 | G19: =IFERROR(IF(G10+G13=0,"---",G10+G13),"---") -> --- | H19: =IFERROR(IF(H10+H13=0,"---",H10+H13),"---") -> --- | I19: =IFERROR(IF(I10+I13=0,"---",I10+I13),"---") -> ---
C21: Recovery in Retort
C22: T. mass mercury recovered in retort (g) | D22: 2.5 | E22: 2.6 | F22: 1.5
C23: U. retort efficiency (%) (= T / Q *100) | D23: =IFERROR(D22/D16,"---") -> 0.58139535 | E23: =IFERROR(E22/E16,"---") -> 0.58823529 | F23: =IFERROR(F22/F16,"---") -> 0.40650407 | G23: =IFERROR(G22/G16,"---") -> --- | H23: =IFERROR(H22/H16,"---") -> --- | I23: =IFERROR(I22/I16,"---") -> --- | J23: =IFERROR(AVERAGEIF(D23:I23, "<>#DIV/0!"),"---") -> 0.52537824 | K23: =ROUND(_xlfn.MINIFS(D23:I23, D23:I23, "<>0")*100,0)&"% – "&ROUND(_xlfn.MAXIFS(D23:I23, D23:I23, "<>0")*100,0)&"%" -> 41% – 59%
C25: Mass Balance
C26: V. Hg lost to land in mix phase (= C-I-Q) | D26: =IFERROR(D8-D10-D16,"---") -> 15.7 | E26: =IFERROR(E8-E10-E16,"---") -> 20.58 | F26: =IFERROR(F8-F10-F16,"---") -> 12.71 | G26: =IFERROR(G8-G10-G16,"---") -> --- | H26: =IFERROR(H8-H10-H16,"---") -> --- | I26: =IFERROR(I8-I10-I16,"---") -> ---
C27: W. Hg lost to the air in heating phase (= Q-T) | D27: =IFERROR(D16-D22,"---") -> 1.8 | E27: =IFERROR(E16-E22,"---") -> 1.82 | F27: =IFERROR(F16-F22,"---") -> 2.19 | G27: =IFERROR(G16-G22,"---") -> --- | H27: =IFERROR(H16-H22,"---") -> --- | I27: =IFERROR(I16-I22,"---") -> ---
C28: X. Total mercury used (lost to environment) (= V+W) | D28: =IFERROR(D26+D27,"---") -> 17.5 | E28: =IFERROR(E26+E27,"---") -> 22.4 | F28: =IFERROR(F26+F27,"---") -> 14.9 | G28: =IFERROR(G26+G27,"---") -> --- | H28: =IFERROR(H26+H27,"---") -> --- | I28: =IFERROR(I26+I27,"---") -> ---
C29: Y. Hg:Au Ratio (= X / P) | D29: =IFERROR(D28/D15,"---") -> 6.3938619 | E29: =IFERROR(E28/E15,"---") -> 7.6009501 | F29: =IFERROR(F28/F15,"---") -> 6.6104703 | G29: =IFERROR(G28/G15,"---") -> --- | H29: =IFERROR(H28/H15,"---") -> --- | I29: =IFERROR(I28/I15,"---") -> --- | J29: =IFERROR(AVERAGEIF(D29:I29, "<>#DIV/0!"),"0") -> 6.8684274 | K29: =ROUND(_xlfn.MINIFS(D29:I29, D29:I29, "<>0"),2)&" – "&ROUND(_xlfn.MAXIFS(D29:I29, D29:I29, "<>0"),2) -> 6.39 – 7.6
C33: Hg & Au Measurments - Processing Type 2 | D33: Trial No. | J33: Average | K33: Range
D34: 1 | E34: 2 | F34: 3 | G34: 4 | H34: 5 | I34: 6
C35: Mix Phase
C36: C. mass Hg added to mix (g) | D36: 100.3 | E36: 101.4 | F36: 99.9
C37: F. mass liquid Hg & amalgam out of mix (g) | D37: 102.5 | E37: 103.6 | F37: 102.2
C38: I. mass liquid Hg recovered from squeeze (g) | D38: 97.4 | E38: 97.8 | F38: 97.1
C40: Heating Phase
C41: L. mass amalgam (g) | D41: 5 | E41: 5.6 | F41: 4.9
C42: O. mass sponge gold (g) | D42: 2.4 | E42: 2.65 | F42: 2.36
C43: P. mass sponge gold in 100% purity (g) (= O x %purity) | D43: =D42*0.7 -> 1.68 | E43: =E42*0.7 -> 1.855 | F43: =F42*0.7 -> 1.652
C44: Q. Hg evaporated (=L-O) | D44: =IFERROR(IF(D41-D42=0,"---",D41-D42),"---") -> 2.6 | E44: =IFERROR(IF(E41-E42=0,"---",E41-E42),"---") -> 2.95 | F44: =IFERROR(IF(F41-F42=0,"---",F41-F42),"---") -> 2.54 | G44: =IFERROR(IF(G41-G42=0,"---",G41-G42),"---") -> --- | H44: =IFERROR(IF(H41-H42=0,"---",H41-H42),"---") -> --- | I44: =IFERROR(IF(I41-I42=0,"---",I41-I42),"---") -> ---
C46: Measurement Cross-check
C47: liquid Hg from squeeze (I) + amalgam (L) should = (F) | D47: =IFERROR(IF(D38+D41=0,"---",D38+D41),"---") -> 102.4 | E47: =IFERROR(IF(E38+E41=0,"---",E38+E41),"---") -> 103.4 | F47: =IFERROR(IF(F38+F41=0,"---",F38+F41),"---") -> 102 | G47: =IFERROR(IF(G38+G41=0,"---",G38+G41),"---") -> --- | H47: =IFERROR(IF(H38+H41=0,"---",H38+H41),"---") -> --- | I47: =IFERROR(IF(I38+I41=0,"---",I38+I41),"---") -> ---
C49: Recovery in Retort
C50: T. mass mercury recovered in retort (g) | D50: 0 | E50: 0 | F50: 0
C51: U. retort efficiency (%) (= T / Q *100) | D51: =IFERROR(D50/D44,"---") -> 0 | E51: =IFERROR(E50/E44,"---") -> 0 | F51: =IFERROR(F50/F44,"---") -> 0 | G51: =IFERROR(G50/G44,"---") -> --- | H51: =IFERROR(H50/H44,"---") -> --- | I51: =IFERROR(I50/I44,"---") -> --- | J51: =IFERROR(AVERAGEIF(D51:I51, "<>#DIV/0!"),"---") -> 0 | K51: =ROUND(_xlfn.MINIFS(D51:I51, D51:I51, "<>0")*100,0)&"% – "&ROUND(_xlfn.MAXIFS(D51:I51, D51:I51, "<>0")*100,0)&"%" -> 0% – 0%
C53: Mass Balance
C54: V. Hg lost to land in mix phase (= C-I-Q) | D54: =IFERROR(D36-D38-D44,"---") -> 0.3 | E54: =IFERROR(E36-E38-E44,"---") -> 0.65 | F54: =IFERROR(F36-F38-F44,"---") -> 0.26 | G54: =IFERROR(G36-G38-G44,"---") -> --- | H54: =IFERROR(H36-H38-H44,"---") -> --- | I54: =IFERROR(I36-I38-I44,"---") -> ---
C55: W. Hg lost to the air in heating phase (= Q-T) | D55: =IFERROR(D44-D50,"---") -> 2.6 | E55: =IFERROR(E44-E50,"---") -> 2.95 | F55: =IFERROR(F44-F50,"---") -> 2.54 | G55: =IFERROR(G44-G50,"---") -> --- | H55: =IFERROR(H44-H50,"---") -> --- | I55: =IFERROR(I44-I50,"---") -> ---
C56: X. Total mercury used (lost to environment) (= V+W) | D56: =IFERROR(D54+D55,"---") -> 2.9 | E56: =IFERROR(E54+E55,"---") -> 3.6 | F56: =IFERROR(F54+F55,"---") -> 2.8 | G56: =IFERROR(G54+G55,"---") -> --- | H56: =IFERROR(H54+H55,"---") -> --- | I56: =IFERROR(I54+I55,"---") -> ---
C57: Y. Hg:Au Ratio (= X / P) | D57: =IFERROR(D56/D43,"---") -> 1.7261905 | E57: =IFERROR(E56/E43,"---") -> 1.9407008 | F57: =IFERROR(F56/F43,"---") -> 1.6949153 | G57: =IFERROR(G56/G43,"---") -> --- | H57: =IFERROR(H56/H43,"---") -> --- | I57: =IFERROR(I56/I43,"---") -> --- | J57: =IFERROR(AVERAGEIF(D57:I57, "<>#DIV/0!"),"0") -> 1.7872688 | K57: =ROUND(_xlfn.MINIFS(D57:I57, D57:I57, "<>0"),2)&" – "&ROUND(_xlfn.MAXIFS(D57:I57, D57:I57, "<>0"),2) -> 1.69 – 1.94
C61: Hg & Au Measurments - Processing Type 1 | D61: Trial No. | J61: Average | K61: Range
D62: 1 | E62: 2 | F62: 3 | G62: 4 | H62: 5 | I62: 6
C63: Mix Phase
C64: C. mass Hg added to mix (g)
C65: F. mass liquid Hg & amalgam out of mix (g)
C66: I. mass liquid Hg recovered from squeeze (g)
C68: Heating Phase
C69: L. mass amalgam (g)
C70: O. mass sponge gold (g)
C71: P. mass sponge gold in 100% purity (g) (= O x %purity)
C72: Q. Hg evaporated (=L-O) | D72: =IFERROR(IF(D69-D70=0,"---",D69-D70),"---") -> --- | E72: =IFERROR(IF(E69-E70=0,"---",E69-E70),"---") -> --- | F72: =IFERROR(IF(F69-F70=0,"---",F69-F70),"---") -> --- | G72: =IFERROR(IF(G69-G70=0,"---",G69-G70),"---") -> --- | H72: =IFERROR(IF(H69-H70=0,"---",H69-H70),"---") -> --- | I72: =IFERROR(IF(I69-I70=0,"---",I69-I70),"---") -> ---
C74: Measurement Cross-check
C75: liquid Hg from squeeze (I) + amalgam (L) should = (F) | D75: =IFERROR(IF(D66+D69=0,"---",D66+D69),"---") -> --- | E75: =IFERROR(IF(E66+E69=0,"---",E66+E69),"---") -> --- | F75: =IFERROR(IF(F66+F69=0,"---",F66+F69),"---") -> --- | G75: =IFERROR(IF(G66+G69=0,"---",G66+G69),"---") -> --- | H75: =IFERROR(IF(H66+H69=0,"---",H66+H69),"---") -> --- | I75: =IFERROR(IF(I66+I69=0,"---",I66+I69),"---") -> ---
C77: Recovery in Retort
C78: T. mass mercury recovered in retort (g)
C79: U. retort efficiency (%) (= T / Q *100) | D79: =IFERROR(D78/D72,"---") -> --- | E79: =IFERROR(E78/E72,"---") -> --- | F79: =IFERROR(F78/F72,"---") -> --- | G79: =IFERROR(G78/G72,"---") -> --- | H79: =IFERROR(H78/H72,"---") -> --- | I79: =IFERROR(I78/I72,"---") -> --- | J79: =IFERROR(AVERAGEIF(D79:I79, "<>#DIV/0!"),"---") -> --- | K79: =ROUND(_xlfn.MINIFS(D79:I79, D79:I79, "<>0")*100,0)&"% – "&ROUND(_xlfn.MAXIFS(D79:I79, D79:I79, "<>0")*100,0)&"%" -> 0% – 0%
C81: Mass Balance
C82: V. Hg lost to land in mix phase (= C-I-Q) | D82: =IFERROR(D64-D66-D72,"---") -> --- | E82: =IFERROR(E64-E66-E72,"---") -> --- | F82: =IFERROR(F64-F66-F72,"---") -> --- | G82: =IFERROR(G64-G66-G72,"---") -> --- | H82: =IFERROR(H64-H66-H72,"---") -> --- | I82: =IFERROR(I64-I66-I72,"---") -> ---
C83: W. Hg lost to the air in heating phase (= Q-T) | D83: =IFERROR(D72-D78,"---") -> --- | E83: =IFERROR(E72-E78,"---") -> --- | F83: =IFERROR(F72-F78,"---") -> --- | G83: =IFERROR(G72-G78,"---") -> --- | H83: =IFERROR(H72-H78,"---") -> --- | I83: =IFERROR(I72-I78,"---") -> ---
C84: X. Total mercury used (lost to environment) (= V+W) | D84: =IFERROR(D82+D83,"---") -> --- | E84: =IFERROR(E82+E83,"---") -> --- | F84: =IFERROR(F82+F83,"---") -> --- | G84: =IFERROR(G82+G83,"---") -> --- | H84: =IFERROR(H82+H83,"---") -> --- | I84: =IFERROR(I82+I83,"---") -> ---
C85: Y. Hg:Au Ratio (= X / P) | D85: =IFERROR(D84/D71,"---") -> --- | E85: =IFERROR(E84/E71,"---") -> --- | F85: =IFERROR(F84/F71,"---") -> --- | G85: =IFERROR(G84/G71,"---") -> --- | H85: =IFERROR(H84/H71,"---") -> --- | I85: =IFERROR(I84/I71,"---") -> --- | J85: =IFERROR(AVERAGEIF(D85:I85, "<>#DIV/0!"),"0") -> 0 | K85: =ROUND(_xlfn.MINIFS(D85:I85, D85:I85, "<>0"),2)&" – "&ROUND(_xlfn.MAXIFS(D85:I85, D85:I85, "<>0"),2) -> 0 – 0

Sheet 7-Site Summary
A1: ="ASGM SITE SUMMARY: "&'1-Location Info'!C3 -> ASGM SITE SUMMARY: Placerton
A2: Site Summary
A4: Site Name | B4: ='1-Location Info'!C3 -> Placerton | E4: Site contacts | F4: =IFERROR(IF('1-Location Info'!C12=0,"-",'1-Location Info'!C12),"-") -> Ana Fleur | H4: =IFERROR(IF('1-Location Info'!D12=0,"-",'1-Location Info'!D12),"-") -> Eli Strong | J4: =IFERROR(IF('1-Location Info'!E12=0,"-",'1-Location Info'!E12),"-") -> Jimmy Jones
A5: Region | B5: ='1-Location Info'!C5 -> Goldu | F5: =IFERROR(IF('1-Location Info'!C13=0,"-",'1-Location Info'!C13),"-") -> Community Chief | H5: =IFERROR(IF('1-Location Info'!D13=0,"-",'1-Location Info'!D13),"-") -> Mining Coordinator | J5: =IFERROR(IF('1-Location Info'!E13=0,"-",'1-Location Info'!E13),"-") -> Cooperative Leader
A6: Province/State/Department | B6: ='1-Location Info'!E5 -> Goldu Province | F6: =IFERROR(IF('1-Location Info'!C14=0,"-",'1-Location Info'!C14),"-") -> 1(234)567-1234 | H6: =IFERROR(IF('1-Location Info'!D14=0,"-",'1-Location Info'!D14),"-") -> 1(234)567-8910 | J6: =IFERROR(IF('1-Location Info'!E14=0,"-",'1-Location Info'!E14),"-") -> -
A7: Country | B7: ='1-Location Info'!E6 -> Goldaguay
A8: Associated Communities | B8: ='1-Location Info'!E3 -> Korfalo Village
A9: Date(s) of Data Collection | B9: ='1-Location Info'!C10 -> Oct 26-30, 2017
A10: Name of Field Researcher | B10: ='1-Location Info'!E10 -> Marie Cooke
A11: Number of Interviews
A13: ="Key Variables at "&'1-Location Info'!C3 -> Key Variables at Placerton
A15: source | B15: Gold Trader Interview | D15: Site Interviews - Extraction | F15: Site Interviews - Transport | H15: Site Interviews - Processing | J15: All Sources | K15: Comment
B16: Mean | C16: Range | D16: Mean | E16: Range | F16: Mean | G16: Range | H16: Mean | I16: Range | J16: Mean
A17: Mineralogy
A18: ore grade (g/T) | B18: ='3-Gold Trader'!M8 -> 6 | C18: ='3-Gold Trader'!N8 -> 2 – 10 | D18: ='5-Site Interview | Extraction'!M8 -> 10 | E18: ='5-Site Interview | Extraction'!N8 -> 10 – 10 | F18: ='5-Site Interview | Transport'!M8 -> 10 | G18: ='5-Site Interview | Transport'!N8 -> 10 – 10 | H18: ='5-Site Interview | Processing'!M8 -> 10 | I18: ='5-Site Interview | Processing'!N8 -> 10 – 10 | J18: =IFERROR(AVERAGE(B18,D18,F18,H18),"---") -> 9
A19: gold purity (%) | B19: ='3-Gold Trader'!M9 -> 0.8 | C19: ='3-Gold Trader'!N9 -> 70 – 90% | D19: ='5-Site Interview | Extraction'!M9 -> 0.7 | E19: ='5-Site Interview | Extraction'!N9 -> 70% – 70% | F19: ='5-Site Interview | Transport'!M9 -> 0.7 | G19: ='5-Site Interview | Transport'!N9 -> 70% – 70% | H19: ='5-Site Interview | Processing'!M9 -> 0.7 | I19: ='5-Site Interview | Processing'!N9 -> 70% – 70% | J19: =IFERROR(AVERAGE(B19,D19,F19,H19),"---") -> 0.725
A20: Trade
A21: price per g of pure gold (local currency/g 24K Au) | B21: ='3-Gold Trader'!M12 -> 38 | C21: ='3-Gold Trader'!N12 -> 38 – 38 | D21: ='5-Site Interview | Extraction'!M21 -> 36.5 | E21: ='5-Site Interview | Extraction'!N21 -> 35 – 38 | F21: ='5-Site Interview | Transport'!M21 -> 38 | G21: ='5-Site Interview | Transport'!N21 -> 38 – 38 | H21: ='5-Site Interview | Processing'!M23 -> 36.5 | I21: ='5-Site Interview | Processing'!N23 -> 35 – 38 | J21: =IFERROR(AVERAGE(B21,D21,F21,H21),"---") -> 37.25
A22: price per kg of mercury (local currency/kg Hg) | B22: ='3-Gold Trader'!M17 -> --- | C22: ='3-Gold Trader'!N17 -> 0 – 0 | H22: ='5-Site Interview | Processing'!M114 -> --- | I22: ='5-Site Interview | Processing'!N114 -> 0 – 0 | J22: =IFERROR(AVERAGE(B22,D22,F22,H22),"---") -> ---
A23: purchased by miners per year, mercury, entire site (kg Hg/y) | B23: ='3-Gold Trader'!M15 -> --- | C23: ='3-Gold Trader'!N15 -> 0 – 0 | J23: =IFERROR(AVERAGE(B23,D23,F23,H23),"---") -> ---
A24: purchased by sellers per year, mercury, entire site (kg Hg/y) | B24: ='3-Gold Trader'!M14 -> --- | C24: ='3-Gold Trader'!N14 -> 0 – 0 | J24: =IFERROR(AVERAGE(B24,D24,F24,H24),"---") -> ---
B26: Site Interviews | D26: Description of Method
B27: Mean | C27: Range
A28: Extraction Type 1
A29: daily extraction per miner (T ore/shift) | B29: ='5-Site Interview | Extraction'!M10 -> 0.1 | C29: ='5-Site Interview | Extraction'!N10 -> 0.1 – 0.1 | D29: =IF('4-ASGM Site Observations'!C13=0,"n/a",'4-ASGM Site Observations'!C13) -> Hard rock mining from shafts on the mountain immediately to the east of the community. Packed in ~50kg bags. Transported on motorcycles to processing site in the community below. Extracting and processing are done by separate workers (extraction workers do not process and vice versa)
A30: average active miners per unit | B30: ='5-Site Interview | Extraction'!M11 -> 10 | C30: ='5-Site Interview | Extraction'!N11 -> 10 – 10
A31: shift length (hr) | B31: ='5-Site Interview | Extraction'!M14 -> 8 | C31: ='5-Site Interview | Extraction'!N14 -> 8 – 8
A32: shifts per day | B32: ='5-Site Interview | Extraction'!M15 -> 2 | C32: ='5-Site Interview | Extraction'!N15 -> 2 – 2
A33: days active per year (d/y) | B33: ='5-Site Interview | Extraction'!M18 -> 200 | C33: ='5-Site Interview | Extraction'!N18 -> 200 – 200
A34: daily earnings per miner (g 24K Au) | B34: ='5-Site Interview | Extraction'!M19 -> 0.5 | C34: ='5-Site Interview | Extraction'!N19 -> 0.5 – 0.5
A35: annual earning per miner (g 24K Au) | B35: ='5-Site Interview | Extraction'!M20 -> 110 | C35: ='5-Site Interview | Extraction'!N20 -> 100 – 120
A36: daily ore extraction per unit (T ore/d/unit) | B36: ='5-Site Interview | Extraction'!M25 -> 2 | C36: ='5-Site Interview | Extraction'!N25 -> 2 – 2
A37: value produced yearly per miner (local currency/y/miner) | B37: ='5-Site Interview | Extraction'!M31 -> 5110 | C37: ='5-Site Interview | Extraction'!N31 -> 4900 – 5320
A38: Extraction Type 2
A39: daily extraction per miner (T ore/shift) | B39: ='5-Site Interview | Extraction'!M40 -> 0.375 | C39: ='5-Site Interview | Extraction'!N40 -> 0.35 – 0.4 | D39: =IF('4-ASGM Site Observations'!F13=0,"n/a",'4-ASGM Site Observations'!F13) -> Soft rock (alluvial) mining from two large open pits in the valley 100 km north of the community. Extraction with high pressure water spray and buckets. Processing occurs at the same location. Extracting and processing are done by separate workers (extraction workers do not process and vice versa)
A40: average active miners per unit | B40: ='5-Site Interview | Extraction'!M41 -> 55 | C40: ='5-Site Interview | Extraction'!N41 -> 50 – 60
A41: shift length (hr) | B41: ='5-Site Interview | Extraction'!M44 -> 8 | C41: ='5-Site Interview | Extraction'!N44 -> 8 – 8
A42: shifts per day | B42: ='5-Site Interview | Extraction'!M45 -> 2 | C42: ='5-Site Interview | Extraction'!N45 -> 2 – 2
A43: days active per year (d/y) | B43: ='5-Site Interview | Extraction'!M48 -> 200 | C43: ='5-Site Interview | Extraction'!N48 -> 200 – 200
A44: daily earnings per miner (g 24K Au) | B44: ='5-Site Interview | Extraction'!M49 -> 0.5 | C44: ='5-Site Interview | Extraction'!N49 -> 0.5 – 0.5
A45: annual earning per miner (g 24K Au) | B45: ='5-Site Interview | Extraction'!M50 -> 90 | C45: ='5-Site Interview | Extraction'!N50 -> 80 – 100
A46: daily ore extraction per unit (T ore/d/unit) | B46: ='5-Site Interview | Extraction'!M55 -> 41.5 | C46: ='5-Site Interview | Extraction'!N55 -> 35 – 48
A47: value produced yearly per miner (local currency/y/miner) | B47: ='5-Site Interview | Extraction'!M61 -> 4914 | C47: ='5-Site Interview | Extraction'!N61 -> 4788 – 5040
A48: Extraction Type 3
A49: daily extraction per miner (T ore/shift) | B49: ='5-Site Interview | Extraction'!M70 -> --- | C49: ='5-Site Interview | Extraction'!N70 -> 0 – 0 | D49: =IF('4-ASGM Site Observations'!G13=0,"n/a",'4-ASGM Site Observations'!G13) -> n/a
A50: average active miners per unit | B50: ='5-Site Interview | Extraction'!M71 -> --- | C50: ='5-Site Interview | Extraction'!N71 -> 0 – 0
A51: shift length (hr) | B51: ='5-Site Interview | Extraction'!M74 -> --- | C51: ='5-Site Interview | Extraction'!N74 -> 0 – 0
A52: shifts per day | B52: ='5-Site Interview | Extraction'!M75 -> --- | C52: ='5-Site Interview | Extraction'!N75 -> 0 – 0
A53: days active per year (d/y) | B53: ='5-Site Interview | Extraction'!M78 -> --- | C53: ='5-Site Interview | Extraction'!N78 -> 0 – 0
A54: daily earnings per miner (g 24K Au) | B54: ='5-Site Interview | Extraction'!M79 -> --- | C54: ='5-Site Interview | Extraction'!N79 -> 0 – 0
A55: annual earning per miner (g 24K Au) | B55: ='5-Site Interview | Extraction'!M80 -> --- | C55: ='5-Site Interview | Extraction'!N80 -> 0 – 0
A56: daily ore extraction per unit (T ore/d/unit) | B56: ='5-Site Interview | Extraction'!M85 -> --- | C56: ='5-Site Interview | Extraction'!N85 -> 0 – 0
A57: value produced yearly per miner (local currency/y/miner) | B57: ='5-Site Interview | Extraction'!M91 -> --- | C57: ='5-Site Interview | Extraction'!N91 -> 0 – 0
A58: Transport Type 1
A59: unit type (e.g., truck, bike, person) | B59: ='5-Site Interview | Transport'!M10 -> truck | C59: ='5-Site Interview | Transport'!N10 -> 0 – 0 | D59: =IF('4-ASGM Site Observations'!C23=0,"n/a",'4-ASGM Site Observations'!C23) -> A truck that can carry 40 bags of ore. Each bag is 50 kg. (2T capacity)
A60: capacity of unit (T ore) | B60: ='5-Site Interview | Transport'!M11 -> 1.75 | C60: ='5-Site Interview | Transport'!N11 -> 1.5 – 2
A61: average number workers per unit | B61: ='5-Site Interview | Transport'!M15 -> 2 | C61: ='5-Site Interview | Transport'!N15 -> 2 – 2
A62: days active per year (d/y) | B62: ='5-Site Interview | Transport'!M18 -> 200 | C62: ='5-Site Interview | Transport'!N18 -> 200 – 200
A63: daily earning per worker (g 24K Au) | B63: ='5-Site Interview | Transport'!M19 -> 0.5 | C63: ='5-Site Interview | Transport'!N19 -> 0.5 – 0.5
A64: annual earning per worker (g 24K Au) | B64: ='5-Site Interview | Transport'!M20 -> 115 | C64: ='5-Site Interview | Transport'!N20 -> 110 – 120
A65: daily ore transported per unit (T ore/d/unit) | B65: ='5-Site Interview | Transport'!M25 -> 3.5 | C65: ='5-Site Interview | Transport'!N25 -> 3 – 4
A66: Transport Type 2
A67: unit type (e.g., truck, bike, person) | B67: ='5-Site Interview | Transport'!M38 -> motorcycle | C67: ='5-Site Interview | Transport'!N38 -> 0 – 0 | D67: =IF('4-ASGM Site Observations'!F23=0,"n/a",'4-ASGM Site Observations'!F23) -> A motorcycle that can carry 2 bags of ore. Each bag is 50 kg.
A68: capacity of unit (T ore) | B68: ='5-Site Interview | Transport'!M39 -> 0.1 | C68: ='5-Site Interview | Transport'!N39 -> 0.1 – 0.1
A69: average number workers per unit | B69: ='5-Site Interview | Transport'!M43 -> 1 | C69: ='5-Site Interview | Transport'!N43 -> 1 – 1
A70: days active per year (d/y) | B70: ='5-Site Interview | Transport'!M46 -> 200 | C70: ='5-Site Interview | Transport'!N46 -> 200 – 200
A71: daily earning per worker (g 24K Au) | B71: ='5-Site Interview | Transport'!M47 -> 0.5 | C71: ='5-Site Interview | Transport'!N47 -> 0.5 – 0.5
A72: annual earning per worker (g 24K Au) | B72: ='5-Site Interview | Transport'!M48 -> 115 | C72: ='5-Site Interview | Transport'!N48 -> 110 – 120
A73: daily ore transported per unit (T ore/d/unit) | B73: ='5-Site Interview | Transport'!M53 -> 0.4 | C73: ='5-Site Interview | Transport'!N53 -> 0.4 – 0.4
A74: Transport Type 3
A75: unit type (e.g., truck, bike, person) | B75: ='5-Site Interview | Transport'!M66 -> 0 | C75: ='5-Site Interview | Transport'!N66 -> 0 – 0 | D75: =IF('4-ASGM Site Observations'!G23=0,"n/a",'4-ASGM Site Observations'!G23) -> n/a
A76: capacity of unit (T ore) | B76: ='5-Site Interview | Transport'!M67 -> --- | C76: ='5-Site Interview | Transport'!N67 -> 0 – 0
A77: average number workers per unit | B77: ='5-Site Interview | Transport'!M71 -> --- | C77: ='5-Site Interview | Transport'!N71 -> 0 – 0
A78: days active per year (d/y) | B78: ='5-Site Interview | Transport'!M74 -> --- | C78: ='5-Site Interview | Transport'!N74 -> 0 – 0
A79: daily earning per worker (g 24K Au) | B79: ='5-Site Interview | Transport'!M75 -> --- | C79: ='5-Site Interview | Transport'!N75 -> 0 – 0
A80: annual earning per worker (g 24K Au) | B80: ='5-Site Interview | Transport'!M76 -> --- | C80: ='5-Site Interview | Transport'!N76 -> 0 – 0
A81: daily ore transported per unit (T ore/d/unit) | B81: ='5-Site Interview | Transport'!M81 -> --- | C81: ='5-Site Interview | Transport'!N81 -> 0 – 0
A82: Processing Type 1
A83: ore throughput per unit per shift (T ore/shift/unit) | B83: ='5-Site Interview | Processing'!M10 -> 0.4 | C83: ='5-Site Interview | Processing'!N10 -> 0.4 – 0.4 | D83: =IF('4-ASGM Site Observations'!C33=0,"n/a",'4-ASGM Site Observations'!C33) -> Primary crushing is manual crushing with hammer. Secondary crushing is manual crushing with mortar and pestel. Ore is then milled in ball mills with mercury to undergo whole ore amalgamation. Recipe for one mill: One half bag (~25kg) of ore added to mill with one basin of water, ~200mL of mercury, and balls. Mill turned by hand for 1 hour. The amalgam is retrieved from the ore by squeezing (the liquid is saved for later use). Alalgam is heated to yield sponge gold. A retort is used. Extracting and processing are done by separate workers (extraction workers do not process and vice versa)
A84: average active workers per unit | B84: ='5-Site Interview | Processing'!M11 -> 4 | C84: ='5-Site Interview | Processing'!N11 -> 4 – 4
A85: shift length (hr) | B85: ='5-Site Interview | Processing'!M14 -> 8 | C85: ='5-Site Interview | Processing'!N14 -> 8 – 8
A86: shifts per day | B86: ='5-Site Interview | Processing'!M15 -> 2 | C86: ='5-Site Interview | Processing'!N15 -> 2 – 2
A87: days active per year (d/y) | B87: ='5-Site Interview | Processing'!M18 -> 200 | C87: ='5-Site Interview | Processing'!N18 -> 200 – 200
A88: daily earning per worker (g 24K Au) | B88: ='5-Site Interview | Processing'!M19 -> 0.5 | C88: ='5-Site Interview | Processing'!N19 -> 0.5 – 0.5
A89: annual earning per worker (g 24K Au) | B89: ='5-Site Interview | Processing'!M20 -> 90 | C89: ='5-Site Interview | Processing'!N20 -> 80 – 100
A90: pure gold sold from unit per month (g 24K Au/mo) | B90: ='5-Site Interview | Processing'!M21 -> --- | C90: ='5-Site Interview | Processing'!N21 -> 0 – 0
A91: mercury bought for system per month (kg Hg/mo) | B91: ='5-Site Interview | Processing'!M22 -> --- | C91: ='5-Site Interview | Processing'!N22 -> 0 – 0
A92: Hg:Au Ratio (estimated by miners) | B92: ='5-Site Interview | Processing'!M25 -> 7.5 | C92: ='5-Site Interview | Processing'!N25 -> 5 – 10
A93: Hg:Au Ratio (physically measured) | B93: ='6-HgAu Ratio measures'!J29 -> 6.8684274 | C93: ='6-HgAu Ratio measures'!K29 -> 6.39 – 7.6
A94: daily ore throughput per unit (T ore/d/unit) | B94: ='5-Site Interview | Processing'!M28 -> 0.8 | C94: ='5-Site Interview | Processing'!N28 -> 0.8 – 0.8
A95: value produced yearly per worker (local currency/y/miner) | B95: ='5-Site Interview | Processing'!M34 -> 5110 | C95: ='5-Site Interview | Processing'!N34 -> 4900 – 5320
A96: Processing (System Type 2)
A97: ore throughput per unit per shift (T ore/shift/unit) | B97: ='5-Site Interview | Processing'!M42 -> 1.65 | C97: ='5-Site Interview | Processing'!N42 -> 1.5 – 1.8 | D97: =IF('4-ASGM Site Observations'!F33=0,"n/a",'4-ASGM Site Observations'!F33) -> The alliuvial material is concentrated by washing/sluicing. Ore concentrate is then amalgamated. The amalgam is retrieved from the ore by squeezing (the liquid is saved for later use). The amalgam is heated to yield sponge gold. No retort is used here. Extracting and processing are done by separate workers (extraction workers do not process and vice versa)
A98: average active workers per unit | B98: ='5-Site Interview | Processing'!M43 -> 4 | C98: ='5-Site Interview | Processing'!N43 -> 4 – 4
A99: shift length (hr) | B99: ='5-Site Interview | Processing'!M46 -> 8 | C99: ='5-Site Interview | Processing'!N46 -> 8 – 8
A100: shifts per day | B100: ='5-Site Interview | Processing'!M47 -> 2 | C100: ='5-Site Interview | Processing'!N47 -> 2 – 2
A101: days active per year (d/y) | B101: ='5-Site Interview | Processing'!M50 -> 200 | C101: ='5-Site Interview | Processing'!N50 -> 200 – 200
A102: daily earning per worker (g 24K Au) | B102: ='5-Site Interview | Processing'!M51 -> 0.5 | C102: ='5-Site Interview | Processing'!N51 -> 0.5 – 0.5
A103: annual earning per worker (g 24K Au) | B103: ='5-Site Interview | Processing'!M52 -> 90 | C103: ='5-Site Interview | Processing'!N52 -> 80 – 100
A104: pure gold sold from unit per month (g 24K Au/mo) | B104: ='5-Site Interview | Processing'!M53 -> --- | C104: ='5-Site Interview | Processing'!N53 -> 0 – 0
...

Sheet drop-downs (hidden)
A124: EXTRACTION
A125: PROCESSING
A126: EXTRACTION & PROCESSING
A129: EXTRACTION WORKER
A130: PROCESSING WORKER
A131: TRANSPORT WORKER
A132: EXTRACTION BOSS
A133: PROCESSING BOSS
A134: PIT/SHAFT OWNER
A135: PROCESSING OWNER
A136: GOLD TRADER
A137: COOPERATIVE MEMBER
... A142: OTHER
